 Dungeon Crawl Stone Soup version 0.30-a0-149-g7f746667c4 (webtiles) character file.

Game seed: 1019096719185459012

877486 qw the Bringer of Light (level 27, -1/159 HPs)
             Began as a Gargoyle Fighter on Sept 26, 2022.
             Was the Champion of the Shining One.
             Splashed with acid (7 damage)
             ... on level 5 of the Pits of Slime.
             The game lasted 00:41:35 (79594 turns).

qw the Bringer of Light (Gargoyle Fighter)         Turns: 79594, Time: 00:41:36

Health: -1/159     AC: 77    Str: 36    XL:     27
Magic:  25/27      EV: 13    Int: 24    God:    the Shining One [******]
Gold:   6509       SH: 23    Dex: 11    Spells: 26/26 levels left

rFire   x . .      SeeInvis +    t - +9 broad axe (holy)
rCold   + + .      Faith    +    F - +1 tower shield {AC+3}
rNeg    + + +      Spirit   .    R - +12 plate armour of Darkness {Int+5 Stlth-}
rPois   inf        Reflect  .    B - +2 hat
rElec   +          Harm     .    x - +2 cloak {Will+}
rCorr   +          Rampage  .    E - +2 pair of gloves "Qeofasesush" {rCorr MP-9 Dex+2 Slay+3}
Will    ++++.      Clarity  +    l - +3 pair of boots "Tuteajaro" {rElec Will+}
Stlth   .......... Rnd*Tele +    u - amulet of Huruobemm {Faith Int+3 Slay+5}
HPRegen 0.36/turn                v - ring "Liputz" {rCorr AC+4 Dex+2 Slay+3 Stlth+}
MPRegen 0.20/turn                j - ring of the Echidna {rC+ Str+5 Int+6 SInv Stlth+}

@: about to teleport, flying, glowing
A: sickness immunity, AC +20, big wings, negative energy resistance 1,
electricity resistance, torment resistance 1, petrification resistance, horns 1,
clarity, clumsy 1, cold resistance 1, deterioration 1, frail 2, low MP 1,
screaming 2, teleportitis 1, weak 1, heat vulnerability 1, subdued magic 1
}: 9/15 runes: decaying, silver, golden, demonic, glowing, magical, fiery, dark,
gossamer
a: Renounce Religion, Divine Shield, Cleansing Flame, Summon Divine Warrior


You were on level 5 of the Pits of Slime.
You worshipped the Shining One.
The Shining One was exalted by your worship.
You visited 12 branches of the dungeon, and saw 55 of its levels.
You visited Pandemonium 3 times, and saw 17 of its levels.
You visited the Abyss 1 time.

You collected 13236 gold pieces.
You spent 6727 gold pieces at shops.


Innate Abilities, Weirdness & Mutations

You are immune to sickness and miasma.
Your stone body is resilient. (AC +20)
You are immune to poison.
Your large and strong wings let you fly.
You resist negative energy. (rN+)
You are resistant to electric shocks. (rElec)
You are resistant to unholy torment.
You are immune to petrification.
You have a pair of small horns on your head.
You possess an exceptional clarity of mind.
You are clumsy. (Dex -2)
Your flesh is cold resistant. (rC+)
Your body sometimes deteriorates upon taking damage.
You are very frail. (-20% HP)
Your magical capacity is low. (-10% MP)
You frequently scream uncontrollably at your foes.
You are occasionally teleported next to monsters.
You are weak. (Str -2)
You are vulnerable to heat. (rF-)
Your spells are a little easier to cast, but a little less powerful.


   Skills:
 O Level 27 Fighting
 - Level 6.6 Short Blades
 + Level 18.8 Axes
 - Level 15.0 Throwing
 O Level 27 Armour
 - Level 12.0 Dodging
 - Level 24.0 Shields
 O Level 27 Invocations


You had 26 spell levels left.
You didn't know any spells.
Your spell library was empty.

Inventory:

Hand Weapons
 t - a +9 broad axe of holy wrath (weapon)
 I - the +6 broad axe of Putrescence {flame, Fly rF++}
   (Okawaru gifted it to you on level 2 of the Vaults)

   It burns those it strikes, dealing additional fire damage.
   Big, fiery blades are also staple armaments of hydra-hunters.
   rF:        It greatly protects you from fire.
   Fly:       It grants you flight.
 L - the +7 war axe "Fisuqo Erace" {vorpal, rF++ rC+ Int-5 Dex+2}
   (Okawaru gifted it to you on level 1 of the Depths)

   It inflicts extra damage upon your enemies.
   Int:       It affects your intelligence (-5).
   Dex:       It affects your dexterity (+2).
   rF:        It greatly protects you from fire.
   rC:        It protects you from cold.
Missiles
 b - 18 boomerangs (quivered)
Armour
 l - the +3 pair of boots "Tuteajaro" (worn) {rElec Will+}
   (Okawaru gifted it to you on level 4 of the Vaults)

   rElec:     It insulates you from electricity.
   Will:      It increases your willpower.
 r - +0 acid dragon scales
 s - the +10 plate armour of Disguise {Harm rF+}
   (You found it on level 2 of the Tomb of the Ancients)

   rF:        It protects you from fire.
   Harm:      It increases damage dealt and taken.
 x - a +2 cloak of willpower (worn)
 B - a +2 hat (worn)
 E - the +2 pair of gloves "Qeofasesush" (worn) {rCorr MP-9 Dex+2 Slay+3}
   (You acquired it on level 1 of the Orcish Mines)

   Dex:       It affects your dexterity (+2).
   Slay:      It affects your accuracy & damage with ranged weapons and melee
   (+3).
   MP:        It affects your magic capacity (-9).
   rCorr:     It protects you from acid and corrosion.
 F - a +1 tower shield of protection (worn)
 N - +0 gold dragon scales
 Q - a scarf of resistance
 R - the +12 plate armour of Darkness (worn) {Int+5 Stlth-}
   (You found it on level 5 of the Vaults)

   Int:       It affects your intelligence (+5).
   Stlth:     It makes you less stealthy.
Jewellery
 j - the ring of the Echidna (right hand) {rC+ Str+5 Int+6 SInv Stlth+}
   (You acquired it on level 1 of the Realm of Zot)

   [ring of intelligence]

   Str:       It affects your strength (+5).
   Int:       It affects your intelligence (+6).
   rC:        It protects you from cold.
   SInv:      It lets you see invisible.
   Stlth:     It makes you more stealthy.
 u - the amulet of Huruobemm (around neck) {Faith Int+3 Slay+5}
   (You bought it in a shop on level 2 of the Depths)

   [amulet of faith]

   It allows you to gain divine favour quickly.
   Int:       It affects your intelligence (+3).
   Slay:      It affects your accuracy & damage with ranged weapons and melee
   (+5).
 v - the ring "Liputz" (left hand) {rCorr AC+4 Dex+2 Slay+3 Stlth+}
   (You found it on level 3 of the Crypt)

   [ring of protection]

   AC:        It affects your AC (+4).
   Dex:       It affects your dexterity (+2).
   Slay:      It affects your accuracy & damage with ranged weapons and melee
   (+3).
   rCorr:     It protects you from acid and corrosion.
   Stlth:     It makes you more stealthy.
 y - the ring "Parr" {rElec rF+ rN++ Str+3 Stlth-}
   (You found it on level 9 of the Dungeon)

   [ring of protection from fire]

   Str:       It affects your strength (+3).
   rF:        It protects you from fire.
   rElec:     It insulates you from electricity.
   rN:        It greatly protects you from negative energy.
   Stlth:     It makes you less stealthy.
 J - the ring "Orebuc" {rCorr EV+4 Int+4}
   (You found it on level 2 of the Crypt)

   [ring of evasion]

   EV:        It affects your evasion (+4).
   Int:       It affects your intelligence (+4).
   rCorr:     It protects you from acid and corrosion.
Wands
 H - a wand of digging (17)
Scrolls
 c - a scroll of enchant armour
 k - 14 scrolls of identify
 p - 3 scrolls of teleportation
 w - 3 scrolls of enchant weapon
 K - 4 scrolls of brand weapon
Potions
 a - 2 potions of magic
 d - 5 potions of might
 e - 31 potions of curing
 g - 7 potions of resistance
 i - 12 potions of lignification
 o - 9 potions of haste
 q - 2 potions of cancellation
 z - 2 potions of attraction

Dungeon Overview and Level Annotations

Branches:
Dungeon (15/15)            Temple (1/1) D:4            Lair (5/5) D:9
  Swamp (4/4) Lair:3       Spider (4/4) Lair:3        Slime (5/5) Lair:5
    Orc (2/2) D:10            Elf (0/3) Orc:2        Vaults (5/5) D:14
  Crypt (3/3) Vaults:2       Tomb (3/3) Crypt:3      Depths (4/4) D:15
    Zot (4/5) Depths:4

Altars:
Ashenzari
Cheibriados
Dithmenos
Elyvilon
Fedhas
Gozag
Hepliaklqana
Kikubaaqudgha
Makhleb
Nemelex Xobeh
Okawaru
Qazlal
Ru
Sif Muna
Trog
Uskayaw
Vehumet
Wu Jian
Xom
Yredelemnul
Zin
The Shining One

Shops:
D:2 (   D:7 *   D:11 *   Orc:1 ?:?!(   Orc:2 ?[(*   Vaults:1 =   Depths:2 :==
Depths:3 ?[[

Portals:
Hell: Depths:1 Depths:2 Depths:3 Depths:4
Abyss: Lair:2 Depths:1 Depths:3 Depths:4
Pandemonium: Depths:1 Depths:2
Ziggurat: Depths:1
Trove: D:13 (show abyssal rune of Zot)

Annotations:
D:5 1 runed translucent door, Crazy Yiuf
D:8 1 runed translucent door, qw's ghost, novice GrFi
Lair:2 2 transporters, qw's ghost, journeyman GrFi
Slime:5 Royal Jelly
Zot:1 2 runed translucent doors, qw's ghost, master GrFi


Message History

You headbutt the great orb of eyes!!
You kill the great orb of eyes!
Your surroundings suddenly seem different.
79586 ||| READING 5 scrolls of teleportation.
As you read the scroll of teleportation, it crumbles to dust.
You feel strangely unstable.
You open the acid blob like a pillowcase!!!
Your hands burn!
You headbutt the acid blob!!
The acid blob is severely wounded.
You block the acid blob's attack.
You slice the acid blob!!
Your hands burn!
You headbutt the acid blob.
You kill the acid blob!
You slice the azure jelly!!
The azure jelly is moderately wounded.
Your surroundings suddenly seem different.
Enter note: Throw: 19 boomerangs
Press: ? - help, Q - select action Shift-Dir - straight line, f - azure jelly You throw a boomerang.
The boomerang barely misses the azure jelly.
You are splashed with acid.
Throw: 19 boomerangs
Press: ? - help, Q - select action Shift-Dir - straight line, f/p - azure jelly You throw a boomerang.
The boomerang hits the azure jelly!!!
The azure jelly is almost dead.
You are splashed with acid.
Throw: 18 boomerangs
Press: ? - help, Q - select action Shift-Dir - straight line, f/p - azure jelly You throw a boomerang.
The boomerang hits the azure jelly!!
You kill the azure jelly!
That felt strangely unrewarding.
You are splashed with acid!
You're standing next to a slime covered wall!
You're standing next to a slime covered wall!
Level map cleared.
79594 ||| READING 4 scrolls of teleportation.
As you read the scroll of teleportation, it crumbles to dust.
You feel strangely unstable.
You are splashed with acid!
You die...

,,*,,,,
,,,,,,, #####
### ,,,<,,,
......#.##
,^,,,,,
.......@.#
,,,,,,,
..........#
,,,,,,,
.........##
,,,,,,,
..........
,,,,,,,
...........
,,,,,,,
............
,,,,,,,
.............
J,,,,,,
..............


JJ,,,,, There were no monsters in sight!

Vanquished Creatures
  Cerebov (Pan)
  4 pandemonium lords (Pan)
  Mnoleg (Pan)
  Lom Lobon (Pan)
  3 dread liches
  4 ancient liches
  2 juggernauts (Depths:2)
  22 royal mummies
  3 Killer Klowns
  2 curse toes
  11 golden dragons
  6 bone dragons
  2 doom hounds (Crypt:1)
  3 Brimstone Fiends (Pan)
  6 Hell Sentinels (Pan)
  17 tentacled monstrosities
  Rupert (Spider:1)
  Mlioglotl (Spider:2)
  A walking crystal tome (Depths:3)
  2 Ice Fiends (Pan)
  Zenata (Vaults:1)
  Asterion (Spider:1)
  5 deep elf blademasters
  4 liches
  8 deep elf master archers
  Grunn (Crypt:1)
  13 titans
  25 Executioners (Pan)
  11 acid blobs
  6 death cobs
  8 ancient champions
  2 eldritch tentacles
  11 sphinxes
  9 quicksilver dragons
  A tentacled starspawn (Abyss:2)
  5 shadow dragons
  6 tengu reavers (Vaults:5)
  9 storm dragons
  Donald (Crypt:1)
  A fenstrider witch (Swamp:1)
  3 deep elf sorcerers (Vaults:5)
  7 revenants
  13 demonspawn warmongers (Pan)
  6 azure jellies
  12 daevas (Pan)
  3 draconian knights
  4 draconian monks
  11 fire giants
  18 frost giants
  2 emperor scorpions (Spider:4)
  18 balrugs
  4 rockslimes
  25 vault wardens
  A juggernaut zombie (Depths:3)
  25 cacodemons (Pan)
  11 draconian scorchers
  A spectral juggernaut (Crypt:2)
  4 orc warlords
  20 angels (Pan)
  2 iron dragons (Vaults:5)
  5 ghost moths
  15 draconian shifters
  6 curse skulls
  5 demonspawn corrupters (Pan)
  A juggernaut skeleton (Crypt:2)
  A spectral caustic shrike (Crypt:2)
  7 demonspawn blood saints (Pan)
  6 draconian annihilators
  4 quicksilver oozes
  3 broodmothers
  15 reapers
  A spriggan defender (Depths:3)
  17 ironbound preservers
  23 very ugly things
  4 ghouls
  8 green draconians
  6 war gargoyles
  A caustic shrike skeleton (Tomb:3)
  7 ironbound thunderhulks
  5 ophanim (Pan)
  7 draconian stormcallers
  37 stone giants
  Nessos (D:15)
  6 deep elf annihilators
  3 vampire knights
  19 apis (Pan)
  10 bennus
  12 black draconians
  12 lorocyprocas (Pan)
  A deep elf demonologist (Vaults:5)
  17 dire elephants
  5 eleionomae
  5 demonspawn black suns (Pan)
  28 purple draconians
  8 yellow draconians
  7 white draconians
  15 red draconians
  6 bunyips
  12 spark wasps
  4 blizzard demons (Pan)
  5 deep elf death magi
  2 eidola (Crypt:3)
  23 yaktaur captains
  Josephine (D:11)
  A crystal guardian (Vaults:4)
  10 great orbs of eyes
  13 green deaths (Pan)
  14 ettins
  7 entropy weavers
  17 mummy priests
  6 fire dragons
  A spectral spriggan (Crypt:2)
  11 jiangshi
  10 ice dragons
  Fannar (Orc:1)
  4 deep elf high priests
  5 rakshasas
  3 shambling mangroves
  2 spectral fenstrider witches (Crypt:2)
  Harold (Lair:2)
  35 vault guards
  A catoblepas (D:13)
  A hell beast (Pan)
  Erolcha (D:10)
  A radroach (Spider:1)
  3 ogre magi
  11 ironbound frosthearts
  2 peacekeepers
  4 spriggan air magi
  2 jorogumos (Spider:4)
  A death knight (Crypt:3)
  2 spriggan skeletons (Crypt:2)
  7 centaur warriors
  4 boulder beetles
  14 hydras
  5 tengu warriors
  13 deep troll shamans
  9 alligators
  A fenstrider witch skeleton (Crypt:1)
  8 two-headed ogres
  2 orc high priests (Vaults:3)
  38 death scarabs
  3 death yaks (Lair:4)
  5 deep troll earth magi (Depths:2)
  14 soul eaters (Pan)
  7 vampire magi
  8 spriggan berserkers
  4 thrashing horrors
  7 deep elf knights
  2 spectral dire elephants (Crypt:2)
  Nergalle (D:10)
  A quicksilver ooze zombie (Crypt:3)
  44 sun demons
  5 hell knights (Vaults:5)
  4 titan skeletons
  A wretched star (Abyss:3)
  2 sun moths (Spider:4)
  4 pharaoh ants
  3 goliath frogs
  A death drake (shapeshifter) (Depths:3)
  30 sixfirhies
  7 iron trolls
  34 skeletal warriors
  A death drake (Swamp:3)
  A spatial maelstrom (Abyss:3)
  11 cherubim (Pan)
  9 shadow wraiths
  2 bunyip zombies
  66 deep trolls
  A spectral minotaur (Crypt:2)
  7 glowing orange brains
  8 orb spiders
  Lodul (D:11)
  10 swamp dragons
  A steelbarb worm (shapeshifter) (D:15)
  13 steelbarb worms
  5 flayed ghosts
  17 ironbound convokers
  7 shadow demons (Pan)
  An anaconda skeleton (Pan)
  3 spriggan druids
  14 lindwurms
  6 deep elf zephyrmancers
  A shadow dragon zombie (Crypt:2)
  7 starcursed masses (Abyss:2)
  15 orc knights
  A spriggan simulacrum (Crypt:2)
  14 wizards
  9 deep elf pyromancers
  9 bog bodies
  7 deep elf archers
  8 necromancers
  10 phantasmal warriors
  A jorogumo zombie (Crypt:3)
  43 ugly things
  A wolf spider (shapeshifter) (Depths:4)
  4 manticores
  4 shining eyes
  A salamander (shapeshifter) (Vaults:5)
  26 moths of wrath
  A will-o-the-wisp (Swamp:3)
  5 orc sorcerers
  25 wolf spiders
  4 cyclopes
  A fire giant skeleton (Depths:3)
  2 moths of wrath (shapeshifter)
  An elephant (shapeshifter) (Vaults:5)
  9 elephants
  A black mamba (Lair:1)
  28 vault sentinels
  A dire elephant skeleton (Crypt:1)
  A centaur skeleton (Crypt:2)
  An eye of devastation (Slime:2)
  20 demonic crawlers
  A gargoyle (D:8)
  30 smoke demons
  22 orange demons
  A shock serpent skeleton (Crypt:2)
  7 torpor snails
  4 efreet
  10 cane toads
  An iron troll zombie (Crypt:2)
  3 kobold demonologists
  3 hellions (Pan)
  9 komodo dragons
  6 unseen horrors
  An alligator snapping turtle skeleton (Tomb:2)
  24 hellwings (Pan)
  6 ice devils (Pan)
  4 freezing wraiths
  A spectral two-headed ogre (Crypt:2)
  52 yaktaurs
  5 tormentors (Pan)
  3 spectral nagas (Crypt:2)
  40 guardian mummies
  7 red devils (Pan)
  2 ancient zymes (Abyss:3)
  2 golden dragon simulacra (Depths:3)
  2 spectral harpies (Crypt:2)
  A catoblepas skeleton (Crypt:1)
  A hydra zombie (Crypt:2)
  4 polar bears (Lair:5)
  7 trolls
  A merfolk (shapeshifter) (Vaults:5)
  19 hornets
  A queen bee (shapeshifter) (D:15)
  A hydra skeleton (Tomb:2)
  5 meliai
  Grinder (D:5)
  2 harpy skeletons (Pan)
  13 raiju
  21 tarantellas
  12 blink frogs
  A tarantella zombie (Crypt:1)
  6 tyrant leeches
  An ice dragon zombie (Crypt:3)
  59 slime creatures
  Sigmund (D:6)
  16 dream sheep
  15 flying skulls
  A black mamba zombie (Crypt:2)
  18 jumping spiders
  28 culicivoras
  A centaur simulacrum (Crypt:1)
  2 ettin skeletons
  20 ushabtiu
  27 spriggans
  14 wraiths
  19 ynoxinuls
  2 shadows (D:9)
  22 yaks
  6 wyverns
  A black mamba skeleton (Tomb:2)
  11 golden eyes
  6 basilisks
  Eustachio (D:5)
  2 golden eyes (shapeshifter)
  2 steam dragons (D:9)
  60 redbacks
  34 chaos spawn
  25 neqoxecs
  41 large abominations
  14 vampire mosquitoes
  Menkaure (D:4)
  A two-headed ogre zombie (Crypt:3)
  5 wargs
  2 acid dragons
  A redback (shapeshifter) (Depths:4)
  12 swamp worms
  Edmund (D:3)
  8 water moccasins
  A floating eye (shapeshifter) (Depths:4)
  A deep troll skeleton (Crypt:1)
  A floating eye (Slime:5)
  8 small abominations
  A fire bat skeleton (Crypt:3)
  2 ice beasts (D:6)
  8 black bears
  53 orc warriors
  6 swamp drakes (Swamp:4)
  7 boggarts
  15 ogres
  22 wolves
  10 centaurs
  A swamp dragon skeleton (Crypt:3)
  A lindwurm skeleton (Crypt:2)
  2 manticore skeletons (Crypt:3)
  An elephant skeleton (Crypt:3)
  A blink frog skeleton (Crypt:1)
  A phantom (D:6)
  4 kobold brigands
  2 necrophages
  4 bullfrogs
  2 gnoll sergeants
  A draconian skeleton (Crypt:2)
  4 scorpions
  4 wights (D:8)
  A water moccasin skeleton (Crypt:1)
  13 killer bees
  10 howler monkeys
  2 crimson imps (Pan)
  3 hounds
  35 orc priests
  2 gnoll boudas
  An iron imp (Abyss:2)
  2 jellies
  A bullfrog skeleton (Crypt:1)
  4 iguanas
  38 orc wizards
  2 naga skeletons
  46 mummies
  21 gnolls
  A swamp drake zombie (Crypt:3)
  2 adders (D:5)
  A shadow imp (D:7)
  2 white imps
  An ufetubus (D:6)
  An iguana zombie (Crypt:1)
  4 worms
  3 dart slugs
  116 orcs
  4 ball pythons
  10 endoplasms
  2 giant cockroaches (D:1)
  13 goblins
  12 hobgoblins
  4 jackals
  18 kobolds
  4 quokkas
  A ball python skeleton (Crypt:2)
  3 bats
  2 frilled lizards
  A hobgoblin skeleton (Crypt:1)
  A kobold zombie (Crypt:3)
  3 rats
  A rat zombie (Crypt:2)
  2 ball lightnings (Pan)
  2 starspawn tentacles (Spider:2)
3080 creatures vanquished.

Vanquished Creatures (collateral kills)
  Gloorx Vloq (Pan)
  An ancient lich (Crypt:3)
  A pandemonium lord (Pan)
  13 royal mummies
  A Tzitzimitl (Pan)
  A Hell Sentinel (Pan)
  An Ice Fiend (Pan)
  2 liches
  An acid blob (Slime:5)
  An Executioner (Pan)
  2 ancient champions
  4 daevas (Pan)
  A rockslime (Slime:5)
  2 azure jellies (Slime:5)
  2 fire giants (Tomb:1)
  2 frost giants
  A demonspawn warmonger (Pan)
  A cacodemon (Pan)
  5 balrugs (Pan)
  A stone giant (Tomb:2)
  A draconian annihilator (Pan)
  A very ugly thing (Pan)
  2 ophanim (Pan)
  A slime creature (Slime:5)
  2 apis (Pan)
  2 demonspawn black suns (Pan)
  A spectral titan (Crypt:2)
  2 lorocyprocas (Pan)
  7 mummy priests
  A rakshasa (Pan)
  8 death scarabs
  7 sun demons (Pan)
  6 soul eaters (Pan)
  2 skeletal warriors (Tomb:3)
  6 sixfirhies (Pan)
  2 cherubim (Pan)
  An obsidian statue (Crypt:2)
  A deep elf pyromancer (Tomb:2)
  A spectral fire dragon (Crypt:2)
  A spectral centaur (Crypt:2)
  2 smoke demons (Pan)
  5 orange demons (Pan)
  An alligator snapping turtle zombie (Tomb:2)
  9 guardian mummies
  2 hellwings (Pan)
  3 red devils (Pan)
  A harpy skeleton (Pan)
  3 large abominations (Pan)
  3 flying skulls (Tomb:2)
  4 ynoxinuls (Pan)
  A fire bat (Pan)
  3 ushabtiu
  A neqoxec (Pan)
  A chaos spawn (Pan)
  14 mummies
152 creatures vanquished.

Vanquished Creatures (others)
  Nikola (Vaults:3)
  3 pandemonium lords (Pan)
  A balrug (Pan)
  A very ugly thing (Vaults:5)
  An eleionoma (Swamp:3)
  An ice dragon (Depths:2)
  2 rakshasas
  A spriggan (Swamp:1)
  A sun moth (Spider:4)
  A shadow demon (Pan)
  A glowing orange brain (Pan)
  Maurice (D:8)
  2 smoke demons (Pan)
  An orange demon (Pan)
  A hellwing (Pan)
  3 bloated husks (Swamp:1)
  A hornet (Swamp:1)
  A tarantella (Spider:4)
  A jumping spider (Spider:4)
  A golden eye (Pan)
  A chaos spawn (Pan)
  4 ball lightnings (Pan)
  15 demonic plants (Abyss:3)
  6 foxfires (Swamp:3)
  39 fungi
  89 plants
  2 starspawn tentacles (Spider:2)
182 creatures vanquished.

Grand Total: 3414 creatures vanquished

Notes
Turn   | Place    | Note
-------+----------+-------------------------------------------
     0 | D:1      | qw the Gargoyle Fighter began the quest for the Orb.
     0 | D:1      | Reached XP level 1. HP: 14/14 MP: 1/1
     0 | D:1      | 0 ||| qw: Version: 0.2-a-10-g399e6c4
     0 | D:1      | 0 ||| qw: Game counter: 524
     0 | D:1      | 0 ||| qw: Always use a shield: true
     0 | D:1      | 0 ||| qw: God list: Okawaru
     0 | D:1      | 0 ||| qw: Allow faded altars: false
     0 | D:1      | 0 ||| qw: Do Orc after D:15 true
     0 | D:1      | 0 ||| qw: Do second Lair branch before Depths: true
     0 | D:1      | 0 ||| qw: Lair rune preference: random
     0 | D:1      | 0 ||| qw: Plans: Normal, Zot:1-4, God:TSO, Crypt, Tomb,
                  | Pan, Slime:5, Hells, Abyss, Orb
     0 | D:1      | 0 ||| PLANNING D:1-11
    16 | D:1      | 16 ||| Stepping ~*~*~tactically~*~*~ (stealth).
    18 | D:1      | 18 ||| Stepping ~*~*~tactically~*~*~ (stealth).
    78 | D:1      | 78 ||| Stepping ~*~*~tactically~*~*~ (stealth).
    79 | D:1      | 79 ||| Stepping ~*~*~tactically~*~*~ (stealth).
   147 | D:1      | 147 ||| Stepping ~*~*~tactically~*~*~ (stealth).
   262 | D:1      | Reached XP level 2. HP: 19/19 MP: 2/2
   803 | D:1      | Reached skill level 3 in Axes
   992 | D:1      | Found a faded altar of an unknown god.
  1065 | D:1      | Reached XP level 3. HP: 19/23 MP: 3/3
  1144 | D:1      | 1144 ||| READING scroll labelled USHROT GIERUORGH.
  1145 | D:1      | 1145 ||| READING 2 scrolls labelled EZXOPN TUT UST.
  1146 | D:1      | 1146 ||| READING scroll of enchant weapon.
  1146 | D:1      | 1146 ||| ENCHANTING +1 war axe.
  1147 | D:1      | 1147 ||| READING 2 scrolls labelled ILAUD JIL ALOW.
  1148 | D:1      | 1148 ||| READING scroll labelled XIM VEERHI.
  1148 | D:1      | Identified a scroll of acquirement
  1148 | D:1      | 1148 ||| ACQUIRING -1 helmet "Dyothrahu" {rElec Will++
                  | Str+2 Int+3}
  1148 | D:1      | Acquired the -1 helmet "Dyothrahu" {rElec Will++ Str+2
                  | Int+3}
  1150 | D:1      | 1150 ||| UPGRADING to -1 helmet "Dyothrahu" {rElec Will++
                  | Str+2 Int+3}.
  1155 | D:1      | 1155 ||| READING scroll labelled VOCSOZ FECIMA.
  1160 | D:1      | 1160 ||| READING scroll labelled WUEH JANOABBONK.
  1161 | D:1      | 1161 ||| DRINKING 2 lumpy emerald potions.
  1162 | D:1      | 1162 ||| DRINKING 2 blue potions.
  1163 | D:1      | 1163 ||| DROPPING potion of flight.
  1224 | D:2      | Found Paamuan's Weapon Shop.
  1252 | D:2      | 1252 ||| DROPPING +0 club.
  1603 | D:2      | Identified the +1 ring mail "Pumon" {Drain rF+ Int+4}
  1958 | D:2      | Reached XP level 4. HP: 19/28 MP: 4/4
  2419 | D:2      | 2419 ||| UPGRADING to +1 ring mail "Pumon" {Drain rF+
                  | Int+4}.
  2429 | D:2      | 2429 ||| DROPPING amulet of magic regeneration.
  2430 | D:2      | 2430 ||| READING scroll labelled XIPUDA KAEN ASCHAL.
  2431 | D:2      | 2431 ||| DRINKING 3 murky dark potions.
  2431 | D:2      | Gained mutation: You are partially covered in iridescent
                  | scales. (AC +2) [potion of mutation]
  2431 | D:2      | Gained mutation: You expend magic power (3 MP) to
                  | strengthen your wands. [potion of mutation]
  2431 | D:2      | Gained mutation: You are robust. (+10% HP) [potion of
                  | mutation]
  2431 | D:2      | Gained mutation: Your skin changes colour to match your
                  | surroundings (Stealth+). [potion of mutation]
  2444 | D:2      | 2444 ||| READING 2 scrolls of identify.
  2444 | D:2      | 2444 ||| IDENTIFYING glowing emerald potion
  2501 | D:3      | 2501 ||| Stepping ~*~*~tactically~*~*~ (stealth).
  2573 | D:3      | 2573 ||| DROPPING +0 mace.
  2759 | D:3      | 2759 ||| Stepping ~*~*~tactically~*~*~ (hiding).
  2770 | D:3      | 2770 ||| Stepping ~*~*~tactically~*~*~ (stealth).
  2771 | D:3      | 2771 ||| Stepping ~*~*~tactically~*~*~ (hiding).
  2787 | D:3      | 2787 ||| Stepping ~*~*~tactically~*~*~ (stealth).
  2788 | D:3      | 2788 ||| Stepping ~*~*~tactically~*~*~ (hiding).
  2789 | D:3      | 2789 ||| Stepping ~*~*~tactically~*~*~ (stealth).
  2791 | D:3      | 2791 ||| Stepping ~*~*~tactically~*~*~ (stealth).
  2799 | D:3      | 2799 ||| Stepping ~*~*~tactically~*~*~ (stealth).
  2800 | D:3      | 2800 ||| Stepping ~*~*~tactically~*~*~ (stealth).
  2844 | D:3      | 2844 ||| Stepping ~*~*~tactically~*~*~ (stealth).
  2848 | D:3      | 2848 ||| Stepping ~*~*~tactically~*~*~ (stealth).
  2849 | D:3      | 2849 ||| Stepping ~*~*~tactically~*~*~ (stealth).
  2852 | D:3      | 2852 ||| Stepping ~*~*~tactically~*~*~ (stealth).
  3390 | D:3      | 3390 ||| DROPPING +0 scale mail.
  3391 | D:3      | 3391 ||| UPGRADING to +0 chain mail.
  3401 | D:3      | 3401 ||| UPGRADING to +4 ring of slaying {mikee}.
  3402 | D:3      | 3402 ||| READING scroll labelled XOUVISOEGE.
  3403 | D:3      | 3403 ||| READING scroll labelled ZOSIJEOCAE.
  3404 | D:3      | 3404 ||| READING 3 scrolls of identify.
  3404 | D:3      | 3404 ||| IDENTIFYING white potion
  3438 | D:4      | 3438 ||| Stepping ~*~*~tactically~*~*~ (hiding).
  3439 | D:4      | 3439 ||| Stepping ~*~*~tactically~*~*~ (hiding).
  3446 | D:4      | Reached XP level 5. HP: 28/30 MP: 5/5
  3448 | D:4      | Noticed an orc warrior
  3453 | D:4      | 3453 ||| Stepping ~*~*~tactically~*~*~ (stealth).
  3454 | D:4      | 3454 ||| STAIRDANCE
  3454 | D:4      | Killed an orc warrior
  3455 | D:4      | Reached XP level 6. HP: 19/42 MP: 6/6
  3620 | D:4      | Noticed Edmund
  3621 | D:4      | 3621 ||| STAIRDANCE
  3626 | D:4      | 3626 ||| STAIRDANCE
  3635 | D:3      | Killed Edmund
  3766 | D:3      | 3766 ||| READING 2 scrolls of identify.
  3766 | D:3      | 3766 ||| IDENTIFYING metallic blue potion
  3767 | D:3      | 3767 ||| DROPPING potion of degeneration.
  3789 | D:4      | 3789 ||| DROPPING +2 vorpal flail.
  3873 | D:4      | Reached skill level 6 in Axes
  3873 | D:4      | Reached XP level 7. HP: 48/48 MP: 7/7
  3879 | D:4      | 3879 ||| Stepping ~*~*~tactically~*~*~ (hiding).
  3883 | D:4      | 3883 ||| Stepping ~*~*~tactically~*~*~ (hiding).
  3973 | D:4      | Reached skill level 1 in Dodging
  3999 | D:4      | 3999 ||| Stepping ~*~*~tactically~*~*~ (hiding).
  4000 | D:4      | 4000 ||| Stepping ~*~*~tactically~*~*~ (hiding).
  4001 | D:4      | 4001 ||| Stepping ~*~*~tactically~*~*~ (hiding).
  4002 | D:4      | 4002 ||| Stepping ~*~*~tactically~*~*~ (hiding).
  4353 | D:4      | Found a staircase to the Ecumenical Temple.
  4354 | D:4      | 4354 ||| PLANNING TEMPLE
  4354 | D:4      | 4354 ||| UPGRADING to +0 plate armour.
  4364 | D:4      | 4364 ||| DROPPING +1 ring mail "Pumon" {Drain rF+ Int+4}.
  4365 | D:4      | 4365 ||| DROPPING +0 chain mail.
  4366 | D:4      | 4366 ||| UPGRADING to +0 pair of gloves.
  4371 | D:4      | 4371 ||| DROPPING ring of wizardry.
  4380 | Temple   | Entered the Ecumenical Temple
  4751 | Temple   | 4751 ||| PLANNING D:1-11
  4795 | D:4      | Noticed Menkaure
  4801 | D:4      | Killed Menkaure
  5056 | D:4      | 5056 ||| UPGRADING to +0 cloak.
  5068 | D:5      | Entered Level 5 of the Dungeon
  5077 | D:5      | Reached XP level 8. HP: 52/52 MP: 8/8
  5089 | D:5      | 5089 ||| READING scroll of enchant weapon.
  5089 | D:5      | 5089 ||| ENCHANTING +2 war axe of venom.
  5148 | D:5      | 5148 ||| FLEEEEING.
  5152 | D:5      | 5152 ||| STAIRDANCE
  5297 | D:5      | Noticed Eustachio
  5298 | D:5      | 5298 ||| Stepping ~*~*~tactically~*~*~ (stealth).
  5300 | D:5      | 5300 ||| Stepping ~*~*~tactically~*~*~ (stealth).
  5305 | D:5      | 5305 ||| Stepping ~*~*~tactically~*~*~ (stealth).
  5329 | D:5      | 5329 ||| Stepping ~*~*~tactically~*~*~ (stealth).
  5330 | D:5      | 5330 ||| Stepping ~*~*~tactically~*~*~ (stealth).
  5334 | D:5      | Killed Eustachio
  5383 | D:5      | 5383 ||| Stepping ~*~*~tactically~*~*~ (stealth).
  5385 | D:5      | 5385 ||| Stepping ~*~*~tactically~*~*~ (hiding).
  5443 | D:5      | 5443 ||| READING scroll of brand weapon.
  5443 | D:5      | 5443 ||| BRANDING +3 war axe of venom.
  5444 | D:5      | 5444 ||| DROPPING +0 morningstar.
  5463 | D:5      | Noticed Grinder
  5464 | D:5      | 5464 ||| Stepping ~*~*~tactically~*~*~ (hiding).
  5474 | D:5      | Killed Grinder
  5536 | D:5      | Found a runed translucent door.
  5537 | D:5      | Noticed Crazy Yiuf
  5618 | D:5      | 5618 ||| READING scroll of enchant weapon.
  5618 | D:5      | 5618 ||| ENCHANTING +3 war axe of flaming.
  5823 | D:5      | 5823 ||| READING scroll labelled ONLETE QOREET.
  5824 | D:5      | 5824 ||| DRINKING 2 red potions.
  5825 | D:5      | 5825 ||| READING 5 scrolls of identify.
  5825 | D:5      | 5825 ||| IDENTIFYING fuming blue potion
  5826 | D:5      | 5826 ||| DROPPING potion of brilliance.
  5863 | D:6      | Reached skill level 6 in Fighting
  5894 | D:6      | Reached XP level 9. HP: 60/60 MP: 9/9
  5953 | D:6      | Noticed Sigmund
  5959 | D:6      | Killed Sigmund
  5960 | D:6      | Reached skill level 9 in Axes
  6186 | D:6      | Reached skill level 6 in Armour
  6362 | D:6      | Found an iron altar of Okawaru.
  6363 | D:6      | 6363 ||| PLANNING OKAWARU WORSHIP
  6363 | D:6      | 6363 ||| UPGRADING to ring of protection from cold.
  6364 | D:6      | 6364 ||| READING 5 scrolls of identify.
  6364 | D:6      | 6364 ||| IDENTIFYING sedimented golden potion
  6367 | D:6      | Became a worshipper of Warmaster Okawaru
  6368 | D:6      | 6368 ||| PLANNING D:1-11
  6415 | D:6      | 6415 ||| Stepping ~*~*~tactically~*~*~ (hiding).
  6504 | D:6      | Found a sparkling altar of Nemelex Xobeh.
  6568 | D:6      | 6568 ||| READING scroll labelled EVACOKOHIAD.
  6686 | D:7      | 6686 ||| STAIRDANCE
  6715 | D:7      | Identified the +6 flail of Royalism {elec, rPois Int+4}
  6718 | D:7      | 6718 ||| Stepping ~*~*~tactically~*~*~ (stealth).
  6791 | D:7      | Reached skill level 1 in Throwing
  6794 | D:7      | 6794 ||| Stepping ~*~*~tactically~*~*~ (stealth).
  6796 | D:7      | 6796 ||| Stepping ~*~*~tactically~*~*~ (stealth).
  6888 | D:7      | Reached * piety under Okawaru
  6963 | D:7      | Found Sauqulel's Mayhem Merchandise.
  6967 | D:7      | Identified the +3 mace of Symmetry {drain, rCorr Str+4
                  | Int+8 Dex-2}
  6971 | D:7      | 6971 ||| SHOPLISTING +2 broad axe of electrocution (352
                  | gold, have 313).
  6987 | D:7      | 6987 ||| INVOKING Heroism.
  6992 | D:7      | Reached skill level 1 in Invocations
  7129 | D:7      | 7129 ||| INVOKING Heroism.
  7264 | D:8      | 7264 ||| INVOKING Heroism.
  7292 | D:8      | Noticed Maurice
  7293 | D:8      | 7293 ||| Stepping ~*~*~tactically~*~*~ (hiding).
  7302 | D:8      | Killed Maurice
  7303 | D:8      | Reached skill level 3 in Invocations
  7303 | D:8      | Reached XP level 10. HP: 54/69 MP: 10/12
  7404 | D:8      | 7404 ||| Stepping ~*~*~tactically~*~*~ (stealth).
  7409 | D:8      | 7409 ||| INVOKING Heroism.
  7411 | D:8      | 7411 ||| Stepping ~*~*~tactically~*~*~ (hiding).
  7636 | D:8      | 7636 ||| INVOKING Heroism.
  7874 | D:8      | Found a radiant altar of Vehumet.
  7946 | D:8      | 7946 ||| INVOKING Heroism.
  7954 | D:8      | Noticed a gargoyle
  7964 | D:8      | Killed a gargoyle
  7964 | D:8      | Reached ** piety under Okawaru
  8047 | D:8      | 8047 ||| Stepping ~*~*~tactically~*~*~ (stealth).
  8050 | D:8      | 8050 ||| Stepping ~*~*~tactically~*~*~ (stealth).
  8052 | D:8      | 8052 ||| Stepping ~*~*~tactically~*~*~ (stealth).
  8102 | D:8      | Found a runed translucent door.
  8105 | D:8      | Noticed qw's ghost (novice GrFi)
  8106 | D:8      | Identified the +9 trident of Dissent {vorpal, rPois MP+9
                  | Str+6 Int-4}
  8164 | D:8      | 8164 ||| READING scroll of enchant weapon.
  8164 | D:8      | 8164 ||| ENCHANTING +4 war axe of flaming.
  8405 | D:9      | 8405 ||| STAIRDANCE
  8458 | D:9      | 8458 ||| STAIRDANCE
  8478 | D:9      | 8478 ||| STAIRDANCE
  8629 | D:9      | 8629 ||| INVOKING Heroism.
  8630 | D:9      | 8630 ||| Stepping ~*~*~tactically~*~*~ (stealth).
  8702 | D:9      | 8702 ||| INVOKING Heroism.
  8703 | D:9      | 8703 ||| Stepping ~*~*~tactically~*~*~ (hiding).
  8707 | D:9      | 8707 ||| Stepping randomly (cloudy).
  8711 | D:9      | 8711 ||| Stepping ~*~*~tactically~*~*~ (cloud).
  8852 | D:9      | Reached *** piety under Okawaru
  8905 | D:9      | 8905 ||| INVOKING Heroism.
  8914 | D:9      | 8914 ||| Stepping ~*~*~tactically~*~*~ (stealth).
  8924 | D:9      | 8924 ||| Stepping ~*~*~tactically~*~*~ (stealth).
  8969 | D:9      | Noticed a two-headed ogre
  8970 | D:9      | 8970 ||| INVOKING Heroism.
  8976 | D:9      | Killed a two-headed ogre
  8977 | D:9      | Reached XP level 11. HP: 74/74 MP: 11/14
  9000 | D:9      | 9000 ||| Stepping ~*~*~tactically~*~*~ (stealth).
  9091 | D:9      | Identified the ring "Parr" {rElec rF+ rN++ Str+3 Stlth-}
  9093 | D:9      | 9093 ||| Stepping ~*~*~tactically~*~*~ (stealth).
  9126 | D:9      | Reached **** piety under Okawaru
  9186 | D:9      | 9186 ||| INVOKING Heroism.
  9215 | D:9      | Found a staircase to the Lair.
  9232 | D:9      | 9232 ||| Stepping ~*~*~tactically~*~*~ (hiding).
  9235 | D:9      | 9235 ||| INVOKING Heroism.
  9259 | D:9      | 9259 ||| Stepping ~*~*~tactically~*~*~ (stealth).
  9261 | D:9      | 9261 ||| INVOKING Heroism.
  9272 | D:9      | 9272 ||| Stepping ~*~*~tactically~*~*~ (stealth).
  9608 | D:9      | 9608 ||| PLANNING LAIR
  9608 | D:9      | 9608 ||| UPGRADING to ring "Parr" {rElec rF+ rN++ Str+3
                  | Stlth-}.
  9610 | D:9      | 9610 ||| UPGRADING to +4 ring of slaying {mikee}.
  9612 | D:9      | 9612 ||| READING scroll labelled NEIDEFEGIS.
  9653 | Lair:1   | Entered Level 1 of the Lair of Beasts
  9680 | Lair:1   | Reached skill level 9 in Fighting
  9770 | Lair:1   | 9770 ||| Stepping ~*~*~tactically~*~*~ (stealth).
  9771 | Lair:1   | 9771 ||| Stepping ~*~*~tactically~*~*~ (stealth).
  9803 | Lair:1   | 9803 ||| INVOKING Heroism.
  9804 | Lair:1   | 9804 ||| Stepping ~*~*~tactically~*~*~ (stealth).
  9814 | Lair:1   | Received a gift from Okawaru
  9889 | Lair:1   | 9889 ||| Stepping ~*~*~tactically~*~*~ (stealth).
 10018 | Lair:1   | 10018 ||| Stepping ~*~*~tactically~*~*~ (stealth).
 10110 | Lair:1   | 10110 ||| INVOKING Heroism.
 10116 | Lair:1   | Reached skill level 6 in Invocations
 10715 | Lair:1   | 10715 ||| UPGRADING to +2 buckler.
 10725 | Lair:1   | 10725 ||| DROPPING +0 buckler.
 10783 | Lair:2   | Noticed a rakshasa
 10873 | Lair:2   | 10873 ||| Stepping ~*~*~tactically~*~*~ (stealth).
 10874 | Lair:2   | 10874 ||| Stepping ~*~*~tactically~*~*~ (stealth).
 10910 | Lair:2   | Found a transporter.
 10912 | Lair:2   | Found a transporter.
 10912 | Lair:2   | Found a one-way gate to the infinite horrors of the Abyss.
 10912 | Lair:2   | Noticed qw's ghost (journeyman GrFi)
 10913 | Lair:2   | Noticed a rakshasa
 10962 | Lair:2   | 10962 ||| INVOKING Heroism.
 11098 | Lair:2   | Noticed Harold
 11099 | Lair:2   | 11099 ||| Stepping ~*~*~tactically~*~*~ (hiding).
 11100 | Lair:2   | 11100 ||| INVOKING Heroism.
 11122 | Lair:2   | Killed Harold
 11713 | Lair:2   | 11713 ||| READING 8 scrolls of identify.
 11713 | Lair:2   | 11713 ||| IDENTIFYING purple potion
 11714 | Lair:2   | 11714 ||| DROPPING potion of berserk rage.
 11729 | Lair:3   | Noticed a seven-headed hydra
 11730 | Lair:3   | 11730 ||| INVOKING Heroism.
 11739 | Lair:3   | Killed a two-headed hydra
 11876 | Lair:3   | 11876 ||| INVOKING Heroism.
 11877 | Lair:3   | 11877 ||| Stepping ~*~*~tactically~*~*~ (stealth).
 11890 | Lair:3   | Reached ***** piety under Okawaru
 11895 | Lair:3   | Reached XP level 12. HP: 79/83 MP: 16/18
 12083 | Lair:3   | Found a hole to the Spider Nest.
 12117 | Lair:3   | 12117 ||| Stepping ~*~*~tactically~*~*~ (hiding).
 12143 | Lair:3   | 12143 ||| INVOKING Heroism.
 12158 | Lair:3   | Reached skill level 12 in Axes
 12370 | Lair:3   | Found a staircase to the Swamp.
 12371 | Lair:3   | 12371 ||| Stepping ~*~*~tactically~*~*~ (hiding).
 12374 | Lair:3   | 12374 ||| INVOKING Heroism.
 12392 | Lair:3   | Received a gift from Okawaru
 12478 | Lair:3   | 12478 ||| INVOKING Heroism.
 12588 | Lair:3   | 12588 ||| READING scroll labelled HODOUT AMOEWK.
 12589 | Lair:3   | 12589 ||| READING 7 scrolls of identify.
 12589 | Lair:3   | 12589 ||| IDENTIFYING viscous amethyst potion
 12590 | Lair:3   | 12590 ||| DROPPING potion of invisibility.
 12615 | Lair:4   | 12615 ||| INVOKING Heroism.
 12618 | Lair:4   | 12618 ||| STAIRDANCE
 12623 | Lair:3   | Reached skill level 3 in Throwing
 12623 | Lair:3   | Reached skill level 9 in Invocations
 12681 | Lair:4   | Noticed a five-headed hydra
 12682 | Lair:4   | 12682 ||| STAIRDANCE
 12684 | Lair:3   | 12684 ||| INVOKING Heroism.
 12753 | Lair:4   | 12753 ||| STAIRDANCE
 12755 | Lair:3   | 12755 ||| INVOKING Heroism.
 12758 | Lair:3   | Killed a two-headed hydra
 12822 | Lair:4   | 12822 ||| INVOKING Heroism.
 12823 | Lair:4   | 12823 ||| STAIRDANCE
 12838 | Lair:4   | 12838 ||| INVOKING Heroism.
 12891 | Lair:4   | 12891 ||| INVOKING Heroism.
 12986 | Lair:4   | Noticed a death yak
 12987 | Lair:4   | 12987 ||| INVOKING Heroism.
 12988 | Lair:4   | 12988 ||| INVOKING Finesse.
 12990 | Lair:4   | Noticed a death yak
 12996 | Lair:4   | Noticed a death yak
 13000 | Lair:4   | Killed a death yak
 13001 | Lair:4   | Reached skill level 9 in Armour
 13003 | Lair:4   | Killed a death yak
 13004 | Lair:4   | Reached skill level 6 in Shields
 13013 | Lair:4   | Killed a death yak
 13013 | Lair:4   | Received a gift from Okawaru
 13130 | Lair:4   | Noticed a four-headed hydra
 13131 | Lair:4   | 13131 ||| INVOKING Heroism.
 13136 | Lair:4   | Killed a one-headed hydra
 13197 | Lair:4   | 13197 ||| INVOKING Heroism.
 13348 | Lair:4   | 13348 ||| Stepping ~*~*~tactically~*~*~ (stealth).
 13350 | Lair:4   | 13350 ||| Stepping ~*~*~tactically~*~*~ (stealth).
 13352 | Lair:4   | 13352 ||| Stepping ~*~*~tactically~*~*~ (stealth).
 13355 | Lair:4   | 13355 ||| INVOKING Heroism.
 13371 | Lair:4   | Reached XP level 13. HP: 88/90 MP: 20/20
 13399 | Lair:4   | 13399 ||| Stepping ~*~*~tactically~*~*~ (stealth).
 13655 | Lair:4   | 13655 ||| UPGRADING to +2 buckler of protection.
 13665 | Lair:4   | 13665 ||| DROPPING +2 buckler.
 13666 | Lair:4   | 13666 ||| DROPPING ring of positive energy.
 13667 | Lair:4   | 13667 ||| READING scroll labelled NON BODAVVAIRYUNU.
 13668 | Lair:4   | 13668 ||| READING 7 scrolls of identify.
 13668 | Lair:4   | 13668 ||| IDENTIFYING cyan potion
 13687 | Lair:5   | Entered Level 5 of the Lair of Beasts
 13729 | Lair:5   | Found a staircase to the Slime Pits.
 13768 | Lair:5   | 13768 ||| Stepping ~*~*~tactically~*~*~ (stealth).
 13769 | Lair:5   | 13769 ||| Stepping ~*~*~tactically~*~*~ (stealth).
 13771 | Lair:5   | 13771 ||| Stepping ~*~*~tactically~*~*~ (stealth).
 13772 | Lair:5   | 13772 ||| Stepping ~*~*~tactically~*~*~ (stealth).
 13917 | Lair:5   | 13917 ||| INVOKING Heroism.
 14037 | Lair:5   | 14037 ||| Stepping ~*~*~tactically~*~*~ (stealth).
 14039 | Lair:5   | 14039 ||| Stepping ~*~*~tactically~*~*~ (stealth).
 14041 | Lair:5   | 14041 ||| INVOKING Heroism.
 14281 | Lair:5   | 14281 ||| Stepping ~*~*~tactically~*~*~ (hiding).
 14282 | Lair:5   | 14282 ||| Stepping ~*~*~tactically~*~*~ (hiding).
 14399 | Lair:5   | 14399 ||| INVOKING Heroism.
 14401 | Lair:5   | 14401 ||| Stepping ~*~*~tactically~*~*~ (stealth).
 14424 | Lair:5   | 14424 ||| INVOKING Finesse.
 14500 | Lair:5   | Identified the +3 scale mail of the Eight Artisans {Regen+
                  | Dex+8 Stlth-} (Okawaru gifted it to you on level 5 of the
                  | Lair of Beasts)
 14500 | Lair:5   | Received a gift from Okawaru
 14504 | Lair:5   | 14504 ||| INVOKING Heroism.
 14505 | Lair:5   | 14505 ||| INVOKING Finesse.
 14576 | Lair:5   | 14576 ||| Stepping ~*~*~tactically~*~*~ (stealth).
 14577 | Lair:5   | 14577 ||| Stepping ~*~*~tactically~*~*~ (stealth).
 14578 | Lair:5   | 14578 ||| INVOKING Heroism.
 14622 | Lair:5   | 14622 ||| Stepping ~*~*~tactically~*~*~ (hiding).
 14630 | Lair:5   | 14630 ||| INVOKING Heroism.
 14637 | Lair:5   | 14637 ||| Stepping ~*~*~tactically~*~*~ (stealth).
 14670 | Lair:5   | 14670 ||| INVOKING Heroism.
 14678 | Lair:5   | 14678 ||| Stepping ~*~*~tactically~*~*~ (stealth).
 14679 | Lair:5   | 14679 ||| Stepping ~*~*~tactically~*~*~ (stealth).
 14794 | Lair:5   | 14794 ||| FLEEEEING.
 14795 | Lair:5   | 14795 ||| FLEEEEING.
 14796 | Lair:5   | 14796 ||| INVOKING Heroism.
 14947 | Lair:5   | 14947 ||| INVOKING Heroism.
 15152 | Lair:5   | 15152 ||| INVOKING Heroism.
 15241 | Lair:5   | 15241 ||| INVOKING Heroism.
 15243 | Lair:5   | 15243 ||| Stepping ~*~*~tactically~*~*~ (hiding).
 15528 | Lair:5   | 15528 ||| Stepping ~*~*~tactically~*~*~ (stealth).
 15529 | Lair:5   | 15529 ||| Stepping ~*~*~tactically~*~*~ (stealth).
 15532 | Lair:5   | 15532 ||| Stepping ~*~*~tactically~*~*~ (stealth).
 15534 | Lair:5   | 15534 ||| INVOKING Heroism.
 15580 | Lair:5   | 15580 ||| Stepping ~*~*~tactically~*~*~ (stealth).
 15605 | Lair:5   | Identified the +0 robe "Noado" {Int+6}
 15614 | Lair:5   | 15614 ||| READING scroll of enchant weapon.
 15614 | Lair:5   | 15614 ||| ENCHANTING +5 war axe of flaming.
 15689 | Lair:5   | 15689 ||| PLANNING D:1-11
 15689 | Lair:5   | 15689 ||| UPGRADING to +3 scale mail of the Eight Artisans
                  | {Regen+ Dex+8 Stlth-}.
 15699 | Lair:5   | 15699 ||| DROPPING +0 plate armour.
 15803 | D:10     | Entered Level 10 of the Dungeon
 15841 | D:10     | 15841 ||| Stepping ~*~*~tactically~*~*~ (hiding).
 15963 | D:10     | Found a staircase to the Orcish Mines.
 15983 | D:10     | 15983 ||| INVOKING Heroism.
 16054 | D:10     | 16054 ||| Stepping ~*~*~tactically~*~*~ (hiding).
 16062 | D:10     | 16062 ||| INVOKING Heroism.
 16081 | D:10     | Noticed Nergalle
 16082 | D:10     | 16082 ||| Stepping ~*~*~tactically~*~*~ (hiding).
 16083 | D:10     | 16083 ||| Stepping ~*~*~tactically~*~*~ (hiding).
 16085 | D:10     | 16085 ||| Stepping ~*~*~tactically~*~*~ (stealth).
 16089 | D:10     | Killed Nergalle
 16090 | D:10     | Reached skill level 3 in Dodging
 16112 | D:10     | 16112 ||| READING scroll of enchant weapon.
 16112 | D:10     | 16112 ||| ENCHANTING +6 war axe of flaming.
 16233 | D:10     | 16233 ||| Stepping ~*~*~tactically~*~*~ (stealth).
 16235 | D:10     | 16235 ||| Stepping ~*~*~tactically~*~*~ (stealth).
 16238 | D:10     | 16238 ||| Stepping ~*~*~tactically~*~*~ (stealth).
 16240 | D:10     | 16240 ||| Stepping ~*~*~tactically~*~*~ (hiding).
 16292 | D:10     | 16292 ||| Stepping ~*~*~tactically~*~*~ (stealth).
 16294 | D:10     | 16294 ||| Stepping ~*~*~tactically~*~*~ (hiding).
 16300 | D:10     | 16300 ||| INVOKING Heroism.
 16306 | D:10     | Noticed Erolcha
 16307 | D:10     | 16307 ||| INVOKING Finesse.
 16324 | D:10     | Killed Erolcha
 16325 | D:10     | Gained mutation: Your large and strong wings let you fly.
                  | [Gargoyle growth]
 16325 | D:10     | Reached XP level 14. HP: 99/99 MP: 15/21
 16742 | D:10     | 16742 ||| UPGRADING to +0 kite shield.
 16752 | D:10     | 16752 ||| DROPPING +2 buckler of protection.
 16770 | D:11     | Noticed Josephine
 16772 | D:11     | 16772 ||| INVOKING Heroism.
 16774 | D:11     | 16774 ||| Stepping ~*~*~tactically~*~*~ (stealth).
 16784 | D:11     | Killed Josephine
 16873 | D:11     | Identified the +1 helmet of Pathos {rPois Will+ Int+4}
                  | (Okawaru gifted it to you on level 11 of the Dungeon)
 16873 | D:11     | Received a gift from Okawaru
 16944 | D:11     | 16944 ||| INVOKING Heroism.
 16945 | D:11     | 16945 ||| INVOKING Finesse.
 17117 | D:11     | 17117 ||| Stepping ~*~*~tactically~*~*~ (stealth).
 17118 | D:11     | 17118 ||| Stepping ~*~*~tactically~*~*~ (stealth).
 17119 | D:11     | 17119 ||| Stepping ~*~*~tactically~*~*~ (stealth).
 17120 | D:11     | 17120 ||| Stepping ~*~*~tactically~*~*~ (stealth).
 17137 | D:11     | 17137 ||| Stepping ~*~*~tactically~*~*~ (stealth).
 17138 | D:11     | 17138 ||| Stepping ~*~*~tactically~*~*~ (stealth).
 17141 | D:11     | 17141 ||| Stepping ~*~*~tactically~*~*~ (stealth).
 17149 | D:11     | Reached skill level 9 in Shields
 17212 | D:11     | 17212 ||| Stepping ~*~*~tactically~*~*~ (stealth).
 17237 | D:11     | Found Josurerch's Neck Hole.
 17240 | D:11     | 17240 ||| BUYING amulet of the acrobat (420 gold).
 17240 | D:11     | Bought an amulet of the acrobat for 420 gold pieces
 17403 | D:11     | 17403 ||| Stepping ~*~*~tactically~*~*~ (stealth).
 17405 | D:11     | Noticed Lodul
 17406 | D:11     | 17406 ||| Stepping ~*~*~tactically~*~*~ (hiding).
 17418 | D:11     | Killed Lodul
 17604 | D:11     | 17604 ||| PLANNING D
 17604 | D:11     | 17604 ||| UPGRADING to amulet of the acrobat.
 17609 | D:11     | 17609 ||| DROPPING ring of magical power.
 17662 | D:12     | 17662 ||| INVOKING Heroism.
 17778 | D:12     | 17778 ||| Stepping ~*~*~tactically~*~*~ (stealth).
 17780 | D:12     | 17780 ||| Stepping ~*~*~tactically~*~*~ (stealth).
 17782 | D:12     | 17782 ||| INVOKING Heroism.
 17891 | D:12     | 17891 ||| INVOKING Heroism.
 17893 | D:12     | 17893 ||| INVOKING Finesse.
 17959 | D:12     | 17959 ||| INVOKING Heroism.
 17990 | D:12     | 17990 ||| READING scroll of enchant armour.
 17990 | D:12     | 17990 ||| ENCHANTING +0 pair of gloves.
 18188 | D:12     | 18188 ||| Stepping randomly (disturbance).
 18189 | D:12     | 18189 ||| Stepping randomly (disturbance).
 18482 | D:13     | 18482 ||| INVOKING Heroism.
 18483 | D:13     | 18483 ||| INVOKING Finesse.
 18538 | D:13     | 18538 ||| INVOKING Heroism.
 18539 | D:13     | 18539 ||| SWAPPING to +0 broad axe.
 18628 | D:13     | 18628 ||| INVOKING Heroism.
 18843 | D:13     | 18843 ||| Stepping ~*~*~tactically~*~*~ (stealth).
 18845 | D:13     | 18845 ||| Stepping ~*~*~tactically~*~*~ (stealth).
 18848 | D:13     | 18848 ||| Stepping ~*~*~tactically~*~*~ (stealth).
 18987 | D:13     | Found a portal to a secret trove of treasure.
 18996 | D:13     | 18996 ||| INVOKING Heroism.
 19163 | D:13     | Reached skill level 12 in Shields
 19377 | D:14     | 19377 ||| STAIRDANCE
 19493 | D:14     | 19493 ||| READING scroll of brand weapon.
 19493 | D:14     | 19493 ||| BRANDING +0 broad axe.
 19633 | D:14     | 19633 ||| Stepping ~*~*~tactically~*~*~ (stealth).
 19765 | D:14     | 19765 ||| FLEEEEING.
 19767 | D:14     | 19767 ||| FLEEEEING.
 20052 | D:14     | 20052 ||| Stepping ~*~*~tactically~*~*~ (hiding).
 20054 | D:14     | 20054 ||| Stepping ~*~*~tactically~*~*~ (stealth).
 20061 | D:14     | 20061 ||| INVOKING Heroism.
 20100 | D:14     | Found a gate to the Vaults.
 20100 | D:14     | Noticed an ironbound preserver
 20109 | D:14     | Killed an ironbound preserver
 20131 | D:14     | Reached skill level 15 in Axes
 20165 | D:14     | Noticed a brown very ugly thing
 20176 | D:14     | Killed a brown very ugly thing
 20177 | D:14     | Reached XP level 15. HP: 89/104 MP: 22/22
 20202 | D:14     | 20202 ||| UPGRADING to +2 pair of gloves.
 20212 | D:14     | 20212 ||| DROPPING +1 pair of gloves.
 20213 | D:14     | 20213 ||| READING scroll labelled WAG SITAST.
 20214 | D:14     | 20214 ||| DRINKING 2 fizzy orange potions.
 20233 | D:15     | Entered Level 15 of the Dungeon
 20390 | D:15     | 20390 ||| Stepping ~*~*~tactically~*~*~ (stealth).
 20392 | D:15     | 20392 ||| Stepping ~*~*~tactically~*~*~ (hiding).
 20395 | D:15     | 20395 ||| Stepping ~*~*~tactically~*~*~ (hiding).
 20396 | D:15     | 20396 ||| Stepping ~*~*~tactically~*~*~ (hiding).
 20397 | D:15     | 20397 ||| Stepping ~*~*~tactically~*~*~ (hiding).
 20399 | D:15     | 20399 ||| Stepping ~*~*~tactically~*~*~ (hiding).
 20523 | D:15     | 20523 ||| Stepping ~*~*~tactically~*~*~ (hiding).
 20525 | D:15     | 20525 ||| Stepping ~*~*~tactically~*~*~ (hiding).
 20530 | D:15     | Received a gift from Okawaru
 20547 | D:15     | 20547 ||| INVOKING Heroism.
 20551 | D:15     | Reached skill level 12 in Fighting
 20581 | D:15     | 20581 ||| INVOKING Finesse.
 20582 | D:15     | 20582 ||| INVOKING Finesse.
 20627 | D:15     | 20627 ||| INVOKING Heroism.
 20628 | D:15     | 20628 ||| INVOKING Finesse.
 20630 | D:15     | 20630 ||| SWAPPING to +7 war axe of flaming.
 20634 | D:15     | 20634 ||| SWAPPING to +0 broad axe of electrocution.
 20776 | D:15     | 20776 ||| Stepping ~*~*~tactically~*~*~ (hiding).
 20816 | D:15     | Found a glowing silver altar of Zin.
 20816 | D:15     | Found a glowing golden altar of the Shining One.
 20817 | D:15     | Found a white marble altar of Elyvilon.
 20872 | D:15     | 20872 ||| INVOKING Heroism.
 20908 | D:15     | Reached ****** piety under Okawaru
 20944 | D:15     | Received a gift from Okawaru
 20946 | D:15     | Found a staircase to the Depths.
 21041 | D:15     | Noticed Nessos
 21042 | D:15     | 21042 ||| Stepping ~*~*~tactically~*~*~ (hiding).
 21045 | D:15     | 21045 ||| INVOKING Finesse.
 21059 | D:15     | Killed Nessos
 21080 | D:15     | 21080 ||| PLANNING ORC
 21204 | Orc:1    | Entered Level 1 of the Orcish Mines
 21205 | Orc:1    | 21205 ||| INVOKING Heroism.
 21206 | Orc:1    | 21206 ||| INVOKING Finesse.
 21219 | Orc:1    | 21219 ||| Stepping ~*~*~tactically~*~*~ (hiding).
 21224 | Orc:1    | 21224 ||| Stepping ~*~*~tactically~*~*~ (hiding).
 21224 | Orc:1    | Found Error's Distillery.
 21225 | Orc:1    | 21225 ||| Stepping ~*~*~tactically~*~*~ (hiding).
 21226 | Orc:1    | 21226 ||| Stepping ~*~*~tactically~*~*~ (hiding).
 21226 | Orc:1    | Found Vatteus's Magic Scroll Shoppe.
 21278 | Orc:1    | Noticed Fannar
 21279 | Orc:1    | Found Hyhack's Weapon Boutique.
 21284 | Orc:1    | 21284 ||| INVOKING Heroism.
 21294 | Orc:1    | Killed Fannar
 21339 | Orc:1    | 21339 ||| BUYING 2 potions of cancellation (288 gold).
 21339 | Orc:1    | Bought 2 potions of cancellation for 288 gold pieces
 21339 | Orc:1    | 21339 ||| BUYING potion of curing (54 gold).
 21339 | Orc:1    | Bought a potion of curing for 54 gold pieces
 21339 | Orc:1    | 21339 ||| BUYING potion of curing (54 gold).
 21339 | Orc:1    | Bought a potion of curing for 54 gold pieces
 21339 | Orc:1    | 21339 ||| BUYING potion of haste (180 gold).
 21339 | Orc:1    | Bought a potion of haste for 180 gold pieces
 21339 | Orc:1    | 21339 ||| BUYING potion of might (72 gold).
 21339 | Orc:1    | Bought a potion of might for 72 gold pieces
 21339 | Orc:1    | 21339 ||| BUYING potion of mutation (144 gold).
 21339 | Orc:1    | Bought a potion of mutation for 144 gold pieces
 21370 | Orc:1    | Found Jecieh's Book Boutique.
 21408 | Orc:1    | 21408 ||| Stepping ~*~*~tactically~*~*~ (stealth).
 21409 | Orc:1    | 21409 ||| Stepping ~*~*~tactically~*~*~ (stealth).
 21410 | Orc:1    | 21410 ||| Stepping ~*~*~tactically~*~*~ (stealth).
 21498 | Orc:1    | 21498 ||| Stepping ~*~*~tactically~*~*~ (stealth).
 21499 | Orc:1    | 21499 ||| Stepping ~*~*~tactically~*~*~ (stealth).
 21510 | Orc:1    | 21510 ||| Stepping ~*~*~tactically~*~*~ (hiding).
 21527 | Orc:1    | 21527 ||| READING scroll of enchant armour.
 21527 | Orc:1    | 21527 ||| ENCHANTING +0 cloak.
 21590 | Orc:1    | 21590 ||| BUYING scroll of acquirement (572 gold).
 21590 | Orc:1    | Bought a scroll of acquirement for 572 gold pieces
 21590 | Orc:1    | 21590 ||| BUYING scroll of brand weapon (104 gold).
 21590 | Orc:1    | Bought a scroll of brand weapon for 104 gold pieces
 21590 | Orc:1    | 21590 ||| BUYING scroll of enchant weapon (82 gold).
 21590 | Orc:1    | Bought a scroll of enchant weapon for 82 gold pieces
 21590 | Orc:1    | 21590 ||| BUYING scroll of enchant weapon (82 gold).
 21590 | Orc:1    | Bought a scroll of enchant weapon for 82 gold pieces
 21590 | Orc:1    | 21590 ||| BUYING scroll of teleportation (33 gold).
 21590 | Orc:1    | Bought a scroll of teleportation for 33 gold pieces
 21590 | Orc:1    | 21590 ||| READING scroll of acquirement.
 21590 | Orc:1    | 21590 ||| ACQUIRING +2 pair of gloves "Qeofasesush" {rCorr
                  | MP-9 Dex+2 Slay+3}
 21590 | Orc:1    | Acquired the +2 pair of gloves "Qeofasesush" {rCorr MP-9
                  | Dex+2 Slay+3}
 21592 | Orc:1    | 21592 ||| UPGRADING to +2 pair of gloves "Qeofasesush"
                  | {rCorr MP-9 Dex+2 Slay+3}.
 21602 | Orc:1    | 21602 ||| DROPPING +2 pair of gloves.
 21603 | Orc:1    | 21603 ||| READING scroll of brand weapon.
 21603 | Orc:1    | 21603 ||| BRANDING +0 broad axe of electrocution.
 21604 | Orc:1    | 21604 ||| READING 2 scrolls of enchant weapon.
 21604 | Orc:1    | 21604 ||| ENCHANTING +0 broad axe of protection.
 21605 | Orc:1    | 21605 ||| READING scroll of enchant weapon.
 21605 | Orc:1    | 21605 ||| ENCHANTING +1 broad axe of protection.
 21650 | Orc:1    | 21650 ||| INVOKING Heroism.
 21669 | Orc:1    | Found Wowet Fasa's Magic Scroll Shoppe.
 21678 | Orc:1    | 21678 ||| BUYING scroll of enchant weapon (90 gold).
 21678 | Orc:1    | Bought a scroll of enchant weapon for 90 gold pieces
 21678 | Orc:1    | 21678 ||| SHOPLISTING scroll of teleportation (36 gold,
                  | have 7).
 21678 | Orc:1    | 21678 ||| READING scroll of enchant weapon.
 21678 | Orc:1    | 21678 ||| ENCHANTING +2 broad axe of protection.
 21774 | Orc:2    | Entered Level 2 of the Orcish Mines
 21775 | Orc:2    | 21775 ||| INVOKING Heroism.
 21776 | Orc:2    | 21776 ||| STAIRDANCE
 21776 | Orc:2    | Noticed an orc warlord
 21792 | Orc:2    | 21792 ||| STAIRDANCE
 21794 | Orc:1    | 21794 ||| INVOKING Finesse.
 21821 | Orc:1    | 21821 ||| INVOKING Heroism.
 21824 | Orc:1    | Killed an orc warlord
 21875 | Orc:1    | 21875 ||| UPGRADING to +0 tower shield.
 21885 | Orc:1    | 21885 ||| DROPPING +0 kite shield.
 21889 | Orc:2    | 21889 ||| STAIRDANCE
 21891 | Orc:1    | 21891 ||| INVOKING Heroism.
 21932 | Orc:2    | 21932 ||| STAIRDANCE
 21944 | Orc:2    | 21944 ||| STAIRDANCE
 21946 | Orc:1    | 21946 ||| INVOKING Heroism.
 21966 | Orc:2    | 21966 ||| STAIRDANCE
 21972 | Orc:2    | 21972 ||| STAIRDANCE
 21982 | Orc:2    | 21982 ||| INVOKING Heroism.
 22049 | Orc:2    | 22049 ||| INVOKING Heroism.
 22105 | Orc:2    | 22105 ||| Stepping ~*~*~tactically~*~*~ (hiding).
 22113 | Orc:2    | 22113 ||| Stepping ~*~*~tactically~*~*~ (hiding).
 22115 | Orc:2    | 22115 ||| INVOKING Heroism.
 22117 | Orc:2    | 22117 ||| Stepping ~*~*~tactically~*~*~ (stealth).
 22125 | Orc:2    | 22125 ||| Stepping ~*~*~tactically~*~*~ (hiding).
 22140 | Orc:2    | Found a staircase to the Elven Halls.
 22359 | Orc:2    | 22359 ||| Stepping ~*~*~tactically~*~*~ (stealth).
 22368 | Orc:2    | Received a gift from Okawaru
 22373 | Orc:2    | 22373 ||| Stepping ~*~*~tactically~*~*~ (stealth).
 22451 | Orc:2    | 22451 ||| Stepping ~*~*~tactically~*~*~ (stealth).
 22453 | Orc:2    | 22453 ||| Stepping ~*~*~tactically~*~*~ (stealth).
 22454 | Orc:2    | 22454 ||| Stepping ~*~*~tactically~*~*~ (stealth).
 22465 | Orc:2    | 22465 ||| Stepping ~*~*~tactically~*~*~ (hiding).
 22466 | Orc:2    | 22466 ||| Stepping ~*~*~tactically~*~*~ (hiding).
 22715 | Orc:2    | 22715 ||| INVOKING Heroism.
 22722 | Orc:2    | Noticed an orc warlord
 22723 | Orc:2    | 22723 ||| INVOKING Finesse.
 22745 | Orc:2    | Killed an orc warlord
 22745 | Orc:2    | Received a gift from Okawaru
 22791 | Orc:2    | Found Salou's Antique Weapon Boutique.
 22796 | Orc:2    | Found Naste's Antique Armour Shop.
 22824 | Orc:2    | 22824 ||| SHOPLISTING shiny chain mail (262 gold, have
                  | 201).
 22834 | Orc:2    | 22834 ||| INVOKING Heroism.
 22902 | Orc:2    | 22902 ||| INVOKING Heroism.
 22903 | Orc:2    | Found Xelab's General Store.
 22922 | Orc:2    | 22922 ||| SHOPLISTING 2 potions of resistance (260 gold,
                  | have 201).
 22969 | Orc:2    | 22969 ||| INVOKING Heroism.
 22989 | Orc:2    | Found Oplimn's Magic Scroll Emporium.
 22998 | Orc:2    | 22998 ||| SHOPLISTING scroll of acquirement (884 gold, have
                  | 223).
 22998 | Orc:2    | 22998 ||| BUYING scroll of brand weapon (161 gold).
 22998 | Orc:2    | Bought a scroll of brand weapon for 161 gold pieces
 22998 | Orc:2    | 22998 ||| SHOPLISTING scroll of enchant weapon (127 gold,
                  | have 62).
 22998 | Orc:2    | 22998 ||| BUYING scroll of teleportation (51 gold).
 22998 | Orc:2    | Bought a scroll of teleportation for 51 gold pieces
 22998 | Orc:2    | 22998 ||| READING scroll of brand weapon.
 22998 | Orc:2    | 22998 ||| BRANDING +3 broad axe of protection.
 23047 | Orc:2    | 23047 ||| SWAPPING to +0 broad axe of electrocution.
 23048 | Orc:2    | 23048 ||| DROPPING +3 broad axe of chaos.
 23049 | Orc:2    | 23049 ||| PLANNING SWAMP:1-3
 23198 | Swamp:1  | Entered Level 1 of the Swamp
 23198 | Swamp:1  | Noticed a fenstrider witch
 23199 | Swamp:1  | 23199 ||| INVOKING Heroism.
 23207 | Swamp:1  | Killed a fenstrider witch
 23208 | Swamp:1  | Identified the +9 hand axe "Omelette" {freeze, *Rage rPois
                  | SInv} (Okawaru gifted it to you on level 1 of the Swamp)
 23208 | Swamp:1  | Received a gift from Okawaru
 23213 | Swamp:1  | 23213 ||| Stepping ~*~*~tactically~*~*~ (stealth).
 23214 | Swamp:1  | 23214 ||| Stepping ~*~*~tactically~*~*~ (stealth).
 23217 | Swamp:1  | 23217 ||| Stepping ~*~*~tactically~*~*~ (stealth).
 23240 | Swamp:1  | Reached XP level 16. HP: 44/111 MP: 14/23
 23261 | Swamp:1  | 23261 ||| INVOKING Heroism.
 23338 | Swamp:1  | 23338 ||| Stepping ~*~*~tactically~*~*~ (hiding).
 23454 | Swamp:1  | 23454 ||| Stepping ~*~*~tactically~*~*~ (stealth).
 23461 | Swamp:1  | 23461 ||| INVOKING Heroism.
 23478 | Swamp:1  | 23478 ||| Stepping ~*~*~tactically~*~*~ (stealth).
 23481 | Swamp:1  | 23481 ||| Stepping ~*~*~tactically~*~*~ (stealth).
 23494 | Swamp:1  | 23494 ||| INVOKING Heroism.
 23497 | Swamp:1  | Reached skill level 15 in Shields
 23537 | Swamp:1  | Found a frozen archway.
 23566 | Swamp:1  | 23566 ||| INVOKING Heroism.
 23584 | Swamp:1  | 23584 ||| Stepping ~*~*~tactically~*~*~ (stealth).
 23789 | Swamp:1  | Received a gift from Okawaru
 23878 | Swamp:2  | 23878 ||| INVOKING Heroism.
 23880 | Swamp:2  | 23880 ||| INVOKING Finesse.
 23886 | Swamp:2  | 23886 ||| SWAPPING to +7 war axe of flaming.
 23893 | Swamp:2  | 23893 ||| SWAPPING to +0 broad axe of electrocution.
 23894 | Swamp:2  | Received a gift from Okawaru
 24010 | Swamp:2  | 24010 ||| Stepping ~*~*~tactically~*~*~ (hiding).
 24083 | Swamp:2  | 24083 ||| Stepping ~*~*~tactically~*~*~ (stealth).
 24085 | Swamp:2  | 24085 ||| INVOKING Heroism.
 24086 | Swamp:2  | 24086 ||| Stepping ~*~*~tactically~*~*~ (stealth).
 24088 | Swamp:2  | 24088 ||| Stepping ~*~*~tactically~*~*~ (stealth).
 24113 | Swamp:2  | 24113 ||| Stepping ~*~*~tactically~*~*~ (hiding).
 24146 | Swamp:2  | Identified the +1 spear "Bilol" {vorpal, rC+ Dex+2}
                  | (Okawaru gifted it to you on level 2 of the Swamp)
 24146 | Swamp:2  | Received a gift from Okawaru
 24237 | Swamp:2  | 24237 ||| INVOKING Heroism.
 24334 | Swamp:2  | 24334 ||| READING scroll of enchant weapon.
 24334 | Swamp:2  | 24334 ||| ENCHANTING +0 broad axe of electrocution.
 24344 | Swamp:2  | 24344 ||| READING 12 scrolls of identify.
 24344 | Swamp:2  | 24344 ||| IDENTIFYING brown potion
 24345 | Swamp:2  | 24345 ||| DROPPING potion of ambrosia.
 24354 | Swamp:3  | 24354 ||| INVOKING Heroism.
 24374 | Swamp:3  | 24374 ||| Stepping ~*~*~tactically~*~*~ (stealth).
 24379 | Swamp:3  | Reached skill level 6 in Throwing
 24449 | Swamp:3  | 24449 ||| INVOKING Heroism.
 24525 | Swamp:3  | Reached skill level 6 in Dodging
 24557 | Swamp:3  | 24557 ||| Stepping ~*~*~tactically~*~*~ (hiding).
 24675 | Swamp:3  | 24675 ||| READING scroll of enchant weapon.
 24675 | Swamp:3  | 24675 ||| ENCHANTING +1 broad axe of electrocution.
 24737 | Swamp:3  | 24737 ||| Stepping ~*~*~tactically~*~*~ (hiding).
 24740 | Swamp:3  | 24740 ||| Stepping ~*~*~tactically~*~*~ (hiding).
 24741 | Swamp:3  | 24741 ||| Stepping ~*~*~tactically~*~*~ (hiding).
 24747 | Swamp:3  | 24747 ||| INVOKING Heroism.
 24803 | Swamp:3  | 24803 ||| INVOKING Heroism.
 25114 | Swamp:3  | 25114 ||| PLANNING SPIDER:1-3
 25114 | Swamp:3  | 25114 ||| READING scroll labelled CINAWE CAITYZE.
 25224 | Spider:1 | Entered Level 1 of the Spider Nest
 25283 | Spider:1 | Received a gift from Okawaru
 25287 | Spider:1 | 25287 ||| Stepping ~*~*~tactically~*~*~ (stealth).
 25291 | Spider:1 | 25291 ||| Stepping ~*~*~tactically~*~*~ (stealth).
 25307 | Spider:1 | 25307 ||| Stepping ~*~*~tactically~*~*~ (stealth).
 25316 | Spider:1 | 25316 ||| Stepping ~*~*~tactically~*~*~ (stealth).
 25318 | Spider:1 | 25318 ||| Stepping ~*~*~tactically~*~*~ (hiding).
 25321 | Spider:1 | 25321 ||| INVOKING Heroism.
 25353 | Spider:1 | 25353 ||| Stepping ~*~*~tactically~*~*~ (stealth).
 25417 | Spider:1 | Received a gift from Okawaru
 25422 | Spider:1 | 25422 ||| Stepping ~*~*~tactically~*~*~ (stealth).
 25448 | Spider:1 | 25448 ||| Stepping ~*~*~tactically~*~*~ (stealth).
 25484 | Spider:1 | 25484 ||| Stepping ~*~*~tactically~*~*~ (hiding).
 25489 | Spider:1 | 25489 ||| INVOKING Heroism.
 25546 | Spider:1 | 25546 ||| Stepping ~*~*~tactically~*~*~ (stealth).
 25547 | Spider:1 | 25547 ||| INVOKING Heroism.
 25554 | Spider:1 | Received a gift from Okawaru
 25555 | Spider:1 | 25555 ||| Stepping ~*~*~tactically~*~*~ (stealth).
 25566 | Spider:1 | 25566 ||| SWAPPING to +3 broad axe of electrocution.
 25567 | Spider:1 | 25567 ||| DROPPING +2 broad axe of electrocution.
 25628 | Spider:1 | Noticed Rupert
 25629 | Spider:1 | 25629 ||| INVOKING Heroism.
 25630 | Spider:1 | 25630 ||| INVOKING Finesse.
 25635 | Spider:1 | Killed Rupert
 25785 | Spider:1 | Noticed Asterion
 25786 | Spider:1 | 25786 ||| Stepping ~*~*~tactically~*~*~ (hiding).
 25788 | Spider:1 | 25788 ||| INVOKING Heroism.
 25789 | Spider:1 | 25789 ||| INVOKING Finesse.
 25800 | Spider:1 | Killed Asterion
 25974 | Spider:1 | 25974 ||| Stepping ~*~*~tactically~*~*~ (stealth).
 25975 | Spider:1 | 25975 ||| Stepping ~*~*~tactically~*~*~ (stealth).
 25991 | Spider:1 | 25991 ||| Stepping ~*~*~tactically~*~*~ (stealth).
 25993 | Spider:1 | 25993 ||| Stepping ~*~*~tactically~*~*~ (stealth).
 26000 | Spider:1 | 26000 ||| INVOKING Heroism.
 26015 | Spider:1 | Reached XP level 17. HP: 60/116 MP: 13/24
 26017 | Spider:1 | 26017 ||| Stepping ~*~*~tactically~*~*~ (stealth).
 26030 | Spider:1 | 26030 ||| Stepping ~*~*~tactically~*~*~ (stealth).
 26031 | Spider:1 | 26031 ||| INVOKING Heroism.
 26032 | Spider:1 | 26032 ||| Stepping ~*~*~tactically~*~*~ (stealth).
 26052 | Spider:1 | 26052 ||| Stepping ~*~*~tactically~*~*~ (stealth).
 26094 | Spider:1 | 26094 ||| Stepping ~*~*~tactically~*~*~ (stealth).
 26527 | Spider:1 | 26527 ||| INVOKING Heroism.
 26713 | Spider:2 | 26713 ||| INVOKING Heroism.
 26722 | Spider:2 | 26722 ||| INVOKING Finesse.
 26728 | Spider:2 | Received a gift from Okawaru
 26741 | Spider:2 | 26741 ||| Stepping ~*~*~tactically~*~*~ (stealth).
 26799 | Spider:2 | Identified the +7 short sword of Hairy Trial by Ordeal
                  | {venom, *Slow Str+7}
 26820 | Spider:2 | 26820 ||| INVOKING Heroism.
 26881 | Spider:2 | 26881 ||| INVOKING Heroism.
 26906 | Spider:2 | 26906 ||| FLEEEEING.
 26907 | Spider:2 | 26907 ||| FLEEEEING.
 26908 | Spider:2 | 26908 ||| FLEEEEING.
 26909 | Spider:2 | 26909 ||| FLEEEEING.
 26910 | Spider:2 | 26910 ||| FLEEEEING.
 26911 | Spider:2 | 26911 ||| FLEEEEING.
 26912 | Spider:2 | 26912 ||| FLEEEEING.
 26913 | Spider:2 | 26913 ||| FLEEEEING.
 26914 | Spider:2 | 26914 ||| FLEEEEING.
 27051 | Spider:2 | 27051 ||| INVOKING Finesse.
 27067 | Spider:2 | 27067 ||| INVOKING Heroism.
 27076 | Spider:2 | 27076 ||| INVOKING Finesse.
 27090 | Spider:2 | 27090 ||| INVOKING Heroism.
 27093 | Spider:2 | 27093 ||| INVOKING Finesse.
 27599 | Spider:2 | 27599 ||| INVOKING Heroism.
 27655 | Spider:2 | 27655 ||| DRINKING 15 potions of curing.
 27655 | Spider:2 | 27655 ||| (to cure confusion)
 27660 | Spider:2 | 27660 ||| DRINKING 14 potions of curing.
 27660 | Spider:2 | 27660 ||| (to cure confusion)
 27669 | Spider:2 | 27669 ||| Stepping randomly (disturbance).
 27682 | Spider:2 | Received a gift from Okawaru
 27986 | Spider:3 | 27986 ||| STAIRDANCE
 27993 | Spider:3 | 27993 ||| STAIRDANCE
 28022 | Spider:3 | 28022 ||| STAIRDANCE
 28024 | Spider:2 | 28024 ||| INVOKING Heroism.
 28086 | Spider:3 | 28086 ||| STAIRDANCE
 28113 | Spider:3 | Noticed Mlioglotl
 28114 | Spider:3 | 28114 ||| STAIRDANCE
 28135 | Spider:3 | 28135 ||| STAIRDANCE
 28135 | Spider:3 | Noticed a tentacled starspawn
 28142 | Spider:3 | 28142 ||| STAIRDANCE
 28144 | Spider:2 | 28144 ||| INVOKING Heroism.
 28145 | Spider:2 | 28145 ||| INVOKING Finesse.
 28153 | Spider:2 | Noticed a tentacled starspawn
 28163 | Spider:2 | Killed Mlioglotl
 28213 | Spider:3 | 28213 ||| Stepping ~*~*~tactically~*~*~ (stealth).
 28219 | Spider:3 | 28219 ||| Stepping ~*~*~tactically~*~*~ (hiding).
 28502 | Spider:3 | 28502 ||| PLANNING SWAMP:4
 28502 | Spider:3 | 28502 ||| DROPPING amulet of guardian spirit.
 28503 | Spider:3 | 28503 ||| READING scroll labelled ZOGORCHUDGH.
 28632 | Swamp:4  | Entered Level 4 of the Swamp
 28665 | Swamp:4  | 28665 ||| INVOKING Heroism.
 28674 | Swamp:4  | 28674 ||| SWAPPING to +7 war axe of flaming.
 28680 | Swamp:4  | 28680 ||| SWAPPING to +3 broad axe of electrocution.
 28683 | Swamp:4  | 28683 ||| SWAPPING to +7 war axe of flaming.
 28690 | Swamp:4  | 28690 ||| SWAPPING to +3 broad axe of electrocution.
 28741 | Swamp:4  | 28741 ||| Stepping ~*~*~tactically~*~*~ (stealth).
 28744 | Swamp:4  | 28744 ||| INVOKING Heroism.
 28746 | Swamp:4  | 28746 ||| SWAPPING to +7 war axe of flaming.
 28751 | Swamp:4  | 28751 ||| SWAPPING to +3 broad axe of electrocution.
 28789 | Swamp:4  | 28789 ||| INVOKING Heroism.
 28796 | Swamp:4  | 28796 ||| SWAPPING to +7 war axe of flaming.
 28801 | Swamp:4  | Received a gift from Okawaru
 28805 | Swamp:4  | 28805 ||| SWAPPING to +3 broad axe of electrocution.
 28854 | Swamp:4  | Identified the +0 robe of the Gusle {rC++ Str+3 Dex+2}
                  | (Okawaru gifted it to you on level 4 of the Swamp)
 28854 | Swamp:4  | Received a gift from Okawaru
 28880 | Swamp:4  | 28880 ||| Stepping ~*~*~tactically~*~*~ (hiding).
 28881 | Swamp:4  | 28881 ||| Stepping ~*~*~tactically~*~*~ (hiding).
 28883 | Swamp:4  | 28883 ||| Stepping ~*~*~tactically~*~*~ (hiding).
 28975 | Swamp:4  | 28975 ||| Stepping ~*~*~tactically~*~*~ (hiding).
 28977 | Swamp:4  | 28977 ||| INVOKING Heroism.
 28979 | Swamp:4  | 28979 ||| SWAPPING to +7 war axe of flaming.
 28983 | Swamp:4  | 28983 ||| SWAPPING to +3 broad axe of electrocution.
 28985 | Swamp:4  | 28985 ||| Stepping ~*~*~tactically~*~*~ (cloud).
 28986 | Swamp:4  | 28986 ||| SWAPPING to +7 war axe of flaming.
 28991 | Swamp:4  | 28991 ||| SWAPPING to +3 broad axe of electrocution.
 28993 | Swamp:4  | 28993 ||| DROPPING +4 broad axe.
 29012 | Swamp:4  | 29012 ||| Stepping ~*~*~tactically~*~*~ (stealth).
 29013 | Swamp:4  | 29013 ||| SWAPPING to +7 war axe of flaming.
 29014 | Swamp:4  | 29014 ||| SWAPPING to +3 broad axe of electrocution.
 29016 | Swamp:4  | 29016 ||| SWAPPING to +7 war axe of flaming.
 29018 | Swamp:4  | 29018 ||| SWAPPING to +3 broad axe of electrocution.
 29046 | Swamp:4  | 29046 ||| Stepping ~*~*~tactically~*~*~ (stealth).
 29048 | Swamp:4  | 29048 ||| Stepping ~*~*~tactically~*~*~ (hiding).
 29049 | Swamp:4  | 29049 ||| Stepping ~*~*~tactically~*~*~ (hiding).
 29050 | Swamp:4  | 29050 ||| INVOKING Heroism.
 29051 | Swamp:4  | 29051 ||| SWAPPING to +7 war axe of flaming.
 29059 | Swamp:4  | 29059 ||| SWAPPING to +3 broad axe of electrocution.
 29080 | Swamp:4  | Reached XP level 18. HP: 125/125 MP: 16/25
 29080 | Swamp:4  | 29080 ||| DROPPING +7 war axe of flaming.
 29088 | Swamp:4  | Got a decaying rune of Zot
 29105 | Swamp:4  | 29105 ||| INVOKING Heroism.
 29434 | Swamp:4  | 29434 ||| PLANNING VAULTS:1-4
 29682 | Vaults:1 | Entered Level 1 of the Vaults
 29692 | Vaults:1 | 29692 ||| INVOKING Heroism.
 29693 | Vaults:1 | 29693 ||| INVOKING Finesse.
 29837 | Vaults:1 | 29837 ||| Stepping ~*~*~tactically~*~*~ (hiding).
 29843 | Vaults:1 | 29843 ||| INVOKING Heroism.
 29849 | Vaults:1 | 29849 ||| INVOKING Finesse.
 29852 | Vaults:1 | Reached skill level 18 in Axes
 29881 | Vaults:1 | Reached skill level 18 in Shields
 29909 | Vaults:1 | 29909 ||| INVOKING Heroism.
 29971 | Vaults:1 | 29971 ||| READING scroll of enchant weapon.
 29971 | Vaults:1 | 29971 ||| ENCHANTING +3 broad axe of electrocution.
 30215 | Vaults:1 | 30215 ||| Stepping ~*~*~tactically~*~*~ (hiding).
 30217 | Vaults:1 | 30217 ||| INVOKING Heroism.
 30254 | Vaults:1 | 30254 ||| INVOKING Heroism.
 30255 | Vaults:1 | 30255 ||| Stepping ~*~*~tactically~*~*~ (hiding).
 30259 | Vaults:1 | 30259 ||| INVOKING Finesse.
 30266 | Vaults:1 | 30266 ||| Stepping ~*~*~tactically~*~*~ (hiding).
 30284 | Vaults:1 | 30284 ||| Stepping ~*~*~tactically~*~*~ (stealth).
 30315 | Vaults:1 | 30315 ||| Stepping ~*~*~tactically~*~*~ (hiding).
 30316 | Vaults:1 | 30316 ||| Stepping ~*~*~tactically~*~*~ (stealth).
 30320 | Vaults:1 | 30320 ||| INVOKING Heroism.
 30321 | Vaults:1 | 30321 ||| INVOKING Finesse.
 30453 | Vaults:1 | 30453 ||| INVOKING Heroism.
 30455 | Vaults:1 | Noticed Zenata
 30455 | Vaults:1 | 30455 ||| INVOKING Finesse.
 30465 | Vaults:1 | Received a gift from Okawaru
 30499 | Vaults:1 | Killed Zenata
 30663 | Vaults:1 | 30663 ||| Stepping ~*~*~tactically~*~*~ (hiding).
 30664 | Vaults:1 | 30664 ||| Stepping ~*~*~tactically~*~*~ (hiding).
 30671 | Vaults:1 | Reached skill level 15 in Fighting
 30690 | Vaults:1 | Found Qaaguv's Jewellery Emporium.
 30695 | Vaults:1 | 30695 ||| BUYING +4 ring of protection (576 gold).
 30695 | Vaults:1 | Bought a +4 ring of protection for 576 gold pieces
 30695 | Vaults:1 | 30695 ||| SHOPLISTING amulet of reflection (480 gold, have
                  | 234).
 30835 | Vaults:1 | 30835 ||| INVOKING Heroism.
 30925 | Vaults:1 | Received a gift from Okawaru
 31036 | Vaults:1 | 31036 ||| INVOKING Heroism.
 31158 | Vaults:1 | 31158 ||| DROPPING +6 ring of strength.
 31219 | Vaults:2 | 31219 ||| Stepping ~*~*~tactically~*~*~ (hiding).
 31222 | Vaults:2 | 31222 ||| INVOKING Heroism.
 31262 | Vaults:2 | 31262 ||| Stepping ~*~*~tactically~*~*~ (hiding).
 31263 | Vaults:2 | 31263 ||| INVOKING Heroism.
 31265 | Vaults:2 | 31265 ||| INVOKING Finesse.
 31345 | Vaults:2 | 31345 ||| Stepping ~*~*~tactically~*~*~ (hiding).
 31350 | Vaults:2 | 31350 ||| FLEEEEING.
 31356 | Vaults:2 | Identified the +8 quarterstaff "Gastraf" {freeze, Fly rPois
                  | Str-5 Int-2} (Okawaru gifted it to you on level 2 of the
                  | Vaults)
 31356 | Vaults:2 | Received a gift from Okawaru
 31367 | Vaults:2 | Reached XP level 19. HP: 116/136 MP: 17/26
 31466 | Vaults:2 | 31466 ||| Stepping ~*~*~tactically~*~*~ (stealth).
 31477 | Vaults:2 | Reached skill level 9 in Throwing
 31543 | Vaults:2 | 31543 ||| Stepping ~*~*~tactically~*~*~ (hiding).
 31544 | Vaults:2 | 31544 ||| Stepping ~*~*~tactically~*~*~ (hiding).
 31560 | Vaults:2 | 31560 ||| Stepping ~*~*~tactically~*~*~ (hiding).
 31583 | Vaults:2 | 31583 ||| INVOKING Heroism.
 31679 | Vaults:2 | Found a staircase to the Crypt.
 31679 | Vaults:2 | Found a basalt altar of Yredelemnul.
 31679 | Vaults:2 | Found an ancient bone altar of Kikubaaqudgha.
 31735 | Vaults:2 | 31735 ||| INVOKING Heroism.
 31911 | Vaults:2 | 31911 ||| Stepping ~*~*~tactically~*~*~ (stealth).
 31913 | Vaults:2 | 31913 ||| Stepping ~*~*~tactically~*~*~ (stealth).
 31915 | Vaults:2 | 31915 ||| INVOKING Heroism.
 31917 | Vaults:2 | Received a gift from Okawaru
 31938 | Vaults:2 | Received a gift from Okawaru
 32023 | Vaults:2 | 32023 ||| INVOKING Heroism.
 32108 | Vaults:2 | 32108 ||| INVOKING Heroism.
 32109 | Vaults:2 | 32109 ||| INVOKING Finesse.
 32119 | Vaults:2 | 32119 ||| Stepping ~*~*~tactically~*~*~ (hiding).
 32120 | Vaults:2 | 32120 ||| Stepping ~*~*~tactically~*~*~ (hiding).
 32132 | Vaults:2 | Identified the +6 broad axe of Putrescence {flame, Fly
                  | rF++} (Okawaru gifted it to you on level 2 of the Vaults)
 32132 | Vaults:2 | Received a gift from Okawaru
 32133 | Vaults:2 | Reached skill level 9 in Dodging
 32139 | Vaults:2 | 32139 ||| INVOKING Heroism.
 32287 | Vaults:2 | 32287 ||| SWAPPING to +6 broad axe of Putrescence {flame,
                  | Fly rF++}.
 32405 | Vaults:2 | 32405 ||| Stepping ~*~*~tactically~*~*~ (hiding).
 32407 | Vaults:2 | 32407 ||| Stepping ~*~*~tactically~*~*~ (hiding).
 32408 | Vaults:2 | 32408 ||| Stepping ~*~*~tactically~*~*~ (hiding).
 32411 | Vaults:2 | 32411 ||| INVOKING Heroism.
 32439 | Vaults:2 | 32439 ||| Stepping ~*~*~tactically~*~*~ (stealth).
 32745 | Vaults:2 | 32745 ||| DROPPING amulet of regeneration.
 32746 | Vaults:2 | 32746 ||| UPGRADING to amulet of reflection.
 32756 | Vaults:2 | 32756 ||| DROPPING amulet of the acrobat.
 32757 | Vaults:2 | 32757 ||| UPGRADING to +4 ring of protection.
 32871 | Vaults:3 | 32871 ||| Stepping ~*~*~tactically~*~*~ (hiding).
 32899 | Vaults:3 | 32899 ||| Stepping ~*~*~tactically~*~*~ (hiding).
 32918 | Vaults:3 | 32918 ||| Stepping ~*~*~tactically~*~*~ (stealth).
 32920 | Vaults:3 | 32920 ||| Stepping ~*~*~tactically~*~*~ (hiding).
 32924 | Vaults:3 | 32924 ||| INVOKING Heroism.
 32925 | Vaults:3 | 32925 ||| INVOKING Finesse.
 32940 | Vaults:3 | Received a gift from Okawaru
 33040 | Vaults:3 | Identified the +9 war axe of Plunder {flame, Str+2 Stlth+}
                  | (Okawaru gifted it to you on level 3 of the Vaults)
 33040 | Vaults:3 | Received a gift from Okawaru
 33045 | Vaults:3 | 33045 ||| Stepping ~*~*~tactically~*~*~ (stealth).
 33047 | Vaults:3 | 33047 ||| Stepping ~*~*~tactically~*~*~ (stealth).
 33052 | Vaults:3 | 33052 ||| INVOKING Heroism.
 33138 | Vaults:3 | 33138 ||| INVOKING Heroism.
 33145 | Vaults:3 | 33145 ||| Stepping ~*~*~tactically~*~*~ (hiding).
 33156 | Vaults:3 | 33156 ||| Stepping ~*~*~tactically~*~*~ (hiding).
 33188 | Vaults:3 | 33188 ||| INVOKING Heroism.
 33224 | Vaults:3 | 33224 ||| Stepping ~*~*~tactically~*~*~ (stealth).
 33226 | Vaults:3 | 33226 ||| Stepping ~*~*~tactically~*~*~ (stealth).
 33228 | Vaults:3 | 33228 ||| Stepping ~*~*~tactically~*~*~ (hiding).
 33240 | Vaults:3 | 33240 ||| Stepping ~*~*~tactically~*~*~ (hiding).
 33242 | Vaults:3 | 33242 ||| Stepping ~*~*~tactically~*~*~ (hiding).
 33279 | Vaults:3 | 33279 ||| INVOKING Heroism.
 33293 | Vaults:3 | Reached XP level 20. HP: 147/147 MP: 16/27
 33468 | Vaults:3 | 33468 ||| Stepping ~*~*~tactically~*~*~ (hiding).
 33470 | Vaults:3 | 33470 ||| Stepping ~*~*~tactically~*~*~ (hiding).
 33471 | Vaults:3 | 33471 ||| Stepping ~*~*~tactically~*~*~ (hiding).
 33620 | Vaults:3 | 33620 ||| Stepping ~*~*~tactically~*~*~ (stealth).
 33675 | Vaults:3 | 33675 ||| FLEEEEING.
 33676 | Vaults:3 | 33676 ||| FLEEEEING.
 33678 | Vaults:3 | 33678 ||| FLEEEEING.
 33679 | Vaults:3 | 33679 ||| FLEEEEING.
 33680 | Vaults:3 | 33680 ||| FLEEEEING.
 33681 | Vaults:3 | 33681 ||| FLEEEEING.
 33688 | Vaults:3 | 33688 ||| FLEEEEING.
 33691 | Vaults:3 | 33691 ||| FLEEEEING.
 33692 | Vaults:3 | 33692 ||| FLEEEEING.
 33697 | Vaults:3 | 33697 ||| FLEEEEING.
 33699 | Vaults:3 | 33699 ||| FLEEEEING.
 33700 | Vaults:3 | 33700 ||| FLEEEEING.
 33701 | Vaults:3 | 33701 ||| Stepping ~*~*~tactically~*~*~ (hiding).
 33702 | Vaults:3 | 33702 ||| FLEEEEING.
 33703 | Vaults:3 | 33703 ||| Stepping ~*~*~tactically~*~*~ (hiding).
 33708 | Vaults:3 | 33708 ||| INVOKING Heroism.
 33713 | Vaults:3 | Received a gift from Okawaru
 33737 | Vaults:3 | 33737 ||| INVOKING Heroism.
 33891 | Vaults:3 | Reached skill level 18 in Fighting
 33915 | Vaults:3 | 33915 ||| Stepping ~*~*~tactically~*~*~ (hiding).
 33917 | Vaults:3 | 33917 ||| Stepping ~*~*~tactically~*~*~ (hiding).
 33928 | Vaults:3 | Received a gift from Okawaru
 33964 | Vaults:3 | Received a gift from Okawaru
 34101 | Vaults:3 | 34101 ||| Stepping ~*~*~tactically~*~*~ (hiding).
 34104 | Vaults:3 | 34104 ||| Stepping ~*~*~tactically~*~*~ (hiding).
 34105 | Vaults:3 | 34105 ||| Stepping ~*~*~tactically~*~*~ (hiding).
 34111 | Vaults:3 | 34111 ||| Stepping ~*~*~tactically~*~*~ (hiding).
 34113 | Vaults:3 | 34113 ||| Stepping ~*~*~tactically~*~*~ (hiding).
 34114 | Vaults:3 | 34114 ||| Stepping ~*~*~tactically~*~*~ (hiding).
 34115 | Vaults:3 | 34115 ||| Stepping ~*~*~tactically~*~*~ (hiding).
 34294 | Vaults:3 | Noticed Nikola
 34295 | Vaults:3 | 34295 ||| Stepping ~*~*~tactically~*~*~ (stealth).
 34313 | Vaults:3 | Killed Nikola
 34409 | Vaults:3 | 34409 ||| Stepping ~*~*~tactically~*~*~ (hiding).
 34650 | Vaults:3 | 34650 ||| UPGRADING to +3 plate armour.
 34660 | Vaults:3 | 34660 ||| DROPPING +3 scale mail of the Eight Artisans
                  | {Regen+ Dex+8 Stlth-}.
 34661 | Vaults:3 | 34661 ||| DROPPING +0 pair of gloves of stealth.
 34662 | Vaults:3 | 34662 ||| DROPPING +6 ring of dexterity.
 34705 | Vaults:4 | 34705 ||| STAIRDANCE
 34716 | Vaults:4 | 34716 ||| STAIRDANCE
 34788 | Vaults:4 | 34788 ||| INVOKING Heroism.
 34907 | Vaults:4 | Reached skill level 12 in Armour
 34911 | Vaults:4 | 34911 ||| Stepping ~*~*~tactically~*~*~ (stealth).
 34914 | Vaults:4 | 34914 ||| INVOKING Heroism.
 35264 | Vaults:4 | 35264 ||| INVOKING Heroism.
 35430 | Vaults:4 | 35430 ||| Stepping ~*~*~tactically~*~*~ (hiding).
 35432 | Vaults:4 | 35432 ||| Stepping ~*~*~tactically~*~*~ (hiding).
 35450 | Vaults:4 | 35450 ||| INVOKING Heroism.
 35604 | Vaults:4 | 35604 ||| Stepping ~*~*~tactically~*~*~ (hiding).
 35606 | Vaults:4 | 35606 ||| Stepping ~*~*~tactically~*~*~ (hiding).
 35607 | Vaults:4 | 35607 ||| Stepping ~*~*~tactically~*~*~ (hiding).
 35735 | Vaults:4 | 35735 ||| Stepping ~*~*~tactically~*~*~ (stealth).
 35736 | Vaults:4 | 35736 ||| Stepping ~*~*~tactically~*~*~ (stealth).
 35737 | Vaults:4 | 35737 ||| Stepping ~*~*~tactically~*~*~ (stealth).
 35805 | Vaults:4 | 35805 ||| INVOKING Heroism.
 35861 | Vaults:4 | 35861 ||| FLEEEEING.
 35862 | Vaults:4 | 35862 ||| FLEEEEING.
 35863 | Vaults:4 | 35863 ||| FLEEEEING.
 35864 | Vaults:4 | 35864 ||| FLEEEEING.
 35865 | Vaults:4 | 35865 ||| FLEEEEING.
 35866 | Vaults:4 | 35866 ||| FLEEEEING.
 35867 | Vaults:4 | 35867 ||| FLEEEEING.
 35868 | Vaults:4 | 35868 ||| FLEEEEING.
 35869 | Vaults:4 | 35869 ||| FLEEEEING.
 35870 | Vaults:4 | 35870 ||| FLEEEEING.
 35871 | Vaults:4 | 35871 ||| FLEEEEING.
 35872 | Vaults:4 | 35872 ||| FLEEEEING.
 35873 | Vaults:4 | 35873 ||| FLEEEEING.
 35874 | Vaults:4 | 35874 ||| FLEEEEING.
 35875 | Vaults:4 | 35875 ||| FLEEEEING.
 35876 | Vaults:4 | 35876 ||| FLEEEEING.
 35877 | Vaults:4 | 35877 ||| FLEEEEING.
 35878 | Vaults:4 | 35878 ||| FLEEEEING.
 35879 | Vaults:4 | 35879 ||| FLEEEEING.
 35885 | Vaults:4 | 35885 ||| FLEEEEING.
 35886 | Vaults:4 | 35886 ||| FLEEEEING.
 35887 | Vaults:4 | 35887 ||| FLEEEEING.
 35888 | Vaults:4 | 35888 ||| FLEEEEING.
 35889 | Vaults:4 | 35889 ||| FLEEEEING.
 35890 | Vaults:4 | 35890 ||| FLEEEEING.
 35891 | Vaults:4 | 35891 ||| FLEEEEING.
 35892 | Vaults:4 | 35892 ||| FLEEEEING.
 35893 | Vaults:4 | 35893 ||| FLEEEEING.
 35894 | Vaults:4 | 35894 ||| FLEEEEING.
 35895 | Vaults:4 | 35895 ||| FLEEEEING.
 35896 | Vaults:4 | 35896 ||| FLEEEEING.
 35897 | Vaults:4 | 35897 ||| FLEEEEING.
 35898 | Vaults:4 | 35898 ||| FLEEEEING.
 35899 | Vaults:4 | 35899 ||| FLEEEEING.
 35900 | Vaults:4 | 35900 ||| FLEEEEING.
 35901 | Vaults:4 | 35901 ||| FLEEEEING.
 35902 | Vaults:4 | 35902 ||| FLEEEEING.
 35903 | Vaults:4 | 35903 ||| FLEEEEING.
 35904 | Vaults:4 | 35904 ||| FLEEEEING.
 35905 | Vaults:4 | 35905 ||| FLEEEEING.
 35906 | Vaults:4 | 35906 ||| FLEEEEING.
 35907 | Vaults:4 | 35907 ||| FLEEEEING.
 35908 | Vaults:4 | 35908 ||| FLEEEEING.
 35909 | Vaults:4 | 35909 ||| FLEEEEING.
 35910 | Vaults:4 | 35910 ||| FLEEEEING.
 35911 | Vaults:4 | 35911 ||| FLEEEEING.
 35912 | Vaults:4 | 35912 ||| FLEEEEING.
 35913 | Vaults:4 | 35913 ||| FLEEEEING.
 35914 | Vaults:4 | 35914 ||| FLEEEEING.
 35915 | Vaults:4 | 35915 ||| FLEEEEING.
 35916 | Vaults:4 | 35916 ||| FLEEEEING.
 35917 | Vaults:4 | 35917 ||| FLEEEEING.
 35918 | Vaults:4 | 35918 ||| FLEEEEING.
 35919 | Vaults:4 | 35919 ||| FLEEEEING.
 35920 | Vaults:4 | 35920 ||| FLEEEEING.
 35921 | Vaults:4 | 35921 ||| FLEEEEING.
 36113 | Vaults:4 | Identified the +3 pair of boots "Tuteajaro" {rElec Will+}
                  | (Okawaru gifted it to you on level 4 of the Vaults)
 36113 | Vaults:4 | Received a gift from Okawaru
 36341 | Vaults:4 | 36341 ||| UPGRADING to +3 pair of boots "Tuteajaro" {rElec
                  | Will+}.
 36438 | Vaults:4 | 36438 ||| PLANNING SPIDER:4
 36745 | Spider:4 | Entered Level 4 of the Spider Nest
 36746 | Spider:4 | 36746 ||| STAIRDANCE
 36773 | Spider:4 | 36773 ||| STAIRDANCE
 36775 | Spider:3 | 36775 ||| INVOKING Heroism.
 36805 | Spider:4 | 36805 ||| STAIRDANCE
 36817 | Spider:4 | 36817 ||| STAIRDANCE
 36834 | Spider:4 | 36834 ||| Stepping ~*~*~tactically~*~*~ (hiding).
 36836 | Spider:4 | 36836 ||| INVOKING Heroism.
 36846 | Spider:4 | Reached skill level 15 in Armour
 36852 | Spider:4 | Reached XP level 21. HP: 145/155 MP: 17/28
 36876 | Spider:4 | 36876 ||| INVOKING Heroism.
 36928 | Spider:4 | 36928 ||| INVOKING Heroism.
 36970 | Spider:4 | 36970 ||| INVOKING Heroism.
 37020 | Spider:4 | 37020 ||| Stepping ~*~*~tactically~*~*~ (stealth).
 37024 | Spider:4 | 37024 ||| Stepping ~*~*~tactically~*~*~ (stealth).
 37025 | Spider:4 | 37025 ||| Stepping ~*~*~tactically~*~*~ (stealth).
 37026 | Spider:4 | 37026 ||| FLEEEEING.
 37027 | Spider:4 | 37027 ||| FLEEEEING.
 37028 | Spider:4 | 37028 ||| STAIRDANCE
 37155 | Spider:4 | 37155 ||| STAIRDANCE
 37229 | Spider:4 | 37229 ||| READING scroll of enchant armour.
 37229 | Spider:4 | 37229 ||| ENCHANTING +1 cloak.
 37269 | Spider:4 | 37269 ||| Stepping ~*~*~tactically~*~*~ (stealth).
 37270 | Spider:4 | 37270 ||| Stepping ~*~*~tactically~*~*~ (stealth).
 37279 | Spider:4 | 37279 ||| Stepping ~*~*~tactically~*~*~ (hiding).
 37281 | Spider:4 | 37281 ||| INVOKING Heroism.
 37290 | Spider:4 | 37290 ||| Stepping ~*~*~tactically~*~*~ (hiding).
 37292 | Spider:4 | 37292 ||| Stepping ~*~*~tactically~*~*~ (hiding).
 37301 | Spider:4 | 37301 ||| Stepping ~*~*~tactically~*~*~ (hiding).
 37527 | Spider:4 | 37527 ||| Stepping ~*~*~tactically~*~*~ (hiding).
 37560 | Spider:4 | 37560 ||| Stepping ~*~*~tactically~*~*~ (stealth).
 37572 | Spider:4 | 37572 ||| INVOKING Heroism.
 37616 | Spider:4 | Got a gossamer rune of Zot
 37696 | Spider:4 | 37696 ||| FLEEEEING.
 37697 | Spider:4 | 37697 ||| FLEEEEING.
 37698 | Spider:4 | 37698 ||| FLEEEEING.
 37699 | Spider:4 | 37699 ||| FLEEEEING.
 37700 | Spider:4 | 37700 ||| FLEEEEING.
 37701 | Spider:4 | 37701 ||| FLEEEEING.
 37702 | Spider:4 | 37702 ||| FLEEEEING.
 37703 | Spider:4 | 37703 ||| FLEEEEING.
 37704 | Spider:4 | 37704 ||| FLEEEEING.
 37705 | Spider:4 | 37705 ||| FLEEEEING.
 37706 | Spider:4 | 37706 ||| FLEEEEING.
 37707 | Spider:4 | 37707 ||| FLEEEEING.
 37708 | Spider:4 | 37708 ||| FLEEEEING.
 37709 | Spider:4 | 37709 ||| FLEEEEING.
 37710 | Spider:4 | 37710 ||| FLEEEEING.
 37711 | Spider:4 | 37711 ||| FLEEEEING.
 37712 | Spider:4 | 37712 ||| FLEEEEING.
 37713 | Spider:4 | 37713 ||| STAIRDANCE
 37717 | Spider:4 | 37717 ||| STAIRDANCE
 37780 | Spider:4 | 37780 ||| PLANNING DEPTHS
 38119 | Depths:1 | Entered Level 1 of the Depths
 38139 | Depths:1 | 38139 ||| INVOKING Heroism.
 38140 | Depths:1 | 38140 ||| INVOKING Finesse.
 38195 | Depths:1 | Found a gateway to Hell.
 38241 | Depths:1 | 38241 ||| INVOKING Heroism.
 38242 | Depths:1 | 38242 ||| INVOKING Finesse.
 38440 | Depths:1 | 38440 ||| Stepping ~*~*~tactically~*~*~ (stealth).
 38442 | Depths:1 | 38442 ||| INVOKING Heroism.
 38443 | Depths:1 | 38443 ||| Stepping ~*~*~tactically~*~*~ (hiding).
 38447 | Depths:1 | 38447 ||| Stepping ~*~*~tactically~*~*~ (hiding).
 38451 | Depths:1 | 38451 ||| INVOKING Finesse.
 38581 | Depths:1 | 38581 ||| INVOKING Heroism.
 38582 | Depths:1 | 38582 ||| INVOKING Finesse.
 38586 | Depths:1 | Identified the +7 war axe "Fisuqo Erace" {vorpal, rF++ rC+
                  | Int-5 Dex+2} (Okawaru gifted it to you on level 1 of the
                  | Depths)
 38586 | Depths:1 | Received a gift from Okawaru
 38587 | Depths:1 | 38587 ||| READING 14 scrolls of teleportation.
 38679 | Depths:1 | Found a one-way gateway to a ziggurat.
 38688 | Depths:1 | 38688 ||| Stepping ~*~*~tactically~*~*~ (stealth).
 39093 | Depths:1 | Found a one-way gate leading to the halls of Pandemonium.
 39128 | Depths:2 | 39128 ||| STAIRDANCE
 39193 | Depths:2 | 39193 ||| INVOKING Heroism.
 39194 | Depths:2 | 39194 ||| INVOKING Finesse.
 39195 | Depths:2 | 39195 ||| STAIRDANCE
 39272 | Depths:2 | 39272 ||| INVOKING Heroism.
 39273 | Depths:2 | 39273 ||| INVOKING Finesse.
 39279 | Depths:2 | Reached skill level 18 in Armour
 39343 | Depths:2 | 39343 ||| INVOKING Finesse.
 39346 | Depths:2 | 39346 ||| INVOKING Heroism.
 39432 | Depths:2 | 39432 ||| Stepping ~*~*~tactically~*~*~ (hiding).
 39581 | Depths:2 | 39581 ||| INVOKING Finesse.
 39594 | Depths:2 | 39594 ||| INVOKING Heroism.
 39615 | Depths:2 | 39615 ||| Stepping ~*~*~tactically~*~*~ (hiding).
 39619 | Depths:2 | Found an ornate altar of the Wu Jian Council.
 39909 | Depths:2 | Noticed a golden dragon
 39910 | Depths:2 | 39910 ||| INVOKING Heroism.
 39911 | Depths:2 | 39911 ||| INVOKING Finesse.
 39913 | Depths:2 | 39913 ||| Stepping ~*~*~tactically~*~*~ (hiding).
 39927 | Depths:2 | Killed a golden dragon
 39946 | Depths:2 | Identified the +1 crystal plate armour "Biosi" {rElec Will-
                  | Int+10 Slay+3} (Okawaru gifted it to you on level 2 of the
                  | Depths)
 39946 | Depths:2 | Received a gift from Okawaru
 39980 | Depths:2 | 39980 ||| INVOKING Heroism.
 40019 | Depths:2 | 40019 ||| INVOKING Finesse.
 40035 | Depths:2 | Reached XP level 22. HP: 109/163 MP: 15/29
 40043 | Depths:2 | 40043 ||| INVOKING Heroism.
 40114 | Depths:2 | 40114 ||| INVOKING Heroism.
 40171 | Depths:2 | 40171 ||| INVOKING Finesse.
 40174 | Depths:2 | 40174 ||| INVOKING Heroism.
 40220 | Depths:2 | 40220 ||| Stepping ~*~*~tactically~*~*~ (stealth).
 40302 | Depths:2 | 40302 ||| Stepping ~*~*~tactically~*~*~ (stealth).
 40347 | Depths:2 | 40347 ||| FLEEEEING.
 40349 | Depths:2 | 40349 ||| FLEEEEING.
 40379 | Depths:2 | 40379 ||| FLEEEEING.
 40444 | Depths:2 | Noticed a juggernaut
 40445 | Depths:2 | 40445 ||| Stepping ~*~*~tactically~*~*~ (stealth).
 40450 | Depths:2 | 40450 ||| INVOKING Heroism.
 40451 | Depths:2 | 40451 ||| INVOKING Finesse.
 40452 | Depths:2 | 40452 ||| INVOKING Finesse.
 40463 | Depths:2 | Killed a juggernaut
 40543 | Depths:2 | 40543 ||| INVOKING Heroism.
 40544 | Depths:2 | 40544 ||| INVOKING Finesse.
 40604 | Depths:2 | 40604 ||| Stepping ~*~*~tactically~*~*~ (stealth).
 40605 | Depths:2 | 40605 ||| Stepping ~*~*~tactically~*~*~ (stealth).
 40607 | Depths:2 | 40607 ||| Stepping ~*~*~tactically~*~*~ (hiding).
 40611 | Depths:2 | Noticed a golden dragon
 40612 | Depths:2 | 40612 ||| Stepping ~*~*~tactically~*~*~ (hiding).
 40622 | Depths:2 | 40622 ||| INVOKING Heroism.
 40627 | Depths:2 | Killed a golden dragon
 40833 | Depths:2 | Noticed a juggernaut
 40834 | Depths:2 | 40834 ||| Stepping ~*~*~tactically~*~*~ (stealth).
 40835 | Depths:2 | 40835 ||| Stepping ~*~*~tactically~*~*~ (stealth).
 41018 | Depths:2 | Found Yngoheyf's Book Shop.
 41018 | Depths:2 | Found Jeuvo's Jewellery Emporium.
 41020 | Depths:2 | Found Fimim's Jewellery Emporium.
 41026 | Depths:2 | 41026 ||| SHOPLISTING amulet of Huruobemm {Faith Int+3
                  | Slay+5} (965 gold, have 884).
 41026 | Depths:2 | 41026 ||| BUYING ring "Muyx" {rF+ MP+9 Str+2} (496 gold).
 41026 | Depths:2 | Bought the ring "Muyx" {rF+ MP+9 Str+2} for 496 gold pieces
 41030 | Depths:2 | 41030 ||| BUYING ring of resist corrosion (360 gold).
 41030 | Depths:2 | Bought a ring of resist corrosion for 360 gold pieces
 41178 | Depths:2 | 41178 ||| INVOKING Heroism.
 41263 | Depths:2 | 41263 ||| INVOKING Heroism.
 41272 | Depths:2 | Killed a juggernaut
 41414 | Depths:2 | 41414 ||| INVOKING Heroism.
 41694 | Depths:2 | 41694 ||| DROPPING +1 chain mail of fire resistance.
 41695 | Depths:2 | 41695 ||| UPGRADING to +1 crystal plate armour "Biosi"
                  | {rElec Will- Int+10 Slay+3}.
 41705 | Depths:2 | 41705 ||| DROPPING +3 plate armour.
 41706 | Depths:2 | 41706 ||| DROPPING +0 fire dragon scales.
 41707 | Depths:2 | 41707 ||| DROPPING +0 ice dragon scales.
 41708 | Depths:2 | 41708 ||| DROPPING ring of protection from fire.
 41776 | Depths:3 | 41776 ||| PLANNING BAZAAR
 41803 | Depths:3 | Found Bigoj's Antique Armour Shoppe.
 41812 | Depths:3 | 41812 ||| SHOPLISTING pair of embroidered boots (330 gold,
                  | have 75).
 41819 | Depths:3 | 41819 ||| INVOKING Heroism.
 41912 | Depths:3 | Identified the +6 scale mail of Disaster {rPois Str+4}
 41913 | Depths:3 | 41913 ||| INVOKING Heroism.
 42029 | Abyss:2  | Cast into level 2 of the Abyss (tengu warrior)
 42098 | Abyss:2  | 42098 ||| Stepping ~*~*~tactically~*~*~ (stealth).
 42101 | Abyss:2  | 42101 ||| Stepping ~*~*~tactically~*~*~ (stealth).
 42142 | Abyss:2  | 42142 ||| Stepping ~*~*~tactically~*~*~ (hiding).
 42175 | Abyss:2  | 42175 ||| Stepping ~*~*~tactically~*~*~ (stealth).
 42177 | Abyss:2  | 42177 ||| Stepping ~*~*~tactically~*~*~ (stealth).
 42226 | Abyss:2  | 42226 ||| INVOKING Heroism.
 42231 | Abyss:2  | Paralysed by accursed screaming for 2 turns
 42234 | Abyss:2  | Received a gift from Okawaru
 42279 | Abyss:2  | 42279 ||| Stepping ~*~*~tactically~*~*~ (stealth).
 42315 | Abyss:2  | 42315 ||| Stepping ~*~*~tactically~*~*~ (stealth).
 42316 | Abyss:2  | 42316 ||| Stepping ~*~*~tactically~*~*~ (stealth).
 42317 | Abyss:2  | 42317 ||| Stepping ~*~*~tactically~*~*~ (stealth).
 42338 | Abyss:2  | 42338 ||| Stepping ~*~*~tactically~*~*~ (stealth).
 42339 | Abyss:2  | 42339 ||| Stepping ~*~*~tactically~*~*~ (stealth).
 42354 | Abyss:2  | 42354 ||| Stepping ~*~*~tactically~*~*~ (stealth).
 42365 | Abyss:2  | 42365 ||| Stepping ~*~*~tactically~*~*~ (stealth).
 42367 | Abyss:2  | 42367 ||| INVOKING Heroism.
 42368 | Abyss:2  | Gained mutation: Your spells are a little easier to cast,
                  | but a little less powerful. [a neqoxec]
 42374 | Abyss:2  | Gained mutation: Your magical capacity is low. (-10% MP) [a
                  | neqoxec]
 42402 | Abyss:2  | 42402 ||| Stepping ~*~*~tactically~*~*~ (stealth).
 42425 | Abyss:3  | 42425 ||| Stepping ~*~*~tactically~*~*~ (stealth).
 42429 | Abyss:3  | 42429 ||| Stepping ~*~*~tactically~*~*~ (stealth).
 42430 | Abyss:3  | 42430 ||| Stepping ~*~*~tactically~*~*~ (stealth).
 42435 | Abyss:3  | 42435 ||| Stepping ~*~*~tactically~*~*~ (hiding).
 42436 | Abyss:3  | 42436 ||| Stepping ~*~*~tactically~*~*~ (hiding).
 42481 | Abyss:3  | 42481 ||| Stepping ~*~*~tactically~*~*~ (stealth).
 42504 | Abyss:3  | 42504 ||| Stepping ~*~*~tactically~*~*~ (hiding).
 42504 | Abyss:3  | Found a blossoming altar of Fedhas.
 42507 | Abyss:3  | 42507 ||| Stepping ~*~*~tactically~*~*~ (hiding).
 42513 | Abyss:3  | 42513 ||| INVOKING Heroism.
 42545 | Abyss:3  | 42545 ||| INVOKING Heroism.
 42581 | Abyss:3  | 42581 ||| Stepping ~*~*~tactically~*~*~ (stealth).
 42595 | Abyss:3  | 42595 ||| Stepping ~*~*~tactically~*~*~ (stealth).
 42609 | Abyss:3  | 42609 ||| Stepping ~*~*~tactically~*~*~ (stealth).
 42678 | Abyss:3  | 42678 ||| Stepping ~*~*~tactically~*~*~ (stealth).
 42709 | Abyss:3  | 42709 ||| Stepping ~*~*~tactically~*~*~ (hiding).
 42713 | Depths:3 | Escaped the Abyss
 42719 | Depths:3 | 42719 ||| RIP BAZAAR
 42720 | Depths:3 | 42720 ||| PLANNING DEPTHS
 42725 | Depths:3 | 42725 ||| INVOKING Heroism.
 42911 | Depths:3 | Found Nimagan's Magic Scroll Shoppe.
 42919 | Depths:3 | 42919 ||| SHOPLISTING scroll of brand weapon (171 gold,
                  | have 147).
 42919 | Depths:3 | 42919 ||| BUYING scroll of enchant armour (135 gold).
 42919 | Depths:3 | Bought a scroll of enchant armour for 135 gold pieces
 43055 | Depths:3 | 43055 ||| INVOKING Heroism.
 43056 | Depths:3 | 43056 ||| INVOKING Finesse.
 43108 | Depths:3 | Identified the +7 shortbow "Ytsuigia" {vorpal, rF+ MP+9
                  | Str+4}
 43110 | Depths:3 | 43110 ||| INVOKING Heroism.
 43120 | Depths:3 | 43120 ||| Stepping ~*~*~tactically~*~*~ (hiding).
 43121 | Depths:3 | 43121 ||| Stepping ~*~*~tactically~*~*~ (hiding).
 43126 | Depths:3 | Received a gift from Okawaru
 43127 | Depths:3 | 43127 ||| INVOKING Finesse.
 43705 | Depths:3 | Identified the +6 rapier "Hapoaq" {vorpal, rElec Will+
                  | Int+4}
 43833 | Depths:3 | Found Yffo Mapn's Antique Armour Boutique.
 43868 | Depths:3 | 43868 ||| Stepping ~*~*~tactically~*~*~ (hiding).
 44047 | Depths:3 | 44047 ||| INVOKING Heroism.
 44062 | Depths:3 | Reached skill level 21 in Armour
 44077 | Depths:3 | Received a gift from Okawaru
 44492 | Depths:2 | Identified the +7 quarterstaff of Nuov {pain, rElec rC++
                  | Will+}
 44503 | Depths:4 | Entered Level 4 of the Depths
 44504 | Depths:4 | 44504 ||| INVOKING Heroism.
 44505 | Depths:4 | 44505 ||| INVOKING Finesse.
 44506 | Depths:4 | 44506 ||| STAIRDANCE
 44555 | Depths:4 | 44555 ||| STAIRDANCE
 44557 | Depths:3 | 44557 ||| INVOKING Heroism.
 44593 | Depths:4 | 44593 ||| STAIRDANCE
 44632 | Depths:4 | 44632 ||| Stepping ~*~*~tactically~*~*~ (hiding).
 44634 | Depths:4 | 44634 ||| Stepping ~*~*~tactically~*~*~ (hiding).
 44644 | Depths:4 | 44644 ||| INVOKING Heroism.
 44652 | Depths:4 | Received a gift from Okawaru
 44714 | Depths:4 | 44714 ||| Stepping ~*~*~tactically~*~*~ (hiding).
 44718 | Depths:4 | 44718 ||| Stepping ~*~*~tactically~*~*~ (stealth).
 44758 | Depths:4 | 44758 ||| Stepping ~*~*~tactically~*~*~ (hiding).
 44800 | Depths:4 | 44800 ||| Stepping ~*~*~tactically~*~*~ (hiding).
 44801 | Depths:4 | 44801 ||| Stepping ~*~*~tactically~*~*~ (hiding).
 44858 | Depths:4 | Found a stormy altar of Qazlal.
 44877 | Depths:4 | 44877 ||| Stepping ~*~*~tactically~*~*~ (hiding).
 44892 | Depths:4 | 44892 ||| Stepping ~*~*~tactically~*~*~ (hiding).
 44893 | Depths:4 | 44893 ||| Stepping ~*~*~tactically~*~*~ (hiding).
 44911 | Depths:4 | 44911 ||| Stepping ~*~*~tactically~*~*~ (hiding).
 44912 | Depths:4 | 44912 ||| Stepping ~*~*~tactically~*~*~ (hiding).
 44926 | Depths:4 | 44926 ||| Stepping ~*~*~tactically~*~*~ (hiding).
 44927 | Depths:4 | 44927 ||| Stepping ~*~*~tactically~*~*~ (hiding).
 45028 | Depths:4 | Found a gate to the Realm of Zot.
 45028 | Depths:4 | Noticed a golden dragon
 45029 | Depths:4 | 45029 ||| INVOKING Heroism.
 45030 | Depths:4 | 45030 ||| INVOKING Finesse.
 45034 | Depths:4 | Killed a golden dragon
 45035 | Depths:4 | Reached XP level 23. HP: 150/170 MP: 10/27
 45043 | Depths:4 | Received a gift from Okawaru
 45189 | Depths:4 | 45189 ||| INVOKING Heroism.
 45402 | Depths:4 | 45402 ||| Stepping ~*~*~tactically~*~*~ (hiding).
 45425 | Depths:4 | 45425 ||| Stepping ~*~*~tactically~*~*~ (hiding).
 45443 | Depths:4 | 45443 ||| Stepping ~*~*~tactically~*~*~ (hiding).
 45675 | Depths:4 | 45675 ||| FLEEEEING.
 45677 | Depths:4 | 45677 ||| Stepping ~*~*~tactically~*~*~ (hiding).
 45678 | Depths:4 | 45678 ||| Stepping ~*~*~tactically~*~*~ (hiding).
 45842 | Depths:4 | 45842 ||| Stepping ~*~*~tactically~*~*~ (stealth).
 45844 | Depths:4 | 45844 ||| Stepping ~*~*~tactically~*~*~ (hiding).
 45930 | Depths:4 | 45930 ||| Stepping ~*~*~tactically~*~*~ (hiding).
 45952 | Depths:4 | 45952 ||| Stepping ~*~*~tactically~*~*~ (hiding).
 45955 | Depths:4 | 45955 ||| INVOKING Heroism.
 46151 | Depths:4 | 46151 ||| PLANNING VAULTS:5
 46151 | Depths:4 | 46151 ||| DROPPING ring of willpower.
 46436 | Vaults:5 | Entered Level 5 of the Vaults
 46437 | Vaults:5 | 46437 ||| INVOKING Heroism.
 46438 | Vaults:5 | 46438 ||| STAIRDANCE
 46455 | Vaults:5 | 46455 ||| STAIRDANCE
 46492 | Vaults:5 | 46492 ||| STAIRDANCE
 46494 | Vaults:4 | 46494 ||| INVOKING Heroism.
 46495 | Vaults:4 | 46495 ||| INVOKING Finesse.
 46633 | Vaults:5 | 46633 ||| STAIRDANCE
 46652 | Vaults:5 | Noticed a golden dragon
 46653 | Vaults:5 | 46653 ||| INVOKING Heroism.
 46654 | Vaults:5 | 46654 ||| INVOKING Finesse.
 46668 | Vaults:5 | Killed a golden dragon
 46690 | Vaults:5 | Identified the +3 plate armour of Ramunuisuo {Fly Regen+
                  | Str-4 Dex-4} (Okawaru gifted it to you on level 5 of the
                  | Vaults)
 46690 | Vaults:5 | Received a gift from Okawaru
 46692 | Vaults:5 | 46692 ||| STAIRDANCE
 46812 | Vaults:5 | 46812 ||| Stepping ~*~*~tactically~*~*~ (hiding).
 46813 | Vaults:5 | 46813 ||| Stepping ~*~*~tactically~*~*~ (hiding).
 46974 | Vaults:5 | 46974 ||| Stepping ~*~*~tactically~*~*~ (hiding).
 46977 | Vaults:5 | 46977 ||| INVOKING Heroism.
 46978 | Vaults:5 | 46978 ||| INVOKING Finesse.
 46988 | Vaults:5 | 46988 ||| Stepping ~*~*~tactically~*~*~ (hiding).
 46990 | Vaults:5 | 46990 ||| Stepping ~*~*~tactically~*~*~ (hiding).
 47016 | Vaults:5 | 47016 ||| Stepping ~*~*~tactically~*~*~ (hiding).
 47018 | Vaults:5 | Reached skill level 21 in Shields
 47025 | Vaults:5 | 47025 ||| Stepping ~*~*~tactically~*~*~ (stealth).
 47026 | Vaults:5 | 47026 ||| Stepping ~*~*~tactically~*~*~ (stealth).
 47027 | Vaults:5 | 47027 ||| Stepping ~*~*~tactically~*~*~ (stealth).
 47031 | Vaults:5 | 47031 ||| Stepping ~*~*~tactically~*~*~ (stealth).
 47032 | Vaults:5 | 47032 ||| INVOKING Heroism.
 47043 | Vaults:5 | 47043 ||| Stepping ~*~*~tactically~*~*~ (stealth).
 47099 | Vaults:5 | 47099 ||| INVOKING Heroism.
 47124 | Vaults:5 | 47124 ||| Stepping ~*~*~tactically~*~*~ (stealth).
 47133 | Vaults:5 | 47133 ||| Stepping ~*~*~tactically~*~*~ (hiding).
 47138 | Vaults:5 | 47138 ||| INVOKING Finesse.
 47180 | Vaults:5 | 47180 ||| INVOKING Heroism.
 47191 | Vaults:5 | 47191 ||| Stepping ~*~*~tactically~*~*~ (stealth).
 47192 | Vaults:5 | 47192 ||| Stepping ~*~*~tactically~*~*~ (stealth).
 47228 | Vaults:5 | 47228 ||| Stepping ~*~*~tactically~*~*~ (stealth).
 47230 | Vaults:5 | 47230 ||| Stepping ~*~*~tactically~*~*~ (stealth).
 47231 | Vaults:5 | 47231 ||| Stepping ~*~*~tactically~*~*~ (stealth).
 47283 | Vaults:5 | 47283 ||| Stepping ~*~*~tactically~*~*~ (hiding).
 47288 | Vaults:5 | 47288 ||| INVOKING Heroism.
 47410 | Vaults:5 | Got a silver rune of Zot
 47428 | Vaults:5 | Noticed a dread lich
 47429 | Vaults:5 | 47429 ||| INVOKING Heroism.
 47429 | Vaults:5 | Noticed an ancient lich
 47430 | Vaults:5 | 47430 ||| INVOKING Finesse.
 47438 | Vaults:5 | Killed a dread lich
 47439 | Vaults:5 | Reached skill level 21 in Fighting
 47460 | Vaults:5 | Killed an ancient lich
 47515 | Vaults:5 | Noticed an ancient lich
 47516 | Vaults:5 | 47516 ||| Stepping ~*~*~tactically~*~*~ (hiding).
 47519 | Vaults:5 | 47519 ||| INVOKING Heroism.
 47532 | Vaults:5 | Killed an ancient lich
 47542 | Vaults:5 | Noticed an ancient lich
 47553 | Vaults:5 | 47553 ||| FLEEEEING.
 47554 | Vaults:5 | 47554 ||| FLEEEEING.
 47555 | Vaults:5 | 47555 ||| FLEEEEING.
 47556 | Vaults:5 | 47556 ||| FLEEEEING.
 47557 | Vaults:5 | 47557 ||| FLEEEEING.
 47558 | Vaults:5 | 47558 ||| FLEEEEING.
 47559 | Vaults:5 | 47559 ||| FLEEEEING.
 47569 | Vaults:5 | 47569 ||| FLEEEEING.
 47569 | Vaults:5 | Killed an ancient lich
 47570 | Vaults:5 | Reached skill level 12 in Throwing
 47570 | Vaults:5 | 47570 ||| FLEEEEING.
 47571 | Vaults:5 | 47571 ||| FLEEEEING.
 47572 | Vaults:5 | 47572 ||| INVOKING Finesse.
 47586 | Vaults:5 | Reached XP level 24. HP: 76/182 MP: 13/27
 47586 | Vaults:5 | 47586 ||| STAIRDANCE
 47866 | Vaults:5 | 47866 ||| Stepping ~*~*~tactically~*~*~ (stealth).
 47868 | Vaults:5 | 47868 ||| Stepping ~*~*~tactically~*~*~ (hiding).
 47869 | Vaults:5 | 47869 ||| INVOKING Heroism.
 47943 | Vaults:5 | 47943 ||| Stepping ~*~*~tactically~*~*~ (hiding).
 47945 | Vaults:5 | 47945 ||| Stepping ~*~*~tactically~*~*~ (hiding).
 48132 | Vaults:5 | 48132 ||| Stepping ~*~*~tactically~*~*~ (hiding).
 48133 | Vaults:5 | 48133 ||| Stepping ~*~*~tactically~*~*~ (hiding).
 48259 | Vaults:5 | 48259 ||| Stepping ~*~*~tactically~*~*~ (hiding).
 48262 | Vaults:5 | 48262 ||| INVOKING Heroism.
 48296 | Vaults:5 | 48296 ||| Stepping ~*~*~tactically~*~*~ (hiding).
 48298 | Vaults:5 | 48298 ||| INVOKING Finesse.
 48356 | Vaults:5 | 48356 ||| Stepping ~*~*~tactically~*~*~ (hiding).
 48359 | Vaults:5 | 48359 ||| INVOKING Heroism.
 48451 | Vaults:5 | 48451 ||| INVOKING Heroism.
 48457 | Vaults:5 | Received a gift from Okawaru
 48458 | Vaults:5 | 48458 ||| Stepping ~*~*~tactically~*~*~ (hiding).
 48489 | Vaults:5 | 48489 ||| Stepping ~*~*~tactically~*~*~ (hiding).
 48496 | Vaults:5 | 48496 ||| INVOKING Heroism.
 48588 | Vaults:5 | 48588 ||| Stepping ~*~*~tactically~*~*~ (stealth).
 48647 | Vaults:5 | 48647 ||| Stepping ~*~*~tactically~*~*~ (stealth).
 48649 | Vaults:5 | 48649 ||| Stepping ~*~*~tactically~*~*~ (stealth).
 48720 | Vaults:5 | Identified the +6 falchion "Yfoppi" {antimagic, rElec rPois
                  | Will+ Dex-2}
 48870 | Vaults:5 | 48870 ||| INVOKING Heroism.
 48931 | Vaults:5 | 48931 ||| INVOKING Heroism.
 48950 | Vaults:5 | 48950 ||| Stepping ~*~*~tactically~*~*~ (stealth).
 48951 | Vaults:5 | 48951 ||| Stepping ~*~*~tactically~*~*~ (stealth).
 49323 | Vaults:5 | Identified the +12 plate armour of Darkness {Int+5 Stlth-}
 49336 | Vaults:5 | 49336 ||| PLANNING SHOPPING SPREE
 49336 | Vaults:5 | 49336 ||| DROPPING +2 pair of gloves.
 49337 | Vaults:5 | 49337 ||| DROPPING scarf of harm.
 49338 | Vaults:5 | 49338 ||| UPGRADING to +12 plate armour of Darkness {Int+5
                  | Stlth-}.
 49348 | Vaults:5 | 49348 ||| DROPPING +1 crystal plate armour "Biosi" {rElec
                  | Will- Int+10 Slay+3}.
 49565 | Orc:1    | 49565 ||| BUYING scroll of teleportation (36 gold).
 49565 | Orc:1    | Bought a scroll of teleportation for 36 gold pieces
 49606 | Orc:2    | 49606 ||| BUYING scroll of acquirement (884 gold).
 49606 | Orc:2    | Bought a scroll of acquirement for 884 gold pieces
 49606 | Orc:2    | 49606 ||| BUYING scroll of enchant weapon (127 gold).
 49606 | Orc:2    | Bought a scroll of enchant weapon for 127 gold pieces
 49606 | Orc:2    | 49606 ||| READING scroll of acquirement.
 49606 | Orc:2    | 49606 ||| ACQUIRING 760 gold pieces
 49606 | Orc:2    | Acquired 760 gold pieces
 49932 | Depths:3 | 49932 ||| BUYING scroll of brand weapon (171 gold).
 49932 | Depths:3 | Bought a scroll of brand weapon for 171 gold pieces
 50237 | Orc:2    | 50237 ||| BUYING 2 potions of resistance (260 gold).
 50237 | Orc:2    | Bought 2 potions of resistance for 260 gold pieces
 50555 | Depths:3 | 50555 ||| BUYING pair of embroidered boots (330 gold).
 50555 | Depths:3 | Bought a pair of embroidered boots for 330 gold pieces
 50555 | Depths:3 | 50555 ||| DROPPING +2 pair of boots.
 50586 | Depths:2 | 50586 ||| INVOKING Finesse.
 51205 | Depths:2 | 51205 ||| BUYING amulet of Huruobemm {Faith Int+3 Slay+5}
                  | (965 gold).
 51205 | Depths:2 | Bought the amulet of Huruobemm {Faith Int+3 Slay+5} for 965
                  | gold pieces
 51205 | Depths:2 | 51205 ||| UPGRADING to amulet of Huruobemm {Faith Int+3
                  | Slay+5}.
 51215 | Depths:2 | 51215 ||| DROPPING amulet of reflection.
 51216 | Depths:2 | 51216 ||| PLANNING ZOT:1-4
 51308 | Zot:1    | Entered Level 1 of the Realm of Zot
 51318 | Zot:1    | 51318 ||| INVOKING Heroism.
 51330 | Zot:1    | Received a gift from Okawaru
 51511 | Zot:1    | 51511 ||| Stepping ~*~*~tactically~*~*~ (hiding).
 51597 | Zot:1    | Found a large runed translucent door.
 51598 | Zot:1    | Found a large runed translucent door.
 51599 | Zot:1    | Noticed qw's ghost (master GrFi)
 51669 | Zot:1    | 51669 ||| Stepping randomly (disturbance).
 51670 | Zot:1    | 51670 ||| Stepping randomly (disturbance).
 51816 | Zot:1    | 51816 ||| Stepping ~*~*~tactically~*~*~ (hiding).
 51820 | Zot:1    | 51820 ||| INVOKING Heroism.
 51837 | Zot:1    | Received a gift from Okawaru
 51869 | Zot:1    | Noticed a Killer Klown
 51870 | Zot:1    | 51870 ||| INVOKING Finesse.
 51878 | Zot:1    | Killed a Killer Klown
 51878 | Zot:1    | Received a gift from Okawaru
 51887 | Zot:1    | 51887 ||| Stepping ~*~*~tactically~*~*~ (hiding).
 51896 | Zot:1    | 51896 ||| INVOKING Heroism.
 51899 | Zot:1    | 51899 ||| Stepping ~*~*~tactically~*~*~ (hiding).
 51908 | Zot:1    | 51908 ||| Stepping ~*~*~tactically~*~*~ (hiding).
 51909 | Zot:1    | Noticed a Killer Klown
 51916 | Zot:1    | Killed a Killer Klown
 51953 | Zot:1    | 51953 ||| Stepping ~*~*~tactically~*~*~ (hiding).
 51956 | Zot:1    | 51956 ||| INVOKING Heroism.
 52188 | Zot:1    | Identified the +5 short sword "Wecynir" {venom, Str+2
                  | Dex+4}
 52350 | Zot:1    | Received a gift from Okawaru
 52383 | Zot:1    | 52383 ||| READING scroll of acquirement.
 52383 | Zot:1    | 52383 ||| ACQUIRING ring of the Echidna {rC+ Str+5 Int+6
                  | SInv Stlth+}
 52383 | Zot:1    | Acquired the ring of the Echidna {rC+ Str+5 Int+6 SInv
                  | Stlth+}
 52385 | Zot:1    | 52385 ||| DROPPING ring of ice.
 52418 | Zot:1    | 52418 ||| INVOKING Heroism.
 52436 | Zot:1    | Received a gift from Okawaru
 52699 | Zot:1    | 52699 ||| UPGRADING to scarf of resistance.
 53099 | Zot:1    | 53099 ||| UPGRADING to ring of the Echidna {rC+ Str+5 Int+6
                  | SInv Stlth+}.
 53117 | Zot:2    | 53117 ||| Stepping ~*~*~tactically~*~*~ (hiding).
 53122 | Zot:2    | 53122 ||| INVOKING Heroism.
 53135 | Zot:2    | Received a gift from Okawaru
 53137 | Zot:2    | 53137 ||| Stepping ~*~*~tactically~*~*~ (hiding).
 53215 | Zot:2    | 53215 ||| Stepping ~*~*~tactically~*~*~ (stealth).
 53216 | Zot:2    | 53216 ||| Stepping ~*~*~tactically~*~*~ (stealth).
 53228 | Zot:2    | 53228 ||| INVOKING Heroism.
 53231 | Zot:2    | Received a gift from Okawaru
 53252 | Zot:2    | Reached XP level 25. HP: 158/193 MP: 18/27
 53281 | Zot:2    | Received a gift from Okawaru
 53639 | Zot:2    | 53639 ||| FLEEEEING.
 53640 | Zot:2    | 53640 ||| FLEEEEING.
 53641 | Zot:2    | 53641 ||| FLEEEEING.
 53642 | Zot:2    | 53642 ||| FLEEEEING.
 53647 | Zot:2    | 53647 ||| FLEEEEING.
 53649 | Zot:2    | 53649 ||| FLEEEEING.
 53650 | Zot:2    | 53650 ||| Stepping ~*~*~tactically~*~*~ (hiding).
 53808 | Zot:2    | 53808 ||| Stepping randomly (cloudy).
 53812 | Zot:2    | 53812 ||| Stepping ~*~*~tactically~*~*~ (cloud).
 53844 | Zot:2    | 53844 ||| INVOKING Heroism.
 53853 | Zot:2    | 53853 ||| Stepping ~*~*~tactically~*~*~ (cloud).
 54082 | Zot:2    | 54082 ||| INVOKING Heroism.
 54261 | Zot:2    | Reached skill level 24 in Fighting
 54439 | Zot:3    | 54439 ||| Stepping ~*~*~tactically~*~*~ (hiding).
 54440 | Zot:3    | 54440 ||| Stepping ~*~*~tactically~*~*~ (hiding).
 54443 | Zot:3    | 54443 ||| INVOKING Heroism.
 54445 | Zot:3    | Received a gift from Okawaru
 54451 | Zot:3    | 54451 ||| Stepping ~*~*~tactically~*~*~ (hiding).
 54631 | Zot:3    | 54631 ||| FLEEEEING.
 54632 | Zot:3    | 54632 ||| STAIRDANCE
 54734 | Zot:2    | 54734 ||| UPGRADING to +1 tower shield of protection.
 54744 | Zot:2    | 54744 ||| DROPPING +0 tower shield.
 54752 | Zot:3    | 54752 ||| STAIRDANCE
 54783 | Zot:3    | 54783 ||| INVOKING Heroism.
 54799 | Zot:3    | Received a gift from Okawaru
 54816 | Zot:3    | 54816 ||| FLEEEEING.
 54817 | Zot:3    | 54817 ||| FLEEEEING.
 54818 | Zot:3    | 54818 ||| FLEEEEING.
 54819 | Zot:3    | 54819 ||| FLEEEEING.
 54821 | Zot:3    | 54821 ||| STAIRDANCE
 54897 | Zot:3    | 54897 ||| INVOKING Heroism.
 54974 | Zot:3    | 54974 ||| Stepping ~*~*~tactically~*~*~ (stealth).
 54975 | Zot:3    | 54975 ||| Stepping ~*~*~tactically~*~*~ (stealth).
 55003 | Zot:3    | Received a gift from Okawaru
 55049 | Zot:3    | You are sucked into a shaft and drop 1 floor!
 55167 | Zot:4    | Identified the +1 robe of Acitof {rN+ Int+2 Archmagi}
 55171 | Zot:4    | 55171 ||| Stepping ~*~*~tactically~*~*~ (hiding).
 55172 | Zot:4    | 55172 ||| INVOKING Heroism.
 55188 | Zot:4    | 55188 ||| Stepping ~*~*~tactically~*~*~ (hiding).
 55207 | Zot:4    | 55207 ||| Stepping ~*~*~tactically~*~*~ (hiding).
 55208 | Zot:4    | 55208 ||| Stepping ~*~*~tactically~*~*~ (hiding).
 55222 | Zot:4    | 55222 ||| Stepping ~*~*~tactically~*~*~ (hiding).
 55224 | Zot:4    | 55224 ||| INVOKING Heroism.
 55238 | Zot:4    | 55238 ||| Stepping ~*~*~tactically~*~*~ (hiding).
 55344 | Zot:4    | 55344 ||| Stepping ~*~*~tactically~*~*~ (hiding).
 55345 | Zot:4    | 55345 ||| Stepping ~*~*~tactically~*~*~ (hiding).
 55350 | Zot:4    | 55350 ||| INVOKING Heroism.
 55471 | Zot:4    | 55471 ||| INVOKING Heroism.
 55541 | Zot:4    | 55541 ||| DROPPING +2 pair of boots of stealth.
 55551 | Zot:3    | 55551 ||| INVOKING Heroism.
 55750 | Zot:3    | 55750 ||| INVOKING Heroism.
 55786 | Zot:3    | 55786 ||| Stepping ~*~*~tactically~*~*~ (hiding).
 55787 | Zot:3    | 55787 ||| Stepping ~*~*~tactically~*~*~ (hiding).
 55837 | Zot:3    | 55837 ||| Stepping ~*~*~tactically~*~*~ (stealth).
 55842 | Zot:3    | 55842 ||| Stepping ~*~*~tactically~*~*~ (stealth).
 55845 | Zot:3    | 55845 ||| INVOKING Heroism.
 55904 | Zot:3    | 55904 ||| INVOKING Heroism.
 56163 | Zot:4    | 56163 ||| Stepping ~*~*~tactically~*~*~ (hiding).
 56185 | Zot:4    | 56185 ||| INVOKING Heroism.
 56194 | Zot:4    | 56194 ||| Stepping ~*~*~tactically~*~*~ (hiding).
 56310 | Zot:4    | 56310 ||| FLEEEEING.
 56621 | Zot:4    | 56621 ||| Stepping ~*~*~tactically~*~*~ (hiding).
 56668 | Zot:4    | 56668 ||| INVOKING Heroism.
 56711 | Zot:4    | 56711 ||| Stepping ~*~*~tactically~*~*~ (hiding).
 56712 | Zot:4    | 56712 ||| Stepping ~*~*~tactically~*~*~ (hiding).
 56715 | Zot:4    | 56715 ||| INVOKING Heroism.
 56723 | Zot:4    | 56723 ||| Stepping ~*~*~tactically~*~*~ (hiding).
 56854 | Zot:4    | 56854 ||| INVOKING Heroism.
 56863 | Zot:4    | Received a gift from Okawaru
 56867 | Zot:4    | HP: 49/199 [storm dragon (24)]
 56868 | Zot:4    | 56868 ||| READING 18 scrolls of teleportation.
 56869 | Zot:4    | 56869 ||| DRINKING 14 potions of heal wounds.
 56871 | Zot:4    | Reached skill level 15 in Throwing
 56872 | Zot:4    | 56872 ||| DRINKING 13 potions of heal wounds.
 56873 | Zot:4    | HP: 38/199 [black draconian/+0 battleaxe[a green draconian
                  | monk] (15)]
 56874 | Zot:4    | 56874 ||| DRINKING 12 potions of heal wounds.
 57250 | Zot:4    | 57250 ||| Stepping ~*~*~tactically~*~*~ (hiding).
 57252 | Zot:4    | 57252 ||| INVOKING Heroism.
 57255 | Zot:4    | Noticed a Killer Klown
 57256 | Zot:4    | 57256 ||| INVOKING Finesse.
 57276 | Zot:4    | Killed a Killer Klown
 57276 | Zot:4    | Received a gift from Okawaru
 57469 | Zot:4    | 57469 ||| PLANNING THE SHINING ONE WORSHIP
 57469 | Zot:4    | 57469 ||| UPGRADING to +2 cloak.
 57907 | D:15     | Fell from the grace of Okawaru
 57907 | D:15     | Became a worshipper of the Shining One
 57908 | D:15     | 57908 ||| PLANNING CRYPT
 58068 | Crypt:1  | Entered Level 1 of the Crypt
 58126 | Crypt:1  | Reached * piety under the Shining One
 58492 | Crypt:1  | Noticed Grunn
 58503 | Crypt:1  | Killed Grunn
 58505 | Crypt:1  | Reached XP level 26. HP: 176/206 MP: 18/28
 58509 | Crypt:1  | Reached ** piety under the Shining One
 58774 | Crypt:1  | Noticed Donald
 58779 | Crypt:1  | Killed Donald
 58794 | Crypt:1  | Reached *** piety under the Shining One
 58871 | Crypt:1  | Reached skill level 12 in Invocations
 59549 | Crypt:2  | 59549 ||| Stepping ~*~*~tactically~*~*~ (hiding).
 59550 | Crypt:2  | 59550 ||| Stepping ~*~*~tactically~*~*~ (hiding).
 59579 | Crypt:2  | Reached **** piety under the Shining One
 59652 | Crypt:2  | 59652 ||| Stepping ~*~*~tactically~*~*~ (hiding).
 59686 | Crypt:2  | Reached ***** piety under the Shining One
 59702 | Crypt:2  | 59702 ||| Stepping ~*~*~tactically~*~*~ (stealth).
 59728 | Crypt:2  | 59728 ||| Stepping ~*~*~tactically~*~*~ (stealth).
 59731 | Crypt:2  | 59731 ||| Stepping ~*~*~tactically~*~*~ (stealth).
 59735 | Crypt:2  | 59735 ||| Stepping ~*~*~tactically~*~*~ (stealth).
 59810 | Crypt:2  | 59810 ||| Stepping ~*~*~tactically~*~*~ (hiding).
 59814 | Crypt:2  | 59814 ||| Stepping ~*~*~tactically~*~*~ (hiding).
 59850 | Crypt:2  | Reached ****** piety under the Shining One
 59872 | Crypt:2  | 59872 ||| INVOKING Brand Weapon With Holy Wrath.
 59872 | Crypt:2  | Identified a +6 broad axe of holy wrath (a +4 broad axe of
                  | electrocution blessed by the Shining One)
 59872 | Crypt:2  | Received a gift from the Shining One
 60376 | Crypt:2  | 60376 ||| INVOKING Summon Divine Warrior.
 60387 | Crypt:2  | Noticed a royal mummy
 60389 | Crypt:2  | 60389 ||| INVOKING Cleansing Flame.
 60394 | Crypt:2  | 60394 ||| INVOKING Cleansing Flame.
 60395 | Crypt:2  | 60395 ||| INVOKING Cleansing Flame.
 60398 | Crypt:2  | Killed a royal mummy
 60516 | Crypt:2  | Identified the ring "Orebuc" {rCorr EV+4 Int+4}
 60641 | Crypt:2  | 60641 ||| DROPPING ring of resist corrosion.
 60642 | Crypt:2  | 60642 ||| DROPPING +4 ring of protection.
 60688 | Crypt:3  | Entered Level 3 of the Crypt
 60690 | Crypt:3  | 60690 ||| STAIRDANCE
 60770 | Crypt:3  | 60770 ||| STAIRDANCE
 60780 | Crypt:2  | Reached skill level 15 in Invocations
 60812 | Crypt:3  | 60812 ||| STAIRDANCE
 60883 | Crypt:3  | 60883 ||| INVOKING Cleansing Flame.
 60884 | Crypt:3  | 60884 ||| INVOKING Cleansing Flame.
 60885 | Crypt:3  | 60885 ||| INVOKING Cleansing Flame.
 60886 | Crypt:3  | 60886 ||| INVOKING Cleansing Flame.
 60904 | Crypt:3  | 60904 ||| INVOKING Cleansing Flame.
 60908 | Crypt:3  | 60908 ||| INVOKING Cleansing Flame.
 60909 | Crypt:3  | 60909 ||| INVOKING Cleansing Flame.
 60911 | Crypt:3  | 60911 ||| FLEEEEING.
 60912 | Crypt:3  | 60912 ||| FLEEEEING.
 60922 | Crypt:3  | 60922 ||| Stepping ~*~*~tactically~*~*~ (hiding).
 60923 | Crypt:3  | 60923 ||| Stepping ~*~*~tactically~*~*~ (hiding).
 60932 | Crypt:3  | 60932 ||| FLEEEEING.
 61105 | Crypt:3  | Noticed an ancient lich
 61106 | Crypt:3  | 61106 ||| INVOKING Summon Divine Warrior.
 61149 | Crypt:3  | Noticed an ancient lich
 61149 | Crypt:3  | Noticed a dread lich
 61150 | Crypt:3  | 61150 ||| INVOKING Summon Divine Warrior.
 61152 | Crypt:3  | Killed an ancient lich
 61154 | Crypt:3  | 61154 ||| INVOKING Cleansing Flame.
 61156 | Crypt:3  | 61156 ||| INVOKING Cleansing Flame.
 61160 | Crypt:3  | Killed an ancient lich
 61161 | Crypt:3  | 61161 ||| INVOKING Cleansing Flame.
 61162 | Crypt:3  | 61162 ||| INVOKING Cleansing Flame.
 61164 | Crypt:3  | Killed a dread lich
 61232 | Crypt:3  | Identified the +3 leather armour of Amorality {Dex+3}
 61233 | Crypt:3  | Identified the ring "Liputz" {rCorr AC+4 Dex+2 Slay+3
                  | Stlth+}
 61809 | Crypt:3  | Found a staircase to the Tomb.
 61930 | Crypt:3  | 61930 ||| PLANNING TOMB
 61930 | Crypt:3  | 61930 ||| SWAPPING to +6 broad axe of holy wrath.
 61931 | Crypt:3  | 61931 ||| READING 5 scrolls of enchant weapon.
 61931 | Crypt:3  | 61931 ||| ENCHANTING +6 broad axe of holy wrath.
 61932 | Crypt:3  | 61932 ||| READING 4 scrolls of enchant weapon.
 61932 | Crypt:3  | 61932 ||| ENCHANTING +7 broad axe of holy wrath.
 61933 | Crypt:3  | 61933 ||| READING 3 scrolls of enchant weapon.
 61933 | Crypt:3  | 61933 ||| ENCHANTING +8 broad axe of holy wrath.
 61934 | Crypt:3  | 61934 ||| DROPPING amulet of faith.
 61935 | Crypt:3  | 61935 ||| DROPPING ring of protection from cold.
 61936 | Crypt:3  | 61936 ||| UPGRADING to ring "Liputz" {rCorr AC+4 Dex+2
                  | Slay+3 Stlth+}.
 61938 | Crypt:3  | 61938 ||| UPGRADING to scarf of resistance.
 61948 | Crypt:3  | 61948 ||| DROPPING ring "Muyx" {rF+ MP+9 Str+2}.
 61949 | Crypt:3  | 61949 ||| DROPPING ring of resist corrosion.
 61950 | Crypt:3  | 61950 ||| UPGRADING to ring of the Echidna {rC+ Str+5 Int+6
                  | SInv Stlth+}.
 61952 | Crypt:3  | 61952 ||| DROPPING +4 ring of slaying {mikee}.
 62016 | Tomb:1   | Entered Level 1 of the Tomb of the Ancients
 62324 | Tomb:1   | Noticed a royal mummy
 62325 | Tomb:1   | 62325 ||| INVOKING Summon Divine Warrior.
 62329 | Tomb:1   | 62329 ||| INVOKING Cleansing Flame.
 62331 | Tomb:1   | Killed a royal mummy
 62334 | Tomb:1   | 62334 ||| INVOKING Cleansing Flame.
 62335 | Tomb:1   | Reached skill level 18 in Invocations
 62340 | Tomb:1   | 62340 ||| INVOKING Cleansing Flame.
 62359 | Tomb:1   | Reached XP level 27. HP: 166/212 MP: 23/32
 62360 | Tomb:1   | 62360 ||| INVOKING Cleansing Flame.
 62361 | Tomb:1   | 62361 ||| INVOKING Cleansing Flame.
 62361 | Tomb:1   | Noticed a royal mummy
 62362 | Tomb:1   | 62362 ||| INVOKING Cleansing Flame.
 62368 | Tomb:1   | 62368 ||| INVOKING Cleansing Flame.
 62369 | Tomb:1   | 62369 ||| INVOKING Cleansing Flame.
 62370 | Tomb:1   | 62370 ||| DRINKING 3 potions of magic.
 62373 | Tomb:1   | Killed a royal mummy
 62374 | Tomb:1   | 62374 ||| INVOKING Cleansing Flame.
 62395 | Tomb:1   | 62395 ||| INVOKING Cleansing Flame.
 62396 | Tomb:1   | 62396 ||| INVOKING Cleansing Flame.
 63131 | Tomb:2   | 63131 ||| DRINKING 10 potions of haste.
 63132 | Tomb:2   | 63132 ||| DRINKING 4 potions of attraction.
 63133 | Tomb:2   | 63133 ||| INVOKING Cleansing Flame.
 63134 | Tomb:2   | 63134 ||| INVOKING Cleansing Flame.
 63134 | Tomb:2   | Noticed a royal mummy
 63135 | Tomb:2   | 63135 ||| INVOKING Summon Divine Warrior.
 63136 | Tomb:2   | Noticed a royal mummy
 63136 | Tomb:2   | Noticed a royal mummy
 63138 | Tomb:2   | Noticed a royal mummy
 63138 | Tomb:2   | Noticed a royal mummy
 63141 | Tomb:2   | Killed a royal mummy
 63142 | Tomb:2   | Killed a royal mummy
 63145 | Tomb:2   | Killed a royal mummy
 63148 | Tomb:2   | Killed a royal mummy
 63149 | Tomb:2   | Killed a royal mummy
 63162 | Tomb:2   | 63162 ||| INVOKING Cleansing Flame.
 63163 | Tomb:2   | 63163 ||| INVOKING Cleansing Flame.
 63304 | Tomb:2   | 63304 ||| INVOKING Cleansing Flame.
 63305 | Tomb:2   | 63305 ||| INVOKING Cleansing Flame.
 63405 | Tomb:2   | Identified the +10 plate armour of Disguise {Harm rF+}
 63621 | Tomb:2   | Was forgiven by Okawaru
 63848 | Tomb:1   | Noticed a royal mummy
 63848 | Tomb:1   | Noticed a royal mummy
 63849 | Tomb:1   | 63849 ||| INVOKING Summon Divine Warrior.
 63854 | Tomb:1   | Noticed a royal mummy
 63854 | Tomb:1   | Noticed a royal mummy
 63856 | Tomb:1   | Noticed a royal mummy
 63857 | Tomb:1   | Killed a royal mummy
 63858 | Tomb:1   | Noticed a royal mummy
 63859 | Tomb:1   | Killed a royal mummy
 63867 | Tomb:1   | Killed a royal mummy
 63868 | Tomb:1   | Reached skill level 21 in Invocations
 63868 | Tomb:1   | 63868 ||| INVOKING Summon Divine Warrior.
 63870 | Tomb:1   | Killed a royal mummy
 63872 | Tomb:1   | Killed a royal mummy
 63873 | Tomb:1   | 63873 ||| INVOKING Cleansing Flame.
 63874 | Tomb:1   | 63874 ||| INVOKING Cleansing Flame.
 63875 | Tomb:1   | Killed a royal mummy
 64103 | Tomb:1   | Noticed a royal mummy
 64104 | Tomb:1   | 64104 ||| Stepping ~*~*~tactically~*~*~ (stealth).
 64105 | Tomb:1   | 64105 ||| Stepping ~*~*~tactically~*~*~ (stealth).
 64106 | Tomb:1   | 64106 ||| Stepping ~*~*~tactically~*~*~ (stealth).
 64150 | Tomb:1   | 64150 ||| Stepping ~*~*~tactically~*~*~ (hiding).
 64154 | Tomb:1   | 64154 ||| INVOKING Summon Divine Warrior.
 64160 | Tomb:1   | Killed a royal mummy
 64364 | Tomb:1   | Noticed a royal mummy
 64368 | Tomb:1   | 64368 ||| INVOKING Cleansing Flame.
 64369 | Tomb:1   | 64369 ||| INVOKING Cleansing Flame.
 64370 | Tomb:1   | 64370 ||| INVOKING Summon Divine Warrior.
 64374 | Tomb:1   | Killed a royal mummy
 64383 | Tomb:1   | Noticed a royal mummy
 64388 | Tomb:1   | Killed a royal mummy
 64393 | Tomb:1   | Noticed a royal mummy
 64396 | Tomb:1   | 64396 ||| INVOKING Cleansing Flame.
 64397 | Tomb:1   | Killed a royal mummy
 64532 | Tomb:1   | Noticed a royal mummy
 64534 | Tomb:1   | Noticed a royal mummy
 64534 | Tomb:1   | Noticed a royal mummy
 64536 | Tomb:1   | 64536 ||| INVOKING Cleansing Flame.
 64537 | Tomb:1   | 64537 ||| INVOKING Cleansing Flame.
 64537 | Tomb:1   | Killed a royal mummy
 64544 | Tomb:1   | Killed a royal mummy
 64545 | Tomb:1   | 64545 ||| INVOKING Cleansing Flame.
 64545 | Tomb:1   | Killed a royal mummy
 64548 | Tomb:1   | Noticed a royal mummy
 64550 | Tomb:1   | 64550 ||| INVOKING Cleansing Flame.
 64551 | Tomb:1   | 64551 ||| INVOKING Cleansing Flame.
 64552 | Tomb:1   | Killed a royal mummy
 64553 | Tomb:1   | Noticed a royal mummy
 64554 | Tomb:1   | 64554 ||| INVOKING Cleansing Flame.
 64555 | Tomb:1   | 64555 ||| INVOKING Cleansing Flame.
 64556 | Tomb:1   | 64556 ||| INVOKING Cleansing Flame.
 64556 | Tomb:1   | Killed a royal mummy
 64645 | Tomb:1   | Noticed a royal mummy
 64648 | Tomb:1   | 64648 ||| INVOKING Cleansing Flame.
 64649 | Tomb:1   | 64649 ||| INVOKING Cleansing Flame.
 64650 | Tomb:1   | 64650 ||| INVOKING Cleansing Flame.
 64650 | Tomb:1   | Killed a royal mummy
 64666 | Tomb:1   | Noticed a royal mummy
 64667 | Tomb:1   | 64667 ||| DRINKING 2 potions of magic.
 64668 | Tomb:1   | 64668 ||| INVOKING Summon Divine Warrior.
 64671 | Tomb:1   | Killed a royal mummy
 64922 | Tomb:1   | Noticed a royal mummy
 64923 | Tomb:1   | 64923 ||| Stepping ~*~*~tactically~*~*~ (stealth).
 64936 | Tomb:1   | 64936 ||| Stepping ~*~*~tactically~*~*~ (stealth).
 64989 | Tomb:1   | 64989 ||| INVOKING Summon Divine Warrior.
 64992 | Tomb:1   | 64992 ||| INVOKING Cleansing Flame.
 64993 | Tomb:1   | 64993 ||| INVOKING Cleansing Flame.
 64993 | Tomb:1   | Killed a royal mummy
 65455 | Tomb:2   | 65455 ||| INVOKING Cleansing Flame.
 65470 | Tomb:2   | 65470 ||| INVOKING Cleansing Flame.
 65646 | Tomb:3   | Entered Level 3 of the Tomb of the Ancients
 65647 | Tomb:3   | 65647 ||| DRINKING 9 potions of haste.
 65648 | Tomb:3   | 65648 ||| DRINKING 3 potions of attraction.
 65684 | Tomb:3   | Noticed a royal mummy
 65685 | Tomb:3   | 65685 ||| INVOKING Summon Divine Warrior.
 65685 | Tomb:3   | Noticed a royal mummy
 65687 | Tomb:3   | Noticed a royal mummy
 65690 | Tomb:3   | 65690 ||| INVOKING Cleansing Flame.
 65691 | Tomb:3   | 65691 ||| INVOKING Cleansing Flame.
 65692 | Tomb:3   | 65692 ||| INVOKING Cleansing Flame.
 65692 | Tomb:3   | Killed a royal mummy
 65692 | Tomb:3   | Noticed a royal mummy
 65693 | Tomb:3   | Noticed a royal mummy
 65695 | Tomb:3   | 65695 ||| INVOKING Cleansing Flame.
 65696 | Tomb:3   | Noticed a royal mummy
 65696 | Tomb:3   | Killed a royal mummy
 65696 | Tomb:3   | Noticed a dread lich
 65696 | Tomb:3   | Noticed a royal mummy
 65700 | Tomb:3   | 65700 ||| INVOKING Cleansing Flame.
 65700 | Tomb:3   | Killed a royal mummy
 65701 | Tomb:3   | 65701 ||| INVOKING Summon Divine Warrior.
 65702 | Tomb:3   | 65702 ||| INVOKING Cleansing Flame.
 65702 | Tomb:3   | Killed a royal mummy
 65703 | Tomb:3   | 65703 ||| INVOKING Cleansing Flame.
 65704 | Tomb:3   | 65704 ||| INVOKING Cleansing Flame.
 65704 | Tomb:3   | Killed a dread lich
 65704 | Tomb:3   | Killed a royal mummy
 65705 | Tomb:3   | Reached skill level 24 in Invocations
 65705 | Tomb:3   | Killed a royal mummy
 65706 | Tomb:3   | 65706 ||| INVOKING Cleansing Flame.
 65706 | Tomb:3   | Noticed a royal mummy
 65707 | Tomb:3   | 65707 ||| INVOKING Cleansing Flame.
 65720 | Tomb:3   | 65720 ||| INVOKING Summon Divine Warrior.
 65727 | Tomb:3   | 65727 ||| INVOKING Cleansing Flame.
 65728 | Tomb:3   | 65728 ||| INVOKING Cleansing Flame.
 65729 | Tomb:3   | 65729 ||| INVOKING Cleansing Flame.
 65730 | Tomb:3   | 65730 ||| DRINKING potion of magic.
 65731 | Tomb:3   | 65731 ||| INVOKING Cleansing Flame.
 65731 | Tomb:3   | Killed a royal mummy
 65733 | Tomb:3   | 65733 ||| INVOKING Cleansing Flame.
 65733 | Tomb:3   | Killed a royal mummy
 65740 | Tomb:3   | Noticed a royal mummy
 65741 | Tomb:3   | 65741 ||| INVOKING Cleansing Flame.
 65743 | Tomb:3   | Killed a royal mummy
 65883 | Tomb:3   | Found the +5 lochaber axe {reach-cleave, poleaxe Drain}
 65929 | Tomb:3   | Identified the ring of the Invisible Wishes {Will+ Dex+3}
 66031 | Tomb:3   | Got a golden rune of Zot
 66231 | Tomb:3   | 66231 ||| PLANNING PAN
 66231 | Tomb:3   | 66231 ||| DROPPING +2 pair of boots of flying.
 66232 | Tomb:3   | 66232 ||| DROPPING +2 ice dragon scales.
 66233 | Tomb:3   | 66233 ||| DROPPING ring of the Invisible Wishes {Will+
                  | Dex+3}.
 66770 | Pan      | Entered Pandemonium
 66770 | Pan      | Identified the +2 tower shield of Rotten Music {Int+4}
 66770 | Pan      | Found a glowing silver altar of Zin.
 66771 | Pan      | 66771 ||| Stepping ~*~*~tactically~*~*~ (hiding).
 66785 | Pan      | 66785 ||| INVOKING Summon Divine Warrior.
 66800 | Pan      | HP: 52/212 [daeva/divine providence (9)]
 66801 | Pan      | 66801 ||| READING 20 scrolls of teleportation.
 66802 | Pan      | 66802 ||| DRINKING 13 potions of heal wounds.
 67032 | Pan      | 67032 ||| Stepping ~*~*~tactically~*~*~ (stealth).
 67061 | Pan      | 67061 ||| Stepping ~*~*~tactically~*~*~ (stealth).
 67390 | Pan      | 67390 ||| INVOKING Summon Divine Warrior.
 67432 | Pan      | Identified the +6 tower shield "Yqiobus" {Str+7 Stlth+}
 67439 | Pan      | HP: 48/212 [daeva/divine providence (13)]
 67440 | Pan      | 67440 ||| READING 19 scrolls of teleportation.
 67441 | Pan      | 67441 ||| DRINKING 12 potions of heal wounds.
 67444 | Pan      | 67444 ||| READING 18 scrolls of teleportation.
 67444 | Pan      | HP: 36/212 [daeva/divine providence (13)]
 67445 | Pan      | 67445 ||| DRINKING 11 potions of heal wounds.
 67448 | Pan      | 67448 ||| DRINKING 10 potions of heal wounds.
 67472 | Pan      | 67472 ||| INVOKING Summon Divine Warrior.
 67487 | Pan      | HP: 53/212 [daeva/divine providence (11)]
 67488 | Pan      | 67488 ||| READING 17 scrolls of teleportation.
 67489 | Pan      | 67489 ||| DRINKING 9 potions of heal wounds.
 67492 | Pan      | 67492 ||| Stepping ~*~*~tactically~*~*~ (hiding).
 67493 | Pan      | 67493 ||| INVOKING Summon Divine Warrior.
 67539 | Pan      | 67539 ||| INVOKING Summon Divine Warrior.
 67551 | Pan      | HP: 43/212 [daeva/divine providence (16)]
 67552 | Pan      | 67552 ||| READING 16 scrolls of teleportation.
 67553 | Pan      | 67553 ||| DRINKING 8 potions of heal wounds.
 67554 | Pan      | 67554 ||| DRINKING 7 potions of heal wounds.
 67596 | Pan      | 67596 ||| Stepping ~*~*~tactically~*~*~ (stealth).
 67604 | Pan      | 67604 ||| Stepping ~*~*~tactically~*~*~ (stealth).
 67605 | Pan      | 67605 ||| Stepping ~*~*~tactically~*~*~ (stealth).
 67609 | Pan      | 67609 ||| INVOKING Summon Divine Warrior.
 67914 | Pan      | 67914 ||| Stepping ~*~*~tactically~*~*~ (stealth).
 68006 | Pan      | 68006 ||| Stepping ~*~*~tactically~*~*~ (stealth).
 68007 | Pan      | 68007 ||| Stepping ~*~*~tactically~*~*~ (stealth).
 68031 | Pan      | Found a white marble altar of Elyvilon.
 68156 | Pan      | 68156 ||| Stepping ~*~*~tactically~*~*~ (stealth).
 68229 | Pan      | 68229 ||| INVOKING Summon Divine Warrior.
 68419 | Pan      | 68419 ||| Stepping ~*~*~tactically~*~*~ (stealth).
 68432 | Pan      | 68432 ||| INVOKING Summon Divine Warrior.
 68748 | Pan      | 68748 ||| Stepping ~*~*~tactically~*~*~ (hiding).
 69290 | Pan      | 69290 ||| READING 15 scrolls of teleportation.
 69292 | Pan      | HP: 45/212 [daeva/+2 scimitar of holy wrath (12)]
 69293 | Pan      | 69293 ||| DRINKING 6 potions of heal wounds.
 69313 | Pan      | 69313 ||| INVOKING Summon Divine Warrior.
 69324 | Pan      | HP: 40/212 [ophan/bolt of fire (19)]
 69325 | Pan      | 69325 ||| READING 14 scrolls of teleportation.
 69326 | Pan      | 69326 ||| DRINKING 5 potions of heal wounds.
 69359 | Pan      | 69359 ||| INVOKING Summon Divine Warrior.
 69693 | Depths:1 | Escaped Pandemonium
 69695 | Pan      | Entered Pandemonium
 69703 | Pan      | 69703 ||| INVOKING Summon Divine Warrior.
 69706 | Pan      | 69706 ||| INVOKING Cleansing Flame.
 69988 | Pan      | Gained mutation: You sometimes lose your temper in combat.
                  | [a neqoxec]
 69994 | Pan      | 69994 ||| INVOKING Cleansing Flame.
 69995 | Pan      | 69995 ||| INVOKING Cleansing Flame.
 69996 | Pan      | 69996 ||| INVOKING Cleansing Flame.
 70001 | Pan      | Gained mutation: Your magical capacity is very low. (-20%
                  | MP) [a cacodemon]
 70020 | Pan      | 70020 ||| DRINKING 11 potions of mutation.
 70020 | Pan      | Lost mutation: Your magical capacity is very low. (-20% MP)
                  | [potion of mutation]
 70020 | Pan      | Lost mutation: You sometimes lose your temper in combat.
                  | [potion of mutation]
 70020 | Pan      | Gained mutation: Your body sometimes deteriorates upon
                  | taking damage. [potion of mutation]
 70020 | Pan      | Lost mutation: Your skin changes colour to match your
                  | surroundings (Stealth+). [potion of mutation]
 70070 | Pan      | Noticed Utus the pandemonium lord
 70072 | Pan      | 70072 ||| INVOKING Cleansing Flame.
 70078 | Pan      | Killed Utus the pandemonium lord
 70079 | Pan      | Reached skill level 27 in Invocations
 70764 | Pan      | 70764 ||| Stepping ~*~*~tactically~*~*~ (stealth).
 70831 | Pan      | 70831 ||| Stepping ~*~*~tactically~*~*~ (stealth).
 70833 | Pan      | 70833 ||| Stepping ~*~*~tactically~*~*~ (hiding).
 70835 | Pan      | 70835 ||| Stepping ~*~*~tactically~*~*~ (hiding).
 70837 | Pan      | 70837 ||| INVOKING Cleansing Flame.
 70963 | Pan      | Noticed Ciykhawac the pandemonium lord
 70964 | Pan      | 70964 ||| INVOKING Summon Divine Warrior.
 70965 | Pan      | 70965 ||| INVOKING Cleansing Flame.
 70968 | Pan      | Killed Ciykhawac the pandemonium lord
 71030 | Pan      | 71030 ||| Stepping ~*~*~tactically~*~*~ (stealth).
 71032 | Pan      | 71032 ||| Stepping ~*~*~tactically~*~*~ (hiding).
 71033 | Pan      | 71033 ||| Stepping ~*~*~tactically~*~*~ (stealth).
 71037 | Pan      | 71037 ||| Stepping ~*~*~tactically~*~*~ (hiding).
 71047 | Pan      | 71047 ||| Stepping ~*~*~tactically~*~*~ (stealth).
 71056 | Pan      | 71056 ||| Stepping ~*~*~tactically~*~*~ (stealth).
 71058 | Pan      | 71058 ||| Stepping ~*~*~tactically~*~*~ (hiding).
 71062 | Pan      | 71062 ||| INVOKING Summon Divine Warrior.
 71063 | Pan      | 71063 ||| INVOKING Cleansing Flame.
 71090 | Pan      | 71090 ||| Stepping ~*~*~tactically~*~*~ (stealth).
 71097 | Pan      | 71097 ||| Stepping ~*~*~tactically~*~*~ (hiding).
 71424 | Pan      | 71424 ||| Stepping ~*~*~tactically~*~*~ (stealth).
 71426 | Pan      | 71426 ||| Stepping ~*~*~tactically~*~*~ (hiding).
 71427 | Pan      | 71427 ||| Stepping ~*~*~tactically~*~*~ (hiding).
 71438 | Pan      | 71438 ||| Stepping ~*~*~tactically~*~*~ (stealth).
 71440 | Pan      | 71440 ||| Stepping ~*~*~tactically~*~*~ (stealth).
 71442 | Pan      | 71442 ||| Stepping ~*~*~tactically~*~*~ (hiding).
 71444 | Pan      | 71444 ||| Stepping ~*~*~tactically~*~*~ (hiding).
 71544 | Pan      | Noticed Beenwyent the pandemonium lord
 71545 | Pan      | 71545 ||| INVOKING Summon Divine Warrior.
 71547 | Pan      | 71547 ||| DRINKING 12 potions of resistance.
 71549 | Pan      | 71549 ||| READING 14 scrolls of teleportation.
 71552 | Pan      | Killed Beenwyent the pandemonium lord
 71621 | Pan      | 71621 ||| Stepping ~*~*~tactically~*~*~ (stealth).
 71623 | Pan      | 71623 ||| Stepping ~*~*~tactically~*~*~ (hiding).
 71629 | Pan      | 71629 ||| INVOKING Summon Divine Warrior.
 71634 | Pan      | Gained mutation: Your magical capacity is very low. (-20%
                  | MP) [a cacodemon]
 71635 | Pan      | 71635 ||| INVOKING Cleansing Flame.
 71655 | Pan      | 71655 ||| INVOKING Summon Divine Warrior.
 71656 | Pan      | 71656 ||| INVOKING Cleansing Flame.
 71839 | Pan      | 71839 ||| DRINKING 11 potions of resistance.
 71954 | Pan      | 71954 ||| Stepping ~*~*~tactically~*~*~ (hiding).
 71955 | Pan      | 71955 ||| Stepping ~*~*~tactically~*~*~ (hiding).
 72044 | Pan      | 72044 ||| Stepping ~*~*~tactically~*~*~ (stealth).
 72151 | Pan      | 72151 ||| Stepping ~*~*~tactically~*~*~ (stealth).
 72152 | Pan      | 72152 ||| Stepping ~*~*~tactically~*~*~ (hiding).
 72168 | Pan      | 72168 ||| Stepping ~*~*~tactically~*~*~ (hiding).
 72180 | Pan      | Gained mutation: Your magical capacity is extremely low.
                  | (-30% MP) [a cacodemon]
 72322 | Pan      | 72322 ||| Stepping ~*~*~tactically~*~*~ (hiding).
 72325 | Pan      | 72325 ||| INVOKING Cleansing Flame.
 72396 | Pan      | Noticed Oklarari the pandemonium lord
 72397 | Pan      | 72397 ||| INVOKING Summon Divine Warrior.
 72407 | Pan      | Killed Oklarari the pandemonium lord
 72628 | Pan      | 72628 ||| DRINKING 10 potions of resistance.
 72630 | Pan      | 72630 ||| INVOKING Cleansing Flame.
 72631 | Pan      | 72631 ||| INVOKING Cleansing Flame.
 72632 | Pan      | 72632 ||| INVOKING Cleansing Flame.
 73025 | Pan      | Noticed Virgh the pandemonium lord
 73026 | Pan      | 73026 ||| INVOKING Summon Divine Warrior.
 73031 | Pan      | 73031 ||| INVOKING Cleansing Flame.
 73032 | Pan      | 73032 ||| INVOKING Cleansing Flame.
 73038 | Pan      | Killed Virgh the pandemonium lord
 73153 | Pan      | 73153 ||| INVOKING Cleansing Flame.
 73168 | Pan      | Reached skill level 24 in Armour
 73196 | Pan      | Got a demonic rune of Zot
 73237 | Pan      | 73237 ||| Stepping ~*~*~tactically~*~*~ (hiding).
 73413 | Pan      | Noticed Vaffix the pandemonium lord
 73414 | Pan      | 73414 ||| Stepping ~*~*~tactically~*~*~ (stealth).
 73415 | Pan      | 73415 ||| Stepping ~*~*~tactically~*~*~ (stealth).
 73422 | Pan      | 73422 ||| INVOKING Summon Divine Warrior.
 73426 | Pan      | 73426 ||| INVOKING Cleansing Flame.
 73427 | Pan      | Killed Vaffix the pandemonium lord
 73439 | Pan      | Entered the realm of Cerebov.
 73440 | Pan      | 73440 ||| INVOKING Summon Divine Warrior.
 73444 | Pan      | Found the +6 sword of Cerebov {flame}
 73444 | Pan      | Noticed Cerebov
 73445 | Pan      | 73445 ||| DRINKING 10 potions of haste.
 73446 | Pan      | 73446 ||| DRINKING 9 potions of resistance.
 73447 | Pan      | 73447 ||| INVOKING Cleansing Flame.
 73448 | Pan      | 73448 ||| INVOKING Cleansing Flame.
 73449 | Pan      | 73449 ||| INVOKING Cleansing Flame.
 73450 | Pan      | 73450 ||| DRINKING 6 potions of might.
 73452 | Pan      | 73452 ||| Stepping randomly (cloudy).
 73453 | Pan      | 73453 ||| Stepping randomly (cloudy).
 73456 | Pan      | 73456 ||| Stepping randomly (cloudy).
 73465 | Pan      | 73465 ||| INVOKING Cleansing Flame.
 73466 | Pan      | 73466 ||| INVOKING Summon Divine Warrior.
 73479 | Pan      | Killed Cerebov
 73491 | Pan      | Reached skill level 1 in Short Blades
 73501 | Pan      | Got a fiery rune of Zot
 73531 | Pan      | Identified the +1 dagger of Hafefage {protect, rF- rC+
                  | Str+3}
 73694 | Pan      | Identified the +8 bardiche of Wounding {vorpal, *Noise
                  | rElec rF+}
 73773 | Pan      | Reached skill level 3 in Short Blades
 73820 | Pan      | Entered the realm of Gloorx Vloq.
 73844 | Pan      | 73844 ||| Stepping ~*~*~tactically~*~*~ (stealth).
 73855 | Pan      | 73855 ||| Stepping ~*~*~tactically~*~*~ (stealth).
 73856 | Pan      | 73856 ||| Stepping ~*~*~tactically~*~*~ (stealth).
 73857 | Pan      | 73857 ||| Stepping ~*~*~tactically~*~*~ (stealth).
 73859 | Pan      | 73859 ||| Stepping ~*~*~tactically~*~*~ (stealth).
 73860 | Pan      | 73860 ||| Stepping ~*~*~tactically~*~*~ (stealth).
 73926 | Pan      | 73926 ||| Stepping ~*~*~tactically~*~*~ (stealth).
 73931 | Pan      | 73931 ||| INVOKING Cleansing Flame.
 73932 | Pan      | 73932 ||| INVOKING Cleansing Flame.
 73947 | Pan      | Reached skill level 27 in Fighting
 74028 | Pan      | 74028 ||| INVOKING Cleansing Flame.
 74082 | Pan      | Noticed Gloorx Vloq
 74083 | Pan      | 74083 ||| INVOKING Summon Divine Warrior.
 74085 | Pan      | 74085 ||| INVOKING Cleansing Flame.
 74086 | Pan      | 74086 ||| INVOKING Cleansing Flame.
 74092 | Pan      | Killed Gloorx Vloq
 74192 | Pan      | Got a dark rune of Zot
 74364 | Pan      | 74364 ||| Stepping ~*~*~tactically~*~*~ (stealth).
 74372 | Pan      | 74372 ||| Stepping ~*~*~tactically~*~*~ (stealth).
 74373 | Pan      | 74373 ||| DRINKING 8 potions of resistance.
 74374 | Pan      | 74374 ||| INVOKING Summon Divine Warrior.
 74376 | Pan      | 74376 ||| INVOKING Cleansing Flame.
 74395 | Pan      | Noticed Gatez the pandemonium lord
 74398 | Pan      | 74398 ||| INVOKING Summon Divine Warrior.
 74399 | Pan      | 74399 ||| INVOKING Cleansing Flame.
 74401 | Pan      | Killed Gatez the pandemonium lord
 74624 | Pan      | 74624 ||| Stepping ~*~*~tactically~*~*~ (hiding).
 74625 | Pan      | 74625 ||| Stepping ~*~*~tactically~*~*~ (hiding).
 74653 | Pan      | Found an exit through the horrors of the Abyss.
 74767 | Pan      | 74767 ||| Stepping ~*~*~tactically~*~*~ (stealth).
 74768 | Pan      | 74768 ||| Stepping ~*~*~tactically~*~*~ (stealth).
 74913 | Pan      | Gained mutation: You occasionally shout uncontrollably at
                  | your foes. [a cacodemon]
 75252 | Pan      | Entered the realm of Mnoleg.
 75256 | Pan      | Gained mutation: Your body often deteriorates upon taking
                  | damage. [a cacodemon]
 75261 | Pan      | Reached skill level 12 in Dodging
 75265 | Pan      | 75265 ||| DRINKING 10 potions of mutation.
 75265 | Pan      | Lost mutation: Your magical capacity is extremely low.
                  | (-30% MP) [potion of mutation]
 75265 | Pan      | Lost mutation: Your magical capacity is very low. (-20% MP)
                  | [potion of mutation]
 75265 | Pan      | Lost mutation: Your magical capacity is low. (-10% MP)
                  | [potion of mutation]
 75265 | Pan      | Gained mutation: A frigid envelope surrounds you and
                  | freezes all who hurt you. [potion of mutation]
 75266 | Pan      | 75266 ||| DRINKING 9 potions of mutation.
 75266 | Pan      | Lost mutation: Your body often deteriorates upon taking
                  | damage. [potion of mutation]
 75266 | Pan      | Lost mutation: You are robust. (+10% HP) [potion of
                  | mutation]
 75266 | Pan      | Gained mutation: You are clumsy. (Dex -2) [potion of
                  | mutation]
 75266 | Pan      | Gained mutation: You have sharp toenails. [potion of
                  | mutation]
 75339 | Pan      | Gained mutation: You are vulnerable to heat. (rF-) [a
                  | cacodemon]
 75354 | Pan      | Found an exit through the horrors of the Abyss.
 75518 | Pan      | 75518 ||| Stepping ~*~*~tactically~*~*~ (stealth).
 75519 | Pan      | Gained mutation: Your body often deteriorates upon taking
                  | damage. [a neqoxec]
 75520 | Pan      | 75520 ||| Stepping ~*~*~tactically~*~*~ (hiding).
 75524 | Pan      | Gained mutation: You are mostly covered in iridescent
                  | scales. (AC +4) [a neqoxec]
 75525 | Pan      | Gained mutation: You are dopey. (Int -2) [a neqoxec]
 75526 | Pan      | Gained mutation: Armour fits poorly on your strangely
                  | shaped body. [a neqoxec]
 75532 | Pan      | 75532 ||| DRINKING 8 potions of mutation.
 75532 | Pan      | Lost mutation: You are dopey. (Int -2) [potion of mutation]
 75532 | Pan      | Lost mutation: You are mostly covered in iridescent scales.
                  | (AC +4) [potion of mutation]
 75532 | Pan      | Lost mutation: You are clumsy. (Dex -2) [potion of
                  | mutation]
 75533 | Pan      | 75533 ||| DRINKING 7 potions of mutation.
 75533 | Pan      | Lost mutation: A frigid envelope surrounds you and freezes
                  | all who hurt you. [potion of mutation]
 75533 | Pan      | Lost mutation: You occasionally shout uncontrollably at
                  | your foes. [potion of mutation]
 75533 | Pan      | Gained mutation: Your mind is acute. (Int +4, Str/Dex -1)
                  | [potion of mutation]
 75534 | Pan      | 75534 ||| DRINKING 6 potions of mutation.
 75534 | Pan      | Lost mutation: Your body often deteriorates upon taking
                  | damage. [potion of mutation]
 75534 | Pan      | Lost mutation: You are vulnerable to heat. (rF-) [potion of
                  | mutation]
 75534 | Pan      | Gained mutation: You occasionally lose the ability to read
                  | scrolls when taking damage. [potion of mutation]
 75534 | Pan      | Gained mutation: Your mind is very acute. (Int +8, Str/Dex
                  | -2) [potion of mutation]
 75535 | Pan      | 75535 ||| DRINKING 5 potions of mutation.
 75535 | Pan      | Lost mutation: Armour fits poorly on your strangely shaped
                  | body. [potion of mutation]
 75535 | Pan      | Lost mutation: Your mind is very acute. (Int +8, Str/Dex
                  | -2) [potion of mutation]
 75535 | Pan      | Lost mutation: You occasionally lose the ability to read
                  | scrolls when taking damage. [potion of mutation]
 75535 | Pan      | Gained mutation: Your natural rate of healing is unusually
                  | fast. [potion of mutation]
 75560 | Pan      | 75560 ||| Stepping ~*~*~tactically~*~*~ (hiding).
 75639 | Pan      | 75639 ||| Stepping ~*~*~tactically~*~*~ (stealth).
 75708 | Pan      | 75708 ||| Stepping ~*~*~tactically~*~*~ (stealth).
 75754 | Pan      | 75754 ||| Stepping ~*~*~tactically~*~*~ (hiding).
 75762 | Pan      | 75762 ||| Stepping ~*~*~tactically~*~*~ (hiding).
 75768 | Pan      | Gained mutation: Armour fits poorly on your strangely
                  | shaped body. [a neqoxec]
 75871 | Pan      | 75871 ||| DRINKING 4 potions of mutation.
 75871 | Pan      | Lost mutation: Armour fits poorly on your strangely shaped
                  | body. [potion of mutation]
 75871 | Pan      | Lost mutation: You expend magic power (3 MP) to strengthen
                  | your wands. [potion of mutation]
 75871 | Pan      | Gained mutation: Your muscles are strong. (Str +4, Int/Dex
                  | -1) [potion of mutation]
 75871 | Pan      | Gained mutation: You have a pair of small antennae on your
                  | head. [potion of mutation]
 75889 | Pan      | Gained mutation: You are occasionally teleported next to
                  | monsters. [a neqoxec]
 75895 | Pan      | 75895 ||| DRINKING 3 potions of mutation.
 75895 | Pan      | Lost mutation: You have a pair of small antennae on your
                  | head. [potion of mutation]
 75895 | Pan      | Lost mutation: You are partially covered in iridescent
                  | scales. (AC +2) [potion of mutation]
 75895 | Pan      | Lost mutation: Your spells are a little easier to cast, but
                  | a little less powerful. [potion of mutation]
 75895 | Pan      | Gained mutation: You have a pair of small horns on your
                  | head. [potion of mutation]
 75895 | Pan      | Gained mutation: Your flesh is cold resistant. (rC+)
                  | [potion of mutation]
 75896 | Pan      | 75896 ||| DRINKING 2 potions of mutation.
 75896 | Pan      | Lost mutation: Your muscles are strong. (Str +4, Int/Dex
                  | -1) [potion of mutation]
 75896 | Pan      | Lost mutation: Your mind is acute. (Int +4, Str/Dex -1)
                  | [potion of mutation]
 75896 | Pan      | Lost mutation: You have sharp toenails. [potion of
                  | mutation]
 75896 | Pan      | Gained mutation: You possess an exceptional clarity of
                  | mind. [potion of mutation]
 75897 | Pan      | 75897 ||| DRINKING potion of mutation.
 75897 | Pan      | Lost mutation: Your natural rate of healing is unusually
                  | fast. [potion of mutation]
 75897 | Pan      | Lost mutation: You are occasionally teleported next to
                  | monsters. [potion of mutation]
 75897 | Pan      | Gained mutation: You are vulnerable to heat. (rF-) [potion
                  | of mutation]
 75911 | Pan      | 75911 ||| Stepping ~*~*~tactically~*~*~ (stealth).
 75939 | Pan      | 75939 ||| Stepping ~*~*~tactically~*~*~ (stealth).
 75941 | Pan      | 75941 ||| Stepping ~*~*~tactically~*~*~ (hiding).
 75956 | Pan      | Noticed Mnoleg
 75957 | Pan      | 75957 ||| INVOKING Cleansing Flame.
 75958 | Pan      | 75958 ||| INVOKING Cleansing Flame.
 75959 | Pan      | 75959 ||| INVOKING Cleansing Flame.
 75960 | Pan      | 75960 ||| INVOKING Summon Divine Warrior.
 75968 | Pan      | Killed Mnoleg
 75971 | Pan      | Gained mutation: You are clumsy. (Dex -2) [a cacodemon]
 75974 | Pan      | Gained mutation: You are occasionally teleported next to
                  | monsters. [a neqoxec]
 75982 | Pan      | 75982 ||| Stepping ~*~*~tactically~*~*~ (cloud).
 76056 | Pan      | Gained mutation: You are frail. (-10% HP) [a shining eye]
 76057 | Pan      | Gained mutation: You occasionally shout uncontrollably at
                  | your foes. [a shining eye]
 76160 | Pan      | Got a glowing rune of Zot
 76190 | Pan      | Gained mutation: Your spells are a little easier to cast,
                  | but a little less powerful. [a shining eye]
 76244 | Pan      | Found an exit through the horrors of the Abyss.
 76249 | Pan      | 76249 ||| INVOKING Summon Divine Warrior.
 76255 | Pan      | 76255 ||| INVOKING Cleansing Flame.
 76324 | Depths:1 | Escaped Pandemonium
 76325 | Depths:1 | 76325 ||| DROPPING -1 helmet "Dyothrahu" {rElec Will++
                  | Str+2 Int+3}.
 76326 | Depths:1 | 76326 ||| UPGRADING to +2 cloak.
 76336 | Depths:1 | 76336 ||| DROPPING +1 helmet of Pathos {rPois Will+ Int+4}.
 76337 | Depths:1 | 76337 ||| UPGRADING to +1 cloak of willpower.
 76347 | Depths:1 | 76347 ||| UPGRADING to +1 hat.
 76352 | Depths:1 | 76352 ||| READING 3 scrolls of enchant armour.
 76352 | Depths:1 | 76352 ||| ENCHANTING +1 hat.
 76353 | Depths:1 | 76353 ||| READING 2 scrolls of enchant armour.
 76353 | Depths:1 | 76353 ||| ENCHANTING +1 cloak of willpower.
 76354 | Depths:1 | 76354 ||| DROPPING +2 cloak.
 76355 | Depths:1 | 76355 ||| DROPPING ring of fire.
 76357 | Pan      | Entered Pandemonium
 76364 | Pan      | Entered the realm of Lom Lobon.
 76364 | Pan      | Noticed Lom Lobon
 76365 | Pan      | 76365 ||| DRINKING 10 potions of haste.
 76366 | Pan      | 76366 ||| INVOKING Summon Divine Warrior.
 76367 | Pan      | 76367 ||| DRINKING 6 potions of might.
 76368 | Pan      | 76368 ||| Stepping randomly (cloudy).
 76369 | Pan      | 76369 ||| INVOKING Cleansing Flame.
 76370 | Pan      | 76370 ||| INVOKING Cleansing Flame.
 76373 | Pan      | 76373 ||| INVOKING Summon Divine Warrior.
 76380 | Pan      | 76380 ||| INVOKING Summon Divine Warrior.
 76384 | Pan      | Killed Lom Lobon
 76876 | Pan      | 76876 ||| Stepping ~*~*~tactically~*~*~ (cloud).
 76903 | Pan      | 76903 ||| Stepping randomly (cloudy).
 77031 | Pan      | Found an exit through the horrors of the Abyss.
 77358 | Pan      | 77358 ||| Stepping randomly (cloudy).
 77422 | Pan      | 77422 ||| Stepping ~*~*~tactically~*~*~ (cloud).
 77433 | Pan      | 77433 ||| Stepping ~*~*~tactically~*~*~ (cloud).
 77544 | Pan      | Got a magical rune of Zot
 77581 | Pan      | 77581 ||| PLANNING SLIME:5
 77581 | Pan      | 77581 ||| DROPPING +2 pair of gloves.
 77675 | Pan      | 77675 ||| Stepping ~*~*~tactically~*~*~ (stealth).
 77677 | Pan      | Noticed Ithoweth the pandemonium lord
 77678 | Pan      | 77678 ||| Stepping ~*~*~tactically~*~*~ (hiding).
 77685 | Pan      | 77685 ||| INVOKING Summon Divine Warrior.
 77690 | Pan      | Killed Ithoweth the pandemonium lord
 77691 | Pan      | Reached skill level 6 in Short Blades
 77724 | Pan      | Reached skill level 27 in Armour
 77767 | Pan      | Found an exit through the horrors of the Abyss.
 77861 | Pan      | 77861 ||| INVOKING Cleansing Flame.
 77862 | Pan      | 77862 ||| INVOKING Cleansing Flame.
 77991 | Pan      | Gained mutation: You frequently scream uncontrollably at
                  | your foes. [a neqoxec]
 78258 | Depths:1 | Escaped Pandemonium
 78628 | Slime:1  | Entered Level 1 of the Pits of Slime
 78665 | Slime:2  | 78665 ||| READING 15 scrolls of teleportation.
 78666 | Slime:2  | 78666 ||| Stepping randomly (stuck).
 78670 | Slime:2  | 78670 ||| READING 14 scrolls of teleportation.
 78671 | Slime:2  | 78671 ||| Stepping randomly (stuck).
 78672 | Slime:2  | 78672 ||| Stepping randomly (stuck).
 78673 | Slime:2  | 78673 ||| Stepping randomly (stuck).
 78674 | Slime:2  | 78674 ||| READING 13 scrolls of teleportation.
 78675 | Slime:2  | 78675 ||| Stepping randomly (stuck).
 78694 | Slime:2  | Reached skill level 24 in Shields
 78812 | Slime:2  | 78812 ||| INVOKING Summon Divine Warrior.
 78816 | Slime:2  | 78816 ||| READING 12 scrolls of teleportation.
 78817 | Slime:2  | 78817 ||| Stepping randomly (stuck).
 78819 | Slime:2  | 78819 ||| READING 11 scrolls of teleportation.
 78820 | Slime:2  | 78820 ||| Stepping randomly (stuck).
 78820 | Slime:2  | HP: 37/179 [acid (9)]
 78821 | Slime:2  | 78821 ||| Stepping randomly (stuck).
 78822 | Slime:2  | 78822 ||| Stepping randomly (stuck).
 78822 | Slime:2  | HP: 8/179 [acid (15)]
 79390 | Slime:3  | 79390 ||| STAIRDANCE
 79425 | Slime:4  | 79425 ||| STAIRDANCE
 79425 | Slime:4  | Gained mutation: You are very frail. (-20% HP) [a shining
                  | eye]
 79431 | Slime:4  | 79431 ||| STAIRDANCE
 79431 | Slime:4  | Gained mutation: You are weak. (Str -2) [a shining eye]
 79434 | Slime:3  | Gained mutation: Your magical capacity is low. (-10% MP) [a
                  | shining eye]
 79449 | Slime:5  | Entered Level 5 of the Pits of Slime
 79472 | Slime:5  | Noticed the Royal Jelly
 79473 | Slime:5  | 79473 ||| INVOKING Summon Divine Warrior.
 79484 | Slime:5  | HP: 39/159 [acid[the Royal Jelly] (2)]
 79484 | Slime:5  | HP: 15/159 [the Royal Jelly (22)]
 79485 | Slime:5  | 79485 ||| READING 10 scrolls of teleportation.
 79486 | Slime:5  | 79486 ||| DRINKING 5 potions of heal wounds.
 79487 | Slime:5  | 79487 ||| DRINKING 4 potions of heal wounds.
 79505 | Slime:5  | 79505 ||| INVOKING Summon Divine Warrior.
 79517 | Slime:5  | 79517 ||| INVOKING Summon Divine Warrior.
 79518 | Slime:5  | HP: 38/159 [rockslime[the Royal Jelly] (8)]
 79519 | Slime:5  | 79519 ||| READING 9 scrolls of teleportation.
 79519 | Slime:5  | HP: 17/159 [rockslime[the Royal Jelly] (9)]
 79520 | Slime:5  | 79520 ||| DRINKING 3 potions of heal wounds.
 79521 | Slime:5  | 79521 ||| DRINKING 2 potions of heal wounds.
 79523 | Slime:5  | 79523 ||| DRINKING potion of heal wounds.
 79524 | Slime:5  | 79524 ||| READING 8 scrolls of teleportation.
 79525 | Slime:5  | 79525 ||| Stepping randomly (stuck).
 79525 | Slime:5  | HP: 33/159 [acid (12)]
 79526 | Slime:5  | 79526 ||| Stepping randomly (stuck).
 79527 | Slime:5  | 79527 ||| Stepping randomly (stuck).
 79527 | Slime:5  | HP: 11/159 [acid (10)]
 79528 | Slime:5  | 79528 ||| Stepping randomly (stuck).
 79535 | Slime:5  | 79535 ||| READING 7 scrolls of teleportation.
 79539 | Slime:5  | HP: 11/159 [acid (1)]
 79580 | Slime:5  | 79580 ||| READING 6 scrolls of teleportation.
 79583 | Slime:5  | HP: 25/159 [great orb of eyes (2)]
 79586 | Slime:5  | 79586 ||| READING 5 scrolls of teleportation.
 79588 | Slime:5  | HP: 24/159 [acid (2)]
 79593 | Slime:5  | HP: 6/159 [acid (7)]
 79594 | Slime:5  | 79594 ||| READING 4 scrolls of teleportation.
 79594 | Slime:5  | Splashed with acid

Levels and vault maps discovered:
D:1:      lightli_arrival_flooded_house, layout_loops_corners,
          chequers_ecumenical_altar_simple
D:2:      cheibrodos_greedy_goblins, layout_loops_corners, serial_shops, shop,
          kennysheep_generic_room_4
D:3:      layout_loops_ring, minmay_misc_feat_pillars
D:4:      layout_rooms, minmay_temple_entry_gardened_gates, minivault_27,
          hex_medium, guppyfry_early_orc_mine, uniq_edmund, uniq_menkaure
D:5:      layout_rooms, minmay_misc_feat_iff, uniq_crazy_yiuf_cottage,
          uniq_eustachio, uniq_grinder
D:6:      layout_rooms, kennysheep_mini, mainiacjoe_overflow_alcove_1,
          uniq_sigmund
D:7:      layout_rooms, serial_rivers, chequers_serial_rivers_micro_e,
          chequers_serial_rivers_small_3, chequers_serial_rivers_micro_e,
          chequers_serial_rivers_micro_a, chequers_serial_rivers_micro_b,
          chequers_serial_rivers_micro_d, minmay_shop_mayhem
D:8:      layout_cave_pods, overflow_temple_1_default,
          ebering_ghost_funeral_grove, hangedman_abyss_or_decor_lesser_grid,
          uniq_maurice
D:9:      layout_gridville, grunt_lair_entry_orc_guard_hut, grunt_ministairs_7
D:10:     layout_irregular_city, david_orc_1_choice, uniq_nergalle, uniq_erolcha
D:11:     layout_loops_ring, nicolae_shop_sticking_my_neck_out, uniq_lodul,
          uniq_josephine
D:12:     layout_stronghold
D:13:     layout_irregular_city, enter_trove_0
D:14:     layout_irregular_city, skrybe_vaults_entry_preservation, minivault_24
D:15:     gammafunk_enter_depths_forms, layout_gridville, good_gods_mini_temple,
          uniq_nessos
Temple:   compressed_dpeg_triangle_lava_temple
Lair:1:   layout_long_grid, beast_lair_carwin_3
Lair:2:   layout_chaotic_city, gammafunk_ghost_abyssal_escape, uniq_harold
Lair:3:   layout_chaotic_city, minmay_swamp_entry_worms, dummy_spider_entry
Lair:4:   layout_long_grid
Lair:5:   minmay_lair_end_enchanted_forest, layout_layer_cave, slime_entry_1
Swamp:1:  layout_falls_marsh, portal_ice_cave_entry_pillars_three,
          evilmike_swamp_ruin_house_4
Swamp:2:  layout_falls_marsh, evilmike_swamp_ruin_house_1
Swamp:3:  layout_basic_swamp, evilmike_swamp_ruin_house_5, swamp_pool4
Swamp:4:  swamp_basic_johnstein, layout_basic_swamp, nicolae_swamp_big_swirl
Spider:1: layout_chambers, hellmonk_narrow_tunnel, uniq_asterion, uniq_rupert
Spider:2: layout_cave_pods, drop_trap
Spider:3: layout_spider_delve, hangedman_spider_mandibles, uniq_mlioglotl
Spider:4: grunt_spider_rune_island
Slime:1:  cheibrodos_slime_lost_civilization_3, layout_caves
Slime:2:  layout_caves
Slime:3:  layout_caves, nicolae_slime_phagocytosis
Slime:4:  layout_caves
Slime:5
Orc:1:    layout_caves, serial_shops, shop, nicolae_shop_stone,
          nicolae_shop_hallway_stairs, nicolae_shop_statue_plus,
          nicolae_shop_trees, guppyfry_library_mini, uniq_fannar
Orc:2:    grunt_orc_community_town_hall, layout_caves,
          grunt_orc_community_big_house_2, grunt_orc_community_big_house_2,
          grunt_orc_community_house_1, grunt_orc_community_house_3,
          grunt_orc_community_house_3, grunt_orc_community_house_1,
          grunt_orc_community_house_2, basic_altar
Vaults:1: ontoclasm_vaults_idyll, nicolae_vaults_little_squares_2,
          st_octagons_2, ontoclasm_vaults_misaligned, ontoclasm_vaults_gateway,
          nicolae_vaults_little_ls, ontoclasm_vaults_loading_screen,
          hangedman_vaults_maws, vaults_mumra_hex,
          nicolae_vaults_little_squares_5, nicolae_vaults_alarming,
          vaults_dpeg_hooks, layout_vaults_omnigrid, serial_shops,
          nicolae_shop_hallway_plus, uniq_zenata
Vaults:2: vaults_room_guarded_vault, hangedman_vaults_trim,
          minmay_crypt_entry_necro_gods, ontoclasm_vaults_decontamination,
          vaults_room_pools, vaults_mumra_chevron, hangedman_vaults_unwind,
          v_misc_4, v_alt_pattern_5, v_rooms_5, vaults_room_door_hall,
          nicolae_vaults_ring_of_whatevers, ontoclasm_vaults_twist,
          layout_vaults_ring
Vaults:3: vaults_dpeg_ring, nicolae_vaults_big_ls, vaults_mumra_lcd,
          hangedman_vaults_trim, nicolae_vaults_border_crossing,
          grunt_vaults_swirl, v_misc_17, grunt_vaults_focal,
          ontoclasm_vaults_hangar, special_room_vaults [special_room_orc],
          layout_vaults_chaotic_city, uniq_nikola
Vaults:4: st_cross, hangedman_vaults_pinch, vaults_room_large_hall, v_misc_15,
          hangedman_vaults_cutoff, v_misc_3, hangedman_vaults_impose,
          nicolae_vaults_three_branches, nicolae_vaults_yaktaur_gun_rack,
          dpeg_vaults_monster_box, vaults_room_semicircle,
          layout_vaults_omnicross
Vaults:5: serial_shops
Crypt:1:  layout_regular_city, grunt_crypt_arrival_split, uniq_grunn,
          uniq_donald
Crypt:2:  lemuel_minitomb, layout_rooms, grunt_megastairs_3
Crypt:3:  david_glass_crypt, layout_chaotic_city,
          nicolae_tomb_entry_rubble_hallway, amcnicky_mini_corridor_feature,
          st_stairs_4, corner_web_ring
Tomb:1
Tomb:2
Tomb:3
Depths:1: layout_basic, enter_ziggurat_f, minmay_misc_feat_plants, abyss_entry,
          hell_entry, rand_demon_pan_entry_4, dreamdust_wishing_well,
          nicolae_sextant, minmay_misc_feat_alley
Depths:2: minmay_the_grid_triangle_9x9_line_8_mashed
          [minmay_the_grid_triangle_9x9_skeleton,
          minmay_the_grid_triangle_9x9_limited_checkers,
          minmay_the_grid_triangle_9x9_alien,
          minmay_the_grid_triangle_9x9_stretched_checkered,
          minmay_the_grid_triangle_9x9_cache,
          minmay_the_grid_triangle_9x9_empty,
          minmay_the_grid_triangle_9x9_minimal,
          minmay_the_grid_triangle_9x9_prize_insulated], layout_gridlike,
          rand_demon_pan_entry_9, lightli_too_deep,
          nicolae_wu_jian_wuxing_cycle, firewood_loft,
          infiniplex_staircase_door_maze, minmay_shop_grove
Depths:3: four-leaf_vault, layout_cave_shapes, hangedman_coc_ice_floe,
          serial_shops, bzr_entry_road, shop, nicolae_shop_statue_plus, shop,
          nrook_uturn, minmay_room_of_horrors
Depths:4: grunt_x_marks_the_spot, layout_gridlike, abyss_entry, hell_entry,
          nicolae_qazlal_eye_of_the_storm
Zot:1:    cheibrodos_zot_enchanting_chambers, layout_cathedral_of_symmetry,
          ebering_ghost_disaster_area
Zot:2:    layout_gridlike
Zot:3:    layout_gridlike
Zot:4:    layout_gridlike

Skill      XL: |  1  2  3  4  5  6  7  8  9 10 11 12 13 14 15 16 17 18 19 20 21 22 23 24 25 26 27 |
---------------+----------------------------------------------------------------------------------+-----
Axes           | 2 3 4 5 6 7 8 10 11 12 14 15 16 17 18 | 18.8
Fighting       | 4 6 7 8 9 10 11 12 13 15 17 18 19 21 23 25 27 | 27.0
Dodging        | 1 2 3 5 6 7 8 9 12 | 12.0
Armour         | 4 5 6 8 9 10 11 15 18 21 22 27 | 27.0
Shields        | 4 5 6 7 12 14 17 18 19 20 21 22 24 | 24.0
Throwing       | 1 2 4 5 7 8 9 10 11 12 13 15 | 15.0
Invocations    | 3 4 8 10 18 27 | 27.0
Short Blades   | 6 |  6.6

Action                   |  1- 3 |  4- 6 |  7- 9 | 10-12 | 13-15 | 16-18 | 19-21 | 22-24 | 25-27 || total
-------------------------+-------+-------+-------+-------+-------+-------+-------+-------+-------++-------
Melee: War axe           |   112 |    69 |   205 |   306 |   396 |    43 |       |       |       ||  1131
       Broad axe         |       |       |       |       |   572 |   944 |  1095 |  1166 |  2567 ||  6344
       Headbutt          |       |       |       |       |       |       |       |       |   115 ||   115
Throw: Boomerang         |       |       |    16 |    72 |   112 |    21 |       |     3 |   114 ||   338
       Javelin           |       |       |       |    29 |    64 |   132 |   109 |    78 |   291 ||   703
Invok: Heroism           |       |       |     3 |    29 |    44 |    44 |    36 |    49 |    18 ||   223
       Finesse           |       |       |       |     1 |    12 |    14 |    12 |    16 |     1 ||    56
       Cleansing Flame   |       |       |       |       |       |       |       |       |   104 ||   104
       Summon Divine War |       |       |       |       |       |       |       |       |    48 ||    48
       Brand Weapon With |       |       |       |       |       |       |       |       |     1 ||     1
  Use: Scroll            |     7 |     6 |     7 |     5 |    14 |     6 |     2 |     2 |    26 ||    75
       Potion            |     2 |     1 |     1 |       |     1 |     2 |       |       |    44 ||    51
 Stab: Distracted        |       |       |       |       |     1 |     1 |       |     1 |       ||     3
       Paralysed         |       |       |       |       |       |       |       |     1 |       ||     1
       Confused          |       |       |       |       |       |       |       |       |     2 ||     2
Armor: Scale mail        |    69 |     2 |       |       |   176 |   287 |    72 |       |       ||   606
       Ring mail         |       |     8 |       |       |       |       |       |       |       ||     8
       Chain mail        |       |    16 |    20 |       |       |       |       |       |       ||    36
       Plate armour      |       |       |    87 |   165 |    91 |       |   200 |   217 |  1394 ||  2154
       Crystal plate arm |       |       |       |       |       |       |       |   280 |       ||   280
Dodge: Dodged            |    46 |    20 |    65 |   100 |   280 |   272 |   221 |   190 |   682 ||  1876
Block: Buckler           |    25 |    15 |    34 |    57 |    66 |       |       |       |       ||   197
       Kite shield       |       |       |       |       |   249 |       |       |       |       ||   249
       Tower shield      |       |       |       |       |   174 |   924 |   963 |   835 |  2378 ||  5274
       Reflection        |       |       |       |       |       |       |    52 |    48 |       ||   100

Table legend:
 A = Non-vault XP
 B = Vault XP
 C = Vault XP percentage of total XP
 D = Non-vault monster count
 E = Vault monster count
 F = Vault count percentage of total count
                 A         B        C        D         E       F
            +---------+---------+-------+---------+---------+-------
      Total | 1160824 |  906609 |  43.9 |    2055 |    1094 |  34.7
            +---------+---------+-------+---------+---------+-------
        D:1 |      35 |       0 |   0.0 |      20 |       0 |   0.0
        D:2 |      33 |      22 |  40.0 |      12 |      11 |  47.8
        D:3 |      76 |     153 |  66.8 |      21 |       1 |   4.5
        D:4 |     378 |     391 |  50.8 |      22 |       8 |  26.7
        D:5 |     616 |     463 |  42.9 |      20 |       2 |   9.1
        D:6 |    1026 |     243 |  19.1 |      17 |       1 |   5.6
        D:7 |     858 |       0 |   0.0 |      26 |       0 |   0.0
        D:8 |    1552 |     547 |  26.1 |      30 |       8 |  21.1
        D:9 |    3735 |    1203 |  24.4 |      25 |       7 |  21.9
       D:10 |    2359 |    2480 |  51.3 |      27 |      11 |  28.9
       D:11 |    5991 |    3307 |  35.6 |      16 |      13 |  44.8
       D:12 |    5580 |       0 |   0.0 |      22 |       0 |   0.0
       D:13 |    7850 |       0 |   0.0 |      21 |       0 |   0.0
       D:14 |    4496 |    4224 |  48.4 |      17 |       9 |  34.6
       D:15 |    8376 |    7405 |  46.9 |      21 |       9 |  30.0
     Lair:1 |    1582 |    1078 |  40.5 |       7 |       4 |  36.4
     Lair:2 |    1074 |     878 |  45.0 |       6 |       1 |  14.3
     Lair:3 |    6592 |     424 |   6.0 |      23 |       2 |   8.0
     Lair:4 |   10611 |       0 |   0.0 |      27 |       0 |   0.0
     Lair:5 |    8358 |    9285 |  52.6 |      27 |      50 |  64.9
    Swamp:1 |   14355 |       0 |   0.0 |      29 |       0 |   0.0
    Swamp:2 |   10400 |       0 |   0.0 |      18 |       0 |   0.0
    Swamp:3 |   14255 |       0 |   0.0 |      24 |       0 |   0.0
    Swamp:4 |   10125 |   16980 |  62.6 |      20 |      27 |  57.4
   Spider:1 |   20297 |    6117 |  23.2 |      56 |       7 |  11.1
   Spider:2 |   30136 |    1823 |   5.7 |      76 |       1 |   1.3
   Spider:3 |    4927 |       0 |   0.0 |      11 |       0 |   0.0
   Spider:4 |   16993 |   16624 |  49.5 |      44 |      33 |  42.9
    Slime:1 |    2404 |       0 |   0.0 |       2 |       0 |   0.0
    Slime:2 |   13368 |       0 |   0.0 |      30 |       0 |   0.0
    Slime:3 |    2972 |       0 |   0.0 |      10 |       0 |   0.0
    Slime:4 |    1588 |       0 |   0.0 |       5 |       0 |   0.0
    Slime:5 |    5361 |   12484 |  70.0 |       9 |      10 |  52.6
      Orc:1 |    7072 |    1038 |  12.8 |      60 |       8 |  11.8
      Orc:2 |    4342 |    6068 |  58.3 |      36 |      68 |  65.4
   Vaults:1 |   31198 |   25405 |  44.9 |      49 |      32 |  39.5
   Vaults:2 |   32693 |   31012 |  48.7 |      47 |      43 |  47.8
   Vaults:3 |   38468 |   28579 |  42.6 |      55 |      47 |  46.1
   Vaults:4 |   26601 |   42153 |  61.3 |      37 |      50 |  57.5
   Vaults:5 |   21940 |  106418 |  82.9 |      30 |      83 |  73.5
    Crypt:1 |   19808 |    7107 |  26.4 |      29 |       4 |  12.1
    Crypt:2 |   32687 |   23736 |  42.1 |      48 |      32 |  40.0
    Crypt:3 |   21702 |   29558 |  57.7 |      36 |      17 |  32.1
     Tomb:1 |    9003 |   99204 |  91.7 |      30 |      73 |  70.9
     Tomb:2 |   12528 |   52182 |  80.6 |      38 |      63 |  62.4
     Tomb:3 |   20602 |   61364 |  74.9 |      27 |      59 |  68.6
   Depths:1 |   32409 |       0 |   0.0 |      36 |       0 |   0.0
   Depths:2 |   45265 |   33829 |  42.8 |      53 |      31 |  36.9
   Depths:3 |   17515 |   21944 |  55.6 |      21 |      31 |  59.6
   Depths:4 |   18189 |   18187 |  50.0 |      22 |      16 |  42.1
      Zot:1 |   34281 |   34512 |  50.2 |      31 |      27 |  46.6
      Zot:2 |   41951 |       0 |   0.0 |      39 |       0 |   0.0
      Zot:3 |   48718 |       0 |   0.0 |      40 |       0 |   0.0
      Zot:4 |   58220 |       0 |   0.0 |      44 |       0 |   0.0
    Abyss:2 |    9875 |       0 |   0.0 |      27 |       0 |   0.0
    Abyss:3 |   11164 |    1858 |  14.3 |      21 |       1 |   4.5
        Pan |  346234 |  196324 |  36.2 |     458 |     194 |  29.8
            +---------+---------+-------+---------+---------+-------
